Workbook

Sheet Расчет субсидий
B1: Распределение субсидий местным бюджетам для софинансирования расходных обязательств по вопросам местного значения, предоставляемых с учетом выполнения показателей социально-экономического развития
A2: За I полугодие 2019 года
A3: Наименование муниципального образования | B3: Объем налоговых и неналоговых поступлений в местный бюджет (консолидированный бюджет городского округа с внутригородским делением, консолидированный бюджет муниципального района), за исключением поступлений доходов от уплаты акцизов и доходов от продажи материальных и нематериальных активов (тыс.рублей) | F3: Отсутствие просроченной кредиторской задолженности местного бюджета (консолидированного бюджета городского округа с внутригородским делением, консолидированного бюджета муниципального района) по состоянию на конец отчетного периода | H3: Объем алкогольной продукции, зафиксированный в единой государственной автоматизированной информационной системе (дкл.) | L3: Эффективность муниципального земельного контроля (единиц) | P3: Уровень задолженности предприятий жилищно-коммунального хозяйства за ранее потребленные топливно-энергетические ресурсы по состоянию на конец отчетного периода (млн. рублей) | T3: Сводная оценка выполнения социально-экономических показателей | U3: Годовое значение, тыс. рублей | V3: План распределения за период, тыс. рублей | W3: Распределение за отчетный период, тыс. рублей | X3: Отклонение от планируемого распределения, тыс. рублей | Y3: Ранее предоставленные субсидии, тыс. рублей | AF3: Удержано субсидий за март-май 2019 года в связи с исполнением показателей за 2018 год, тыс. рублей | AG3: Распределение за отчётный период за вычетом предоставлен-ных субсидий за январь-май 2019 года, тыс. рублей | AH3: Соблюдение условий предоставления субсидий*: | AM3: Распределение за отчётный период с учетом выполнения условий предоставления субсидий, тыс. рублей | AN3: Ежемесячное удержание субсидий в связи с исполнением показателей за 2018 год, тыс. рублей | AO3: Распределение за отчётный период с учетом выполнения условий предоставления субсидий и удержания, тыс. рублей | AP3: Предоставлено субсидий за I полугодие без учета выполнения показателей "Эффективность муниципального земельного контроля" и "Уровень задолженности предприятий жилищно-коммунального хозяйства за ранее потребленные топливно-энергетические ресурсы по состоянию на конец отчетного периода", тыс. рублей | AQ3: Корректировка распределения стимулирующих субсидий за I полугодие 2019 года, тыс. рублей
Y4: Авансирование (распоряжение МУФ СО от 23.01.2019 № 01-08/4) | Z4: За январь | AA4: За февраль | AB4: За март | AC4: За апрель | AD4: Авансирование (распоряжение МУФ СО от 19.06.2019 № 01-08/22) | AE4: За май | AH4: Соблюдение норматива формирования расходов на содержание органов местного самоуправления | AI4: для муниципальных районов и городских округов (городских округов с внутригородским делением) | AK4: для всех поселений | AL4: для всех муниципальных образований
AI5: доля дотаций на выравнивание бюджетной обеспеченности в доходах бюджета (без учета субвенций) за 2018 год > 20 % | AJ5: муниципальный долг на 01.07.2019 > 90% от утвержденного общего годового объема доходов без учета утвержденного объема безвозмездных поступлений | AL5: неувеличение объема муниципального долга в части кредитов кредитных организаций в январе-июне 2019 года
B6: Прогнозное значение | C6: Фактически сложившийся уровень | D6: Исполнение с уч. корректир. макс. перевыполнения | E6: Вес | F6: Исполнение | G6: Вес | H6: Прогнозное значение | I6: Фактически сложившийся уровень | J6: Исполнение с уч. корректир. макс. перевыполнения | K6: Вес | L6: Прогнозное значение | M6: Фактически сложившийся уровень | N6: Исполнение с уч. корректир. макс. перевыполнения | O6: Вес | P6: Прогнозное значение | Q6: Фактически сложившийся уровень | R6: Исполнение с уч. корректир. макс. перевыполнения | S6: Вес | AI6: непривлечение кредитов кредитных организаций в январе-июне 2019 года
A7: 1 | B7: 2 | C7: 3 | D7: 4=3/2 | E7: 5 | F7: 6 | G7: 7 | H7: 8 | I7: 9 | J7: 10=9/8 | K7: 11 | L7: 12 | M7: 13 | N7: 14=13/12 | O7: 15 | P7: 16 | Q7: 17 | R7: 18=16/17 | S7: 19 | T7: 20 | U7: 21 | V7: 22=21/11м*6м | W7: 23=20*22 | X7: 24=23-22 | Y7: 25 | Z7: 26 | AA7: 27 | AB7: 28 | AC7: 29 | AD7: 30 | AE7: 31 | AF7: 32 | AG7: 33=23-(25+…+32) | AH7: 34 | AI7: 35 | AJ7: 36 | AK7: 37 | AL7: 38 | AM7: 39 | AN7: 40 | AO7: 41=39-40 | AP7: 37 | AQ7: 38=36-37
A8: Городские округа (городской округ с внутригородским делением) | B8: =SUM(B9:B18) -> 12468164 | C8: =SUM(C9:C18) -> 11788891 | D8: =IF(C8/B8>1.2,IF((C8/B8-1.2)*0.1+1.2>1.3,1.3,(C8/B8-1.2)*0.1+1.2),C8/B8) -> 0.94551944 | H8: =SUM(H9:H18) -> 715444 | I8: =SUM(I9:I18) -> 728504.36 | J8: =IF(I8/H8>1.2,IF((I8/H8-1.2)*0.1+1.2>1.3,1.3,(I8/H8-1.2)*0.1+1.2),I8/H8) -> 1.0182549 | L8: =SUM(L9:L18) -> 42463 | M8: =SUM(M9:M18) -> 53137 | N8: =IF(M8/L8>1.2,IF((M8/L8-1.2)*0.1+1.2>1.3,1.3,(M8/L8-1.2)*0.1+1.2),M8/L8) -> 1.2051372 | P8: =SUM(P9:P18) -> 3959.4 | Q8: =SUM(Q9:Q18) -> 3872.1 | R8: =IF(P8/Q8>1.2,IF((P8/Q8-1.2)*0.1+1.2>1.3,1.3,(P8/Q8-1.2)*0.1+1.2),P8/Q8) -> 1.0225459 | U8: =SUM(U9:U18) -> 1812100 | V8: =SUM(V9:V18) -> 988418.18 | W8: =SUM(W9:W18) -> 1030190.7 | X8: =SUM(X9:X18) -> 41772.518 | Y8: =SUM(Y9:Y18) -> 0 | Z8: =SUM(Z9:Z18) -> 152874.7 | AA8: =SUM(AA9:AA18) -> 152227.2 | AB8: =SUM(AB9:AB18) -> 166414.7 | ... AG8: =SUM(AG9:AG18) -> 191410 | AM8: =SUM(AM9:AM18) -> 191410 | AN8: =SUM(AN9:AN18) -> 0 | AO8: =SUM(AO9:AO18) -> 191410 | AP8: =SUM(AP9:AP18) -> 133039.2 | AQ8: =SUM(AQ9:AQ18) -> 58370.8
A9: Самара | B9: 7228655.1 | C9: 6804185.2 | D9: =IF(E9=0,0,IF(B9=0,1,IF(C9<0,0,IF(C9/B9>1.2,IF((C9/B9-1.2)*0.1+1.2>1.3,1.3,(C9/B9-1.2)*0.1+1.2),C9/B9)))) -> 0.94127955 | E9: 20 | F9: 1 | G9: 15 | H9: 382704 | I9: 391577.86 | J9: =IF(K9=0,0,IF(H9=0,1,IF(I9<0,0,IF(I9/H9>1.2,IF((I9/H9-1.2)*0.1+1.2>1.3,1.3,(I9/H9-1.2)*0.1+1.2),I9/H9)))) -> 1.0231873 | K9: 15 | L9: 5034 | M9: 9108 | N9: =IF(O9=0,0,IF(L9=0,1,IF(M9<0,0,IF(M9/L9>1.2,IF((M9/L9-1.2)*0.1+1.2>1.3,1.3,(M9/L9-1.2)*0.1+1.2),M9/L9)))) -> 1.2609297 | O9: 20 | P9: 1631.3 | Q9: 1422.8 | R9: =IF(S9=0,0,IF(Q9=0,1.3,IF(Q9<0,0,IF(P9/Q9>1.2,IF((P9/Q9-1.2)*0.1+1.2>1.3,1.3,(P9/Q9-1.2)*0.1+1.2),P9/Q9)))) -> 1.146542 | S9: 15 | T9: =(D9*E9+F9*G9+J9*K9+N9*O9+R9*S9)/(E9+G9+K9+O9+S9) -> 1.0775309 | U9: 296098 | V9: =U9/11*6 -> 161508 | W9: =ROUND(T9*V9,1) -> 174029.9 | X9: =W9-V9 -> 12521.9 | Z9: 25174.8 | AA9: 26268.6 | AB9: 29461.4 | AC9: 31975.9 | AE9: 24790.5 | AF9: 1708.3 | AG9: =ROUND(W9-SUM(Y9:AF9),1) -> 34650.4 | AM9: =IF(OR(AG9<0,AH9="+",AI9="+",AJ9="+",AK9="+",AL9="+"),0,AG9) -> 34650.4 | AO9: =ROUND(AM9-AN9,1) -> 34650.4 | AP9: 19458.4 | AQ9: =ROUND(AO9-AP9,1) -> 15192
A10: Тольятти | B10: 3070817.9 | C10: 2914733.7 | D10: =IF(E10=0,0,IF(B10=0,1,IF(C10<0,0,IF(C10/B10>1.2,IF((C10/B10-1.2)*0.1+1.2>1.3,1.3,(C10/B10-1.2)*0.1+1.2),C10/B10)))) -> 0.94917178 | E10: 20 | F10: 1 | G10: 15 | H10: 164356 | I10: 167273.7 | J10: =IF(K10=0,0,IF(H10=0,1,IF(I10<0,0,IF(I10/H10>1.2,IF((I10/H10-1.2)*0.1+1.2>1.3,1.3,(I10/H10-1.2)*0.1+1.2),I10/H10)))) -> 1.0177523 | K10: 15 | L10: 9337 | M10: 11063 | N10: =IF(O10=0,0,IF(L10=0,1,IF(M10<0,0,IF(M10/L10>1.2,IF((M10/L10-1.2)*0.1+1.2>1.3,1.3,(M10/L10-1.2)*0.1+1.2),M10/L10)))) -> 1.1848559 | O10: 20 | P10: 619.6 | Q10: 377.9 | R10: =IF(S10=0,0,IF(Q10=0,1.3,IF(Q10<0,0,IF(P10/Q10>1.2,IF((P10/Q10-1.2)*0.1+1.2>1.3,1.3,(P10/Q10-1.2)*0.1+1.2),P10/Q10)))) -> 1.2439587 | S10: 15 | T10: =(D10*E10+F10*G10+J10*K10+N10*O10+R10*S10)/(E10+G10+K10+O10+S10) -> 1.0777202 | U10: 712744 | V10: =U10/11*6 -> 388769.45 | W10: =ROUND(T10*V10,1) -> 418984.7 | X10: =W10-V10 -> 30215.245 | Z10: 55175 | AA10: 55079.3 | AB10: 72825.2 | AC10: 92364.6 | AE10: 66494.3 | AG10: =ROUND(W10-SUM(Y10:AF10),1) -> 77046.3 | AM10: =IF(OR(AG10<0,AH10="+",AI10="+",AJ10="+",AK10="+",AL10="+"),0,AG10) -> 77046.3 | AO10: =ROUND(AM10-AN10,1) -> 77046.3 | AP10: 40997.3 | AQ10: =ROUND(AO10-AP10,1) -> 36049
A11: Сызрань | B11: 637828.8 | C11: 592400.7 | D11: =IF(E11=0,0,IF(B11=0,1,IF(C11<0,0,IF(C11/B11>1.2,IF((C11/B11-1.2)*0.1+1.2>1.3,1.3,(C11/B11-1.2)*0.1+1.2),C11/B11)))) -> 0.92877697 | E11: 20 | F11: 1 | G11: 15 | H11: 53919 | I11: 52748.6 | J11: =IF(K11=0,0,IF(H11=0,1,IF(I11<0,0,IF(I11/H11>1.2,IF((I11/H11-1.2)*0.1+1.2>1.3,1.3,(I11/H11-1.2)*0.1+1.2),I11/H11)))) -> 0.97829337 | K11: 15 | L11: 4669 | M11: 5394 | N11: =IF(O11=0,0,IF(L11=0,1,IF(M11<0,0,IF(M11/L11>1.2,IF((M11/L11-1.2)*0.1+1.2>1.3,1.3,(M11/L11-1.2)*0.1+1.2),M11/L11)))) -> 1.1552795 | O11: 20 | P11: 1027.1 | Q11: 1405.1 | R11: =IF(S11=0,0,IF(Q11=0,1.3,IF(Q11<0,0,IF(P11/Q11>1.2,IF((P11/Q11-1.2)*0.1+1.2>1.3,1.3,(P11/Q11-1.2)*0.1+1.2),P11/Q11)))) -> 0.73098 | S11: 15 | T11: =(D11*E11+F11*G11+J11*K11+N11*O11+R11*S11)/(E11+G11+K11+O11+S11) -> 0.96847329 | U11: 167666 | V11: =U11/11*6 -> 91454.182 | W11: =ROUND(T11*V11,1) -> 88570.9 | X11: =W11-V11 -> -2883.2818 | Z11: 14092 | AA11: 15633.9 | AB11: 4420.1 | AC11: 10966.7 | AE11: 12429.7 | AF11: 16395.6 | AG11: =ROUND(W11-SUM(Y11:AF11),1) -> 14632.9 | AM11: =IF(OR(AG11<0,AH11="+",AI11="+",AJ11="+",AK11="+",AL11="+"),0,AG11) -> 14632.9 | AO11: =ROUND(AM11-AN11,1) -> 14632.9 | AP11: 14315.2 | AQ11: =ROUND(AO11-AP11,1) -> 317.7
A12: Новокуйбышевск | B12: 579595.7 | C12: 605957 | D12: =IF(E12=0,0,IF(B12=0,1,IF(C12<0,0,IF(C12/B12>1.2,IF((C12/B12-1.2)*0.1+1.2>1.3,1.3,(C12/B12-1.2)*0.1+1.2),C12/B12)))) -> 1.0454822 | E12: 20 | F12: 1 | G12: 15 | H12: 35567 | I12: 35406.9 | J12: =IF(K12=0,0,IF(H12=0,1,IF(I12<0,0,IF(I12/H12>1.2,IF((I12/H12-1.2)*0.1+1.2>1.3,1.3,(I12/H12-1.2)*0.1+1.2),I12/H12)))) -> 0.99549864 | K12: 15 | L12: 3613 | M12: 4178 | N12: =IF(O12=0,0,IF(L12=0,1,IF(M12<0,0,IF(M12/L12>1.2,IF((M12/L12-1.2)*0.1+1.2>1.3,1.3,(M12/L12-1.2)*0.1+1.2),M12/L12)))) -> 1.1563797 | O12: 20 | P12: 253.2 | Q12: 235.3 | R12: =IF(S12=0,0,IF(Q12=0,1.3,IF(Q12<0,0,IF(P12/Q12>1.2,IF((P12/Q12-1.2)*0.1+1.2>1.3,1.3,(P12/Q12-1.2)*0.1+1.2),P12/Q12)))) -> 1.0760731 | S12: 15 | T12: =(D12*E12+F12*G12+J12*K12+N12*O12+R12*S12)/(E12+G12+K12+O12+S12) -> 1.0601272 | U12: 72029 | V12: =U12/11*6 -> 39288.545 | W12: =ROUND(T12*V12,1) -> 41650.9 | X12: =W12-V12 -> 2362.3545 | Z12: 7303.6 | AA12: 6389.4 | AB12: 7588.6 | AC12: 0 | AE12: 6062 | AG12: =ROUND(W12-SUM(Y12:AF12),1) -> 14307.3 | AM12: =IF(OR(AG12<0,AH12="+",AI12="+",AJ12="+",AK12="+",AL12="+"),0,AG12) -> 14307.3 | AO12: =ROUND(AM12-AN12,1) -> 14307.3 | AP12: 12606.7 | AQ12: =ROUND(AO12-AP12,1) -> 1700.6
A13: Чапаевск | B13: 211440.2 | C13: 184425.1 | D13: =IF(E13=0,0,IF(B13=0,1,IF(C13<0,0,IF(C13/B13>1.2,IF((C13/B13-1.2)*0.1+1.2>1.3,1.3,(C13/B13-1.2)*0.1+1.2),C13/B13)))) -> 0.87223291 | E13: 20 | F13: 1 | G13: 15 | H13: 15210 | I13: 16158.9 | J13: =IF(K13=0,0,IF(H13=0,1,IF(I13<0,0,IF(I13/H13>1.2,IF((I13/H13-1.2)*0.1+1.2>1.3,1.3,(I13/H13-1.2)*0.1+1.2),I13/H13)))) -> 1.0623866 | K13: 15 | L13: 3613 | M13: 6444 | N13: =IF(O13=0,0,IF(L13=0,1,IF(M13<0,0,IF(M13/L13>1.2,IF((M13/L13-1.2)*0.1+1.2>1.3,1.3,(M13/L13-1.2)*0.1+1.2),M13/L13)))) -> 1.2583559 | O13: 20 | P13: 7.2 | Q13: 5.9 | R13: =IF(S13=0,0,IF(Q13=0,1.3,IF(Q13<0,0,IF(P13/Q13>1.2,IF((P13/Q13-1.2)*0.1+1.2>1.3,1.3,(P13/Q13-1.2)*0.1+1.2),P13/Q13)))) -> 1.2020339 | S13: 15 | T13: =(D13*E13+F13*G13+J13*K13+N13*O13+R13*S13)/(E13+G13+K13+O13+S13) -> 1.0773892 | U13: 138220 | V13: =U13/11*6 -> 75392.727 | W13: =ROUND(T13*V13,1) -> 81227.3 | X13: =W13-V13 -> 5834.5727 | Z13: 12378.7 | AA13: 14025.2 | AB13: 12348.7 | AC13: 15547.4 | AE13: 14100.5 | AG13: =ROUND(W13-SUM(Y13:AF13),1) -> 12826.8 | AM13: =IF(OR(AG13<0,AH13="+",AI13="+",AJ13="+",AK13="+",AL13="+"),0,AG13) -> 12826.8 | AO13: =ROUND(AM13-AN13,1) -> 12826.8 | AP13: 4550.2 | AQ13: =ROUND(AO13-AP13,1) -> 8276.6
A14: Отрадный | B14: 228462.1 | C14: 216113.3 | D14: =IF(E14=0,0,IF(B14=0,1,IF(C14<0,0,IF(C14/B14>1.2,IF((C14/B14-1.2)*0.1+1.2>1.3,1.3,(C14/B14-1.2)*0.1+1.2),C14/B14)))) -> 0.94594815 | E14: 20 | F14: 1 | G14: 15 | H14: 17020 | I14: 16835.2 | J14: =IF(K14=0,0,IF(H14=0,1,IF(I14<0,0,IF(I14/H14>1.2,IF((I14/H14-1.2)*0.1+1.2>1.3,1.3,(I14/H14-1.2)*0.1+1.2),I14/H14)))) -> 0.98914219 | K14: 15 | L14: 3613 | M14: 2257 | N14: =IF(O14=0,0,IF(L14=0,1,IF(M14<0,0,IF(M14/L14>1.2,IF((M14/L14-1.2)*0.1+1.2>1.3,1.3,(M14/L14-1.2)*0.1+1.2),M14/L14)))) -> 0.62468862 | O14: 20 | P14: 97.8 | Q14: 69.5 | R14: =IF(S14=0,0,IF(Q14=0,1.3,IF(Q14<0,0,IF(P14/Q14>1.2,IF((P14/Q14-1.2)*0.1+1.2>1.3,1.3,(P14/Q14-1.2)*0.1+1.2),P14/Q14)))) -> 1.2207194 | S14: 15 | T14: =(D14*E14+F14*G14+J14*K14+N14*O14+R14*S14)/(E14+G14+K14+O14+S14) -> 0.93600776 | U14: 49201 | V14: =U14/11*6 -> 26836.909 | W14: =ROUND(T14*V14,1) -> 25119.6 | X14: =W14-V14 -> -1717.3091 | Z14: 4373.5 | AA14: 4578 | AB14: 4822.3 | AC14: 2908.9 | AE14: 4404.7 | AG14: =ROUND(W14-SUM(Y14:AF14),1) -> 4032.2 | AM14: =IF(OR(AG14<0,AH14="+",AI14="+",AJ14="+",AK14="+",AL14="+"),0,AG14) -> 4032.2 | AO14: =ROUND(AM14-AN14,1) -> 4032.2 | AP14: 5081.9 | AQ14: =ROUND(AO14-AP14,1) -> -1049.7
A15: Жигулевск | B15: 166437.3 | C15: 168453.2 | D15: =IF(E15=0,0,IF(B15=0,1,IF(C15<0,0,IF(C15/B15>1.2,IF((C15/B15-1.2)*0.1+1.2>1.3,1.3,(C15/B15-1.2)*0.1+1.2),C15/B15)))) -> 1.0121121 | E15: 20 | F15: 1 | G15: 15 | H15: 16147 | I15: 16445.3 | J15: =IF(K15=0,0,IF(H15=0,1,IF(I15<0,0,IF(I15/H15>1.2,IF((I15/H15-1.2)*0.1+1.2>1.3,1.3,(I15/H15-1.2)*0.1+1.2),I15/H15)))) -> 1.018474 | K15: 15 | L15: 3613 | M15: 4458 | N15: =IF(O15=0,0,IF(L15=0,1,IF(M15<0,0,IF(M15/L15>1.2,IF((M15/L15-1.2)*0.1+1.2>1.3,1.3,(M15/L15-1.2)*0.1+1.2),M15/L15)))) -> 1.2033878 | O15: 20 | P15: 161.2 | Q15: 219.8 | R15: =IF(S15=0,0,IF(Q15=0,1.3,IF(Q15<0,0,IF(P15/Q15>1.2,IF((P15/Q15-1.2)*0.1+1.2>1.3,1.3,(P15/Q15-1.2)*0.1+1.2),P15/Q15)))) -> 0.73339399 | S15: 15 | T15: =(D15*E15+F15*G15+J15*K15+N15*O15+R15*S15)/(E15+G15+K15+O15+S15) -> 1.0069178 | U15: 120632 | V15: =U15/11*6 -> 65799.273 | W15: =ROUND(T15*V15,1) -> 66254.5 | X15: =W15-V15 -> 455.22727 | Z15: 11428.8 | AA15: 9658.9 | AB15: 10222.9 | AC15: 12393.8 | AE15: 11216 | AF15: 417 | AG15: =ROUND(W15-SUM(Y15:AF15),1) -> 10917.1 | AM15: =IF(OR(AG15<0,AH15="+",AI15="+",AJ15="+",AK15="+",AL15="+"),0,AG15) -> 10917.1 | AO15: =ROUND(AM15-AN15,1) -> 10917.1 | AP15: 11145.3 | AQ15: =ROUND(AO15-AP15,1) -> -228.2
A16: Октябрьск | B16: 52349 | C16: 53617.6 | D16: =IF(E16=0,0,IF(B16=0,1,IF(C16<0,0,IF(C16/B16>1.2,IF((C16/B16-1.2)*0.1+1.2>1.3,1.3,(C16/B16-1.2)*0.1+1.2),C16/B16)))) -> 1.0242335 | E16: 20 | F16: 1 | G16: 15 | H16: 5977 | I16: 6136 | J16: =IF(K16=0,0,IF(H16=0,1,IF(I16<0,0,IF(I16/H16>1.2,IF((I16/H16-1.2)*0.1+1.2>1.3,1.3,(I16/H16-1.2)*0.1+1.2),I16/H16)))) -> 1.026602 | K16: 15 | L16: 2679 | M16: 2694 | N16: =IF(O16=0,0,IF(L16=0,1,IF(M16<0,0,IF(M16/L16>1.2,IF((M16/L16-1.2)*0.1+1.2>1.3,1.3,(M16/L16-1.2)*0.1+1.2),M16/L16)))) -> 1.0055991 | O16: 20 | P16: 83.7 | Q16: 98.5 | R16: =IF(S16=0,0,IF(Q16=0,1.3,IF(Q16<0,0,IF(P16/Q16>1.2,IF((P16/Q16-1.2)*0.1+1.2>1.3,1.3,(P16/Q16-1.2)*0.1+1.2),P16/Q16)))) -> 0.84974619 | S16: 15 | T16: =(D16*E16+F16*G16+J16*K16+N16*O16+R16*S16)/(E16+G16+K16+O16+S16) -> 0.98519853 | U16: 79578 | V16: =U16/11*6 -> 43406.182 | W16: =ROUND(T16*V16,1) -> 42763.7 | X16: =W16-V16 -> -642.48182 | Z16: 8061.9 | AA16: 6373.3 | AB16: 8386.3 | AC16: 7276.2 | AE16: 7255 | AG16: =ROUND(W16-SUM(Y16:AF16),1) -> 5411 | AM16: =IF(OR(AG16<0,AH16="+",AI16="+",AJ16="+",AK16="+",AL16="+"),0,AG16) -> 5411 | AO16: =ROUND(AM16-AN16,1) -> 5411 | AP16: 6820.6 | AQ16: =ROUND(AO16-AP16,1) -> -1409.6
A17: Кинель | B17: 183000.4 | C17: 158251.5 | D17: =IF(E17=0,0,IF(B17=0,1,IF(C17<0,0,IF(C17/B17>1.2,IF((C17/B17-1.2)*0.1+1.2>1.3,1.3,(C17/B17-1.2)*0.1+1.2),C17/B17)))) -> 0.8647604 | E17: 20 | F17: 1 | G17: 15 | H17: 17544 | I17: 18076.6 | J17: =IF(K17=0,0,IF(H17=0,1,IF(I17<0,0,IF(I17/H17>1.2,IF((I17/H17-1.2)*0.1+1.2>1.3,1.3,(I17/H17-1.2)*0.1+1.2),I17/H17)))) -> 1.030358 | K17: 15 | L17: 3613 | M17: 1432 | N17: =IF(O17=0,0,IF(L17=0,1,IF(M17<0,0,IF(M17/L17>1.2,IF((M17/L17-1.2)*0.1+1.2>1.3,1.3,(M17/L17-1.2)*0.1+1.2),M17/L17)))) -> 0.39634653 | O17: 20 | P17: 35 | Q17: 22.3 | R17: =IF(S17=0,0,IF(Q17=0,1.3,IF(Q17<0,0,IF(P17/Q17>1.2,IF((P17/Q17-1.2)*0.1+1.2>1.3,1.3,(P17/Q17-1.2)*0.1+1.2),P17/Q17)))) -> 1.2369507 | S17: 15 | T17: =(D17*E17+F17*G17+J17*K17+N17*O17+R17*S17)/(E17+G17+K17+O17+S17) -> 0.87331492 | U17: 114188 | V17: =U17/11*6 -> 62284.364 | W17: =ROUND(T17*V17,1) -> 54393.9 | X17: =W17-V17 -> -7890.4636 | Z17: 9327.5 | AA17: 8938.8 | AB17: 11723.9 | AC17: 5685.5 | AE17: 9448.8 | AG17: =ROUND(W17-SUM(Y17:AF17),1) -> 9269.4 | AM17: =IF(OR(AG17<0,AH17="+",AI17="+",AJ17="+",AK17="+",AL17="+"),0,AG17) -> 9269.4 | AO17: =ROUND(AM17-AN17,1) -> 9269.4 | AP17: 14357.8 | AQ17: =ROUND(AO17-AP17,1) -> -5088.4
A18: Похвистнево | B18: 109577.5 | C18: 90754.2 | D18: =IF(E18=0,0,IF(B18=0,1,IF(C18<0,0,IF(C18/B18>1.2,IF((C18/B18-1.2)*0.1+1.2>1.3,1.3,(C18/B18-1.2)*0.1+1.2),C18/B18)))) -> 0.8282193 | E18: 20 | F18: 1 | G18: 15 | H18: 7000 | I18: 7845.3 | J18: =IF(K18=0,0,IF(H18=0,1,IF(I18<0,0,IF(I18/H18>1.2,IF((I18/H18-1.2)*0.1+1.2>1.3,1.3,(I18/H18-1.2)*0.1+1.2),I18/H18)))) -> 1.1207571 | K18: 15 | L18: 2679 | M18: 6109 | N18: =IF(O18=0,0,IF(L18=0,1,IF(M18<0,0,IF(M18/L18>1.2,IF((M18/L18-1.2)*0.1+1.2>1.3,1.3,(M18/L18-1.2)*0.1+1.2),M18/L18)))) -> 1.3 | O18: 20 | P18: 43.3 | Q18: 15 | R18: =IF(S18=0,0,IF(Q18=0,1.3,IF(Q18<0,0,IF(P18/Q18>1.2,IF((P18/Q18-1.2)*0.1+1.2>1.3,1.3,(P18/Q18-1.2)*0.1+1.2),P18/Q18)))) -> 1.3 | S18: 15 | T18: =(D18*E18+F18*G18+J18*K18+N18*O18+R18*S18)/(E18+G18+K18+O18+S18) -> 1.1044205 | U18: 61744 | V18: =U18/11*6 -> 33678.545 | W18: =ROUND(T18*V18,1) -> 37195.3 | X18: =W18-V18 -> 3516.7545 | Z18: 5558.9 | AA18: 5281.8 | AB18: 4615.3 | AC18: 4071.2 | AE18: 4760.7 | AF18: 4590.8 | AG18: =ROUND(W18-SUM(Y18:AF18),1) -> 8316.6 | AM18: =IF(OR(AG18<0,AH18="+",AI18="+",AJ18="+",AK18="+",AL18="+"),0,AG18) -> 8316.6 | AO18: =ROUND(AM18-AN18,1) -> 8316.6 | AP18: 3705.8 | AQ18: =ROUND(AO18-AP18,1) -> 4610.8
A19: Внутригородские районы г.о.Самара | B19: =SUM(B20:B28) -> 206207.4 | C19: =SUM(C20:C28) -> 210987.9 | D19: =IF(C19/B19>1.2,IF((C19/B19-1.2)*0.1+1.2>1.3,1.3,(C19/B19-1.2)*0.1+1.2),C19/B19) -> 1.023183 | J19: =J8 -> 1.0182549 | L19: =SUM(L20:L28) -> 5036 | M19: =SUM(M20:M28) -> 9108 | N19: =IF(M19/L19>1.2,IF((M19/L19-1.2)*0.1+1.2>1.3,1.3,(M19/L19-1.2)*0.1+1.2),M19/L19) -> 1.2608578 | R19: =R9 -> 1.146542 | U19: =SUM(U20:U28) -> 1175 | V19: =SUM(V20:V28) -> 640.90909 | W19: =SUM(W20:W28) -> 679.6 | X19: =SUM(X20:X28) -> 38.690909 | Y19: =SUM(Y20:Y28) -> 235 | Z19: =SUM(Z20:Z28) -> 120.6 | AA19: =SUM(AA20:AA28) -> 116.4 | AB19: =SUM(AB20:AB28) -> 0 | ... AG19: =SUM(AG20:AG28) -> 32.5 | AM19: =SUM(AM20:AM28) -> 32.5 | AN19: =SUM(AN20:AN28) -> 0 | AO19: =SUM(AO20:AO28) -> 32.5 | AP19: =SUM(AP20:AP28) -> 0 | AQ19: =SUM(AQ20:AQ28) -> 32.5
A20: Железнодорожный | B20: 18034.8 | C20: 13394.7 | D20: =IF(E20=0,0,IF(B20=0,1,IF(C20<0,0,IF(C20/B20>1.2,IF((C20/B20-1.2)*0.1+1.2>1.3,1.3,(C20/B20-1.2)*0.1+1.2),C20/B20)))) -> 0.74271409 | E20: 20 | F20: =F$9 -> 1 | G20: 15 | J20: =J$9 -> 1.0231873 | K20: 15 | L20: 384 | M20: 778 | N20: =IF(O20=0,0,IF(L20=0,1,IF(M20<0,0,IF(M20/L20>1.2,IF((M20/L20-1.2)*0.1+1.2>1.3,1.3,(M20/L20-1.2)*0.1+1.2),M20/L20)))) -> 1.2826042 | O20: 20 | R20: =R$9 -> 1.146542 | S20: 15 | T20: =(D20*E20+F20*G20+J20*K20+N20*O20+R20*S20)/(E20+G20+K20+O20+S20) -> 1.0359095 | U20: 0 | V20: =U20/11*6 -> 0 | W20: =ROUND(T20*V20,1) -> 0 | X20: =W20-V20 -> 0 | Z20: 0 | AA20: 0 | AB20: 0 | AC20: 0 | AE20: 0 | AG20: =ROUND(W20-SUM(Y20:AF20),1) -> 0 | AM20: =IF(OR(AG20<0,AH20="+",AI20="+",AJ20="+",AK20="+",AL20="+"),0,AG20) -> 0 | AO20: =ROUND(AM20-AN20,1) -> 0 | AP20: 0 | AQ20: =ROUND(AO20-AP20,1) -> 0
A21: Кировский | B21: 35027.2 | C21: 28083.7 | D21: =IF(E21=0,0,IF(B21=0,1,IF(C21<0,0,IF(C21/B21>1.2,IF((C21/B21-1.2)*0.1+1.2>1.3,1.3,(C21/B21-1.2)*0.1+1.2),C21/B21)))) -> 0.80176834 | E21: 20 | F21: =F$9 -> 1 | G21: 15 | J21: =J$9 -> 1.0231873 | K21: 15 | L21: 1261 | M21: 2379 | N21: =IF(O21=0,0,IF(L21=0,1,IF(M21<0,0,IF(M21/L21>1.2,IF((M21/L21-1.2)*0.1+1.2>1.3,1.3,(M21/L21-1.2)*0.1+1.2),M21/L21)))) -> 1.2686598 | O21: 20 | R21: =R$9 -> 1.146542 | S21: 15 | T21: =(D21*E21+F21*G21+J21*K21+N21*O21+R21*S21)/(E21+G21+K21+O21+S21) -> 1.0465236 | U21: 0 | V21: =U21/11*6 -> 0 | W21: =ROUND(T21*V21,1) -> 0 | X21: =W21-V21 -> 0 | Z21: 0 | AA21: 0 | AB21: 0 | AC21: 0 | AE21: 0 | AG21: =ROUND(W21-SUM(Y21:AF21),1) -> 0 | AM21: =IF(OR(AG21<0,AH21="+",AI21="+",AJ21="+",AK21="+",AL21="+"),0,AG21) -> 0 | AO21: =ROUND(AM21-AN21,1) -> 0 | AP21: 0 | AQ21: =ROUND(AO21-AP21,1) -> 0
A22: Красноглинский | B22: 14171 | C22: 15082.7 | D22: =IF(E22=0,0,IF(B22=0,1,IF(C22<0,0,IF(C22/B22>1.2,IF((C22/B22-1.2)*0.1+1.2>1.3,1.3,(C22/B22-1.2)*0.1+1.2),C22/B22)))) -> 1.0643356 | E22: 20 | F22: =F$9 -> 1 | G22: 15 | J22: =J$9 -> 1.0231873 | K22: 15 | L22: 1212 | M22: 2018 | N22: =IF(O22=0,0,IF(L22=0,1,IF(M22<0,0,IF(M22/L22>1.2,IF((M22/L22-1.2)*0.1+1.2>1.3,1.3,(M22/L22-1.2)*0.1+1.2),M22/L22)))) -> 1.2465017 | O22: 20 | R22: =R$9 -> 1.146542 | S22: 15 | T22: =(D22*E22+F22*G22+J22*K22+N22*O22+R22*S22)/(E22+G22+K22+O22+S22) -> 1.1030904 | U22: 0 | V22: =U22/11*6 -> 0 | W22: =ROUND(T22*V22,1) -> 0 | X22: =W22-V22 -> 0 | Z22: 0 | AA22: 0 | AB22: 0 | AC22: 0 | AE22: 0 | AG22: =ROUND(W22-SUM(Y22:AF22),1) -> 0 | AM22: =IF(OR(AG22<0,AH22="+",AI22="+",AJ22="+",AK22="+",AL22="+"),0,AG22) -> 0 | AO22: =ROUND(AM22-AN22,1) -> 0 | AP22: 0 | AQ22: =ROUND(AO22-AP22,1) -> 0
A23: Куйбышевский | B23: 19841.6 | C23: 18596.5 | D23: =IF(E23=0,0,IF(B23=0,1,IF(C23<0,0,IF(C23/B23>1.2,IF((C23/B23-1.2)*0.1+1.2>1.3,1.3,(C23/B23-1.2)*0.1+1.2),C23/B23)))) -> 0.937248 | E23: 20 | F23: =F$9 -> 1 | G23: 15 | J23: =J$9 -> 1.0231873 | K23: 15 | L23: 482 | M23: 570 | N23: =IF(O23=0,0,IF(L23=0,1,IF(M23<0,0,IF(M23/L23>1.2,IF((M23/L23-1.2)*0.1+1.2>1.3,1.3,(M23/L23-1.2)*0.1+1.2),M23/L23)))) -> 1.1825726 | O23: 20 | R23: =R$9 -> 1.146542 | S23: 15 | T23: =(D23*E23+F23*G23+J23*K23+N23*O23+R23*S23)/(E23+G23+K23+O23+S23) -> 1.0581453 | U23: 0 | V23: =U23/11*6 -> 0 | W23: =ROUND(T23*V23,1) -> 0 | X23: =W23-V23 -> 0 | Z23: 0 | AA23: 0 | AB23: 0 | AC23: 0 | AE23: 0 | AG23: =ROUND(W23-SUM(Y23:AF23),1) -> 0 | AM23: =IF(OR(AG23<0,AH23="+",AI23="+",AJ23="+",AK23="+",AL23="+"),0,AG23) -> 0 | AO23: =ROUND(AM23-AN23,1) -> 0 | AP23: 0 | AQ23: =ROUND(AO23-AP23,1) -> 0
A24: Ленинский | B24: 20358.7 | C24: 25815.3 | D24: =IF(E24=0,0,IF(B24=0,1,IF(C24<0,0,IF(C24/B24>1.2,IF((C24/B24-1.2)*0.1+1.2>1.3,1.3,(C24/B24-1.2)*0.1+1.2),C24/B24)))) -> 1.2068023 | E24: 20 | F24: =F$9 -> 1 | G24: 15 | J24: =J$9 -> 1.0231873 | K24: 15 | L24: 115 | M24: 178 | N24: =IF(O24=0,0,IF(L24=0,1,IF(M24<0,0,IF(M24/L24>1.2,IF((M24/L24-1.2)*0.1+1.2>1.3,1.3,(M24/L24-1.2)*0.1+1.2),M24/L24)))) -> 1.2347826 | O24: 20 | R24: =R$9 -> 1.146542 | S24: 15 | T24: =(D24*E24+F24*G24+J24*K24+N24*O24+R24*S24)/(E24+G24+K24+O24+S24) -> 1.1338546 | U24: 0 | V24: =U24/11*6 -> 0 | W24: =ROUND(T24*V24,1) -> 0 | X24: =W24-V24 -> 0 | Z24: 0 | AA24: 0 | AB24: 0 | AC24: 0 | AE24: 0 | AG24: =ROUND(W24-SUM(Y24:AF24),1) -> 0 | AM24: =IF(OR(AG24<0,AH24="+",AI24="+",AJ24="+",AK24="+",AL24="+"),0,AG24) -> 0 | AO24: =ROUND(AM24-AN24,1) -> 0 | AP24: 0 | AQ24: =ROUND(AO24-AP24,1) -> 0
A25: Октябрьский | B25: 33697.7 | C25: 28280.1 | D25: =IF(E25=0,0,IF(B25=0,1,IF(C25<0,0,IF(C25/B25>1.2,IF((C25/B25-1.2)*0.1+1.2>1.3,1.3,(C25/B25-1.2)*0.1+1.2),C25/B25)))) -> 0.83922938 | E25: 20 | F25: =F$9 -> 1 | G25: 15 | J25: =J$9 -> 1.0231873 | K25: 15 | L25: 417 | M25: 422 | N25: =IF(O25=0,0,IF(L25=0,1,IF(M25<0,0,IF(M25/L25>1.2,IF((M25/L25-1.2)*0.1+1.2>1.3,1.3,(M25/L25-1.2)*0.1+1.2),M25/L25)))) -> 1.0119904 | O25: 20 | R25: =R$9 -> 1.146542 | S25: 15 | T25: =(D25*E25+F25*G25+J25*K25+N25*O25+R25*S25)/(E25+G25+K25+O25+S25) -> 0.99494512 | U25: 0 | V25: =U25/11*6 -> 0 | W25: =ROUND(T25*V25,1) -> 0 | X25: =W25-V25 -> 0 | Z25: 0 | AA25: 0 | AB25: 0 | AC25: 0 | AE25: 0 | AG25: =ROUND(W25-SUM(Y25:AF25),1) -> 0 | AM25: =IF(OR(AG25<0,AH25="+",AI25="+",AJ25="+",AK25="+",AL25="+"),0,AG25) -> 0 | AO25: =ROUND(AM25-AN25,1) -> 0 | AP25: 0 | AQ25: =ROUND(AO25-AP25,1) -> 0
A26: Промышленный | B26: 32086.5 | C26: 47525 | D26: =IF(E26=0,0,IF(B26=0,1,IF(C26<0,0,IF(C26/B26>1.2,IF((C26/B26-1.2)*0.1+1.2>1.3,1.3,(C26/B26-1.2)*0.1+1.2),C26/B26)))) -> 1.2281153 | E26: 20 | F26: =F$9 -> 1 | G26: 15 | J26: =J$9 -> 1.0231873 | K26: 15 | L26: 690 | M26: 1529 | N26: =IF(O26=0,0,IF(L26=0,1,IF(M26<0,0,IF(M26/L26>1.2,IF((M26/L26-1.2)*0.1+1.2>1.3,1.3,(M26/L26-1.2)*0.1+1.2),M26/L26)))) -> 1.3 | O26: 20 | R26: =R$9 -> 1.146542 | S26: 15 | T26: =(D26*E26+F26*G26+J26*K26+N26*O26+R26*S26)/(E26+G26+K26+O26+S26) -> 1.1542146 | U26: 0 | V26: =U26/11*6 -> 0 | W26: =ROUND(T26*V26,1) -> 0 | X26: =W26-V26 -> 0 | Z26: 0 | AA26: 0 | AB26: 0 | AC26: 0 | AE26: 0 | AG26: =ROUND(W26-SUM(Y26:AF26),1) -> 0 | AM26: =IF(OR(AG26<0,AH26="+",AI26="+",AJ26="+",AK26="+",AL26="+"),0,AG26) -> 0 | AO26: =ROUND(AM26-AN26,1) -> 0 | AP26: 0 | AQ26: =ROUND(AO26-AP26,1) -> 0
A27: Самарский | B27: 8017.7 | C27: 13498.6 | D27: =IF(E27=0,0,IF(B27=0,1,IF(C27<0,0,IF(C27/B27>1.2,IF((C27/B27-1.2)*0.1+1.2>1.3,1.3,(C27/B27-1.2)*0.1+1.2),C27/B27)))) -> 1.24836 | E27: 20 | F27: =F$9 -> 1 | G27: 15 | J27: =J$9 -> 1.0231873 | K27: 15 | L27: 135 | M27: 250 | N27: =IF(O27=0,0,IF(L27=0,1,IF(M27<0,0,IF(M27/L27>1.2,IF((M27/L27-1.2)*0.1+1.2>1.3,1.3,(M27/L27-1.2)*0.1+1.2),M27/L27)))) -> 1.2651852 | O27: 20 | R27: =R$9 -> 1.146542 | S27: 15 | T27: =(D27*E27+F27*G27+J27*K27+N27*O27+R27*S27)/(E27+G27+K27+O27+S27) -> 1.1507864 | U27: 0 | V27: =U27/11*6 -> 0 | W27: =ROUND(T27*V27,1) -> 0 | X27: =W27-V27 -> 0 | Z27: 0 | AA27: 0 | AB27: 0 | AC27: 0 | AE27: 0 | AG27: =ROUND(W27-SUM(Y27:AF27),1) -> 0 | AM27: =IF(OR(AG27<0,AH27="+",AI27="+",AJ27="+",AK27="+",AL27="+"),0,AG27) -> 0 | AO27: =ROUND(AM27-AN27,1) -> 0 | AP27: 0 | AQ27: =ROUND(AO27-AP27,1) -> 0
A28: Советский | B28: 24972.2 | C28: 20711.3 | D28: =IF(E28=0,0,IF(B28=0,1,IF(C28<0,0,IF(C28/B28>1.2,IF((C28/B28-1.2)*0.1+1.2>1.3,1.3,(C28/B28-1.2)*0.1+1.2),C28/B28)))) -> 0.82937426 | E28: 20 | F28: =F$9 -> 1 | G28: 15 | J28: =J$9 -> 1.0231873 | K28: 15 | L28: 340 | M28: 984 | N28: =IF(O28=0,0,IF(L28=0,1,IF(M28<0,0,IF(M28/L28>1.2,IF((M28/L28-1.2)*0.1+1.2>1.3,1.3,(M28/L28-1.2)*0.1+1.2),M28/L28)))) -> 1.3 | O28: 20 | R28: =R$9 -> 1.146542 | S28: 15 | T28: =(D28*E28+F28*G28+J28*K28+N28*O28+R28*S28)/(E28+G28+K28+O28+S28) -> 1.0603932 | U28: 1175 | V28: =U28/11*6 -> 640.90909 | W28: =ROUND(T28*V28,1) -> 679.6 | X28: =W28-V28 -> 38.690909 | Y28: 235 | Z28: 120.6 | AA28: 116.4 | AB28: 0 | AC28: 112.6 | AE28: 62.5 | AG28: =ROUND(W28-SUM(Y28:AF28),1) -> 32.5 | AM28: =IF(OR(AG28<0,AH28="+",AI28="+",AJ28="+",AK28="+",AL28="+"),0,AG28) -> 32.5 | AO28: =ROUND(AM28-AN28,1) -> 32.5 | AP28: 0 | AQ28: =ROUND(AO28-AP28,1) -> 32.5
A29: Муниципальные районы | B29: =SUM(B30:B56) -> 2823665.4 | C29: =SUM(C30:C56) -> 2700683.2 | D29: =IF(C29/B29>1.2,IF((C29/B29-1.2)*0.1+1.2>1.3,1.3,(C29/B29-1.2)*0.1+1.2),C29/B29) -> 0.9564459 | H29: =SUM(H30:H56) -> 132512 | I29: =SUM(I30:I56) -> 133621 | J29: =IF(I29/H29>1.2,IF((I29/H29-1.2)*0.1+1.2>1.3,1.3,(I29/H29-1.2)*0.1+1.2),I29/H29) -> 1.0083691 | L29: =SUM(L30:L56) -> 19728 | M29: =SUM(M30:M56) -> 27588 | N29: =IF(M29/L29>1.2,IF((M29/L29-1.2)*0.1+1.2>1.3,1.3,(M29/L29-1.2)*0.1+1.2),M29/L29) -> 1.2198418 | P29: =SUM(P30:P56) -> 850.3 | Q29: =SUM(Q30:Q56) -> 802.4 | R29: =IF(P29/Q29>1.2,IF((P29/Q29-1.2)*0.1+1.2>1.3,1.3,(P29/Q29-1.2)*0.1+1.2),P29/Q29) -> 1.0596959 | U29: =SUM(U30:U56) -> 964790 | V29: =SUM(V30:V56) -> 526249.09 | W29: =SUM(W30:W56) -> 538558.9 | X29: =SUM(X30:X56) -> 12309.809 | Y29: =SUM(Y30:Y56) -> 0 | Z29: =SUM(Z30:Z56) -> 85676.1 | AA29: =SUM(AA30:AA56) -> 86160.9 | AB29: =SUM(AB30:AB56) -> 75919.5 | ... AG29: =SUM(AG30:AG56) -> 88881 | AM29: =SUM(AM30:AM56) -> 91973.5 | AN29: =SUM(AN30:AN56) -> 0 | AO29: =SUM(AO30:AO56) -> 91973.5 | AP29: =SUM(AP30:AP56) -> 74393.6 | AQ29: =SUM(AQ30:AQ56) -> 17579.9
A30: Алексеевский | B30: 29815 | C30: 32605.8 | D30: =IF(E30=0,0,IF(B30=0,1,IF(C30<0,0,IF(C30/B30>1.2,IF((C30/B30-1.2)*0.1+1.2>1.3,1.3,(C30/B30-1.2)*0.1+1.2),C30/B30)))) -> 1.0936039 | E30: 15 | F30: 1 | G30: 10 | H30: 1100 | I30: 1108.9 | J30: =IF(K30=0,0,IF(H30=0,1,IF(I30<0,0,IF(I30/H30>1.2,IF((I30/H30-1.2)*0.1+1.2>1.3,1.3,(I30/H30-1.2)*0.1+1.2),I30/H30)))) -> 1.0080909 | K30: 10 | L30: 561 | M30: 71 | N30: =IF(O30=0,0,IF(L30=0,1,IF(M30<0,0,IF(M30/L30>1.2,IF((M30/L30-1.2)*0.1+1.2>1.3,1.3,(M30/L30-1.2)*0.1+1.2),M30/L30)))) -> 0.12655971 | O30: 15 | P30: 2.7 | Q30: 3.3 | R30: =IF(S30=0,0,IF(Q30=0,1.3,IF(Q30<0,0,IF(P30/Q30>1.2,IF((P30/Q30-1.2)*0.1+1.2>1.3,1.3,(P30/Q30-1.2)*0.1+1.2),P30/Q30)))) -> 0.81818182 | S30: 15 | T30: =(D30*E30+F30*G30+J30*K30+N30*O30+R30*S30)/(E30+G30+K30+O30+S30) -> 0.77932447 | U30: 32550 | V30: =U30/11*6 -> 17754.545 | W30: =ROUND(T30*V30,1) -> 13836.6 | X30: =W30-V30 -> -3917.9455 | Z30: 2619.9 | AA30: 3007.4 | AB30: 3404.7 | AC30: 1130.7 | AE30: 3402.9 | AG30: =ROUND(W30-SUM(Y30:AF30),1) -> 271 | AM30: =IF(OR(AG30<0,AH30="+",AI30="+",AJ30="+",AK30="+",AL30="+"),0,AG30) -> 271 | AO30: =ROUND(AM30-AN30,1) -> 271 | AP30: 4942.2 | AQ30: =ROUND(AO30-AP30,1) -> -4671.2
A31: Безенчукский | B31: 131219.4 | C31: 119243.8 | D31: =IF(E31=0,0,IF(B31=0,1,IF(C31<0,0,IF(C31/B31>1.2,IF((C31/B31-1.2)*0.1+1.2>1.3,1.3,(C31/B31-1.2)*0.1+1.2),C31/B31)))) -> 0.90873606 | E31: 15 | F31: 1 | G31: 10 | H31: 8469 | I31: 8736.1 | J31: =IF(K31=0,0,IF(H31=0,1,IF(I31<0,0,IF(I31/H31>1.2,IF((I31/H31-1.2)*0.1+1.2>1.3,1.3,(I31/H31-1.2)*0.1+1.2),I31/H31)))) -> 1.0315386 | K31: 10 | L31: 739 | M31: 854 | N31: =IF(O31=0,0,IF(L31=0,1,IF(M31<0,0,IF(M31/L31>1.2,IF((M31/L31-1.2)*0.1+1.2>1.3,1.3,(M31/L31-1.2)*0.1+1.2),M31/L31)))) -> 1.1556157 | O31: 15 | P31: 67.9 | Q31: 5.4 | R31: =IF(S31=0,0,IF(Q31=0,1.3,IF(Q31<0,0,IF(P31/Q31>1.2,IF((P31/Q31-1.2)*0.1+1.2>1.3,1.3,(P31/Q31-1.2)*0.1+1.2),P31/Q31)))) -> 1.3 | S31: 15 | T31: =(D31*E31+F31*G31+J31*K31+N31*O31+R31*S31)/(E31+G31+K31+O31+S31) -> 1.0889333 | U31: 38433 | V31: =U31/11*6 -> 20963.455 | W31: =ROUND(T31*V31,1) -> 22827.8 | X31: =W31-V31 -> 1864.3455 | Z31: 3925 | AA31: 3620.4 | AB31: 4058.3 | AC31: 3751.1 | AE31: 3176.3 | AG31: =ROUND(W31-SUM(Y31:AF31),1) -> 4296.7 | AM31: =IF(OR(AG31<0,AH31="+",AI31="+",AJ31="+",AK31="+",AL31="+"),0,AG31) -> 4296.7 | AO31: =ROUND(AM31-AN31,1) -> 4296.7 | AP31: 1801.3 | AQ31: =ROUND(AO31-AP31,1) -> 2495.4
A32: Богатовский | B32: 48125.9 | C32: 42562.8 | D32: =IF(E32=0,0,IF(B32=0,1,IF(C32<0,0,IF(C32/B32>1.2,IF((C32/B32-1.2)*0.1+1.2>1.3,1.3,(C32/B32-1.2)*0.1+1.2),C32/B32)))) -> 0.88440528 | E32: 15 | F32: 1 | G32: 10 | H32: 2710 | I32: 2678.9 | J32: =IF(K32=0,0,IF(H32=0,1,IF(I32<0,0,IF(I32/H32>1.2,IF((I32/H32-1.2)*0.1+1.2>1.3,1.3,(I32/H32-1.2)*0.1+1.2),I32/H32)))) -> 0.98852399 | K32: 10 | L32: 739 | M32: 664 | N32: =IF(O32=0,0,IF(L32=0,1,IF(M32<0,0,IF(M32/L32>1.2,IF((M32/L32-1.2)*0.1+1.2>1.3,1.3,(M32/L32-1.2)*0.1+1.2),M32/L32)))) -> 0.8985115 | O32: 15 | P32: 11.1 | Q32: 0.6 | R32: =IF(S32=0,0,IF(Q32=0,1.3,IF(Q32<0,0,IF(P32/Q32>1.2,IF((P32/Q32-1.2)*0.1+1.2>1.3,1.3,(P32/Q32-1.2)*0.1+1.2),P32/Q32)))) -> 1.3 | S32: 15 | T32: =(D32*E32+F32*G32+J32*K32+N32*O32+R32*S32)/(E32+G32+K32+O32+S32) -> 1.0173691 | U32: 32641 | V32: =U32/11*6 -> 17804.182 | W32: =ROUND(T32*V32,1) -> 18113.4 | X32: =W32-V32 -> 309.21818 | Z32: 2759 | AA32: 2740.5 | AB32: 3898.9 | AC32: 2513.2 | AE32: 2760.3 | AG32: =ROUND(W32-SUM(Y32:AF32),1) -> 3441.5 | AM32: =IF(OR(AG32<0,AH32="+",AI32="+",AJ32="+",AK32="+",AL32="+"),0,AG32) -> 3441.5 | AO32: =ROUND(AM32-AN32,1) -> 3441.5 | AP32: 2191.9 | AQ32: =ROUND(AO32-AP32,1) -> 1249.6
A33: Большеглушицкий | B33: 59106.1 | C33: 63563.8 | D33: =IF(E33=0,0,IF(B33=0,1,IF(C33<0,0,IF(C33/B33>1.2,IF((C33/B33-1.2)*0.1+1.2>1.3,1.3,(C33/B33-1.2)*0.1+1.2),C33/B33)))) -> 1.0754186 | E33: 15 | F33: 1 | G33: 10 | H33: 2531 | I33: 2354.3 | J33: =IF(K33=0,0,IF(H33=0,1,IF(I33<0,0,IF(I33/H33>1.2,IF((I33/H33-1.2)*0.1+1.2>1.3,1.3,(I33/H33-1.2)*0.1+1.2),I33/H33)))) -> 0.9301857 | K33: 10 | L33: 561 | M33: 537 | N33: =IF(O33=0,0,IF(L33=0,1,IF(M33<0,0,IF(M33/L33>1.2,IF((M33/L33-1.2)*0.1+1.2>1.3,1.3,(M33/L33-1.2)*0.1+1.2),M33/L33)))) -> 0.95721925 | O33: 15 | P33: 17.5 | Q33: 14.5 | R33: =IF(S33=0,0,IF(Q33=0,1.3,IF(Q33<0,0,IF(P33/Q33>1.2,IF((P33/Q33-1.2)*0.1+1.2>1.3,1.3,(P33/Q33-1.2)*0.1+1.2),P33/Q33)))) -> 1.2006897 | S33: 15 | T33: =(D33*E33+F33*G33+J33*K33+N33*O33+R33*S33)/(E33+G33+K33+O33+S33) -> 1.0431041 | U33: 29857 | V33: =U33/11*6 -> 16285.636 | W33: =ROUND(T33*V33,1) -> 16987.6 | X33: =W33-V33 -> 701.96364 | Z33: 2112.8 | AA33: 2383 | AB33: 3845.7 | AC33: 2902.7 | AE33: 2230.1 | AG33: =ROUND(W33-SUM(Y33:AF33),1) -> 3513.3 | AM33: =IF(OR(AG33<0,AH33="+",AI33="+",AJ33="+",AK33="+",AL33="+"),0,AG33) -> 3513.3 | AO33: =ROUND(AM33-AN33,1) -> 3513.3 | AP33: 3012.9 | AQ33: =ROUND(AO33-AP33,1) -> 500.4
A34: Большечерниговский | B34: 50221.9 | C34: 54592 | D34: =IF(E34=0,0,IF(B34=0,1,IF(C34<0,0,IF(C34/B34>1.2,IF((C34/B34-1.2)*0.1+1.2>1.3,1.3,(C34/B34-1.2)*0.1+1.2),C34/B34)))) -> 1.0870158 | E34: 15 | F34: 1 | G34: 10 | H34: 2046 | I34: 1980.9 | J34: =IF(K34=0,0,IF(H34=0,1,IF(I34<0,0,IF(I34/H34>1.2,IF((I34/H34-1.2)*0.1+1.2>1.3,1.3,(I34/H34-1.2)*0.1+1.2),I34/H34)))) -> 0.96818182 | K34: 10 | L34: 561 | M34: 489 | N34: =IF(O34=0,0,IF(L34=0,1,IF(M34<0,0,IF(M34/L34>1.2,IF((M34/L34-1.2)*0.1+1.2>1.3,1.3,(M34/L34-1.2)*0.1+1.2),M34/L34)))) -> 0.87165775 | O34: 15 | P34: 3.3 | Q34: 4.4 | R34: =IF(S34=0,0,IF(Q34=0,1.3,IF(Q34<0,0,IF(P34/Q34>1.2,IF((P34/Q34-1.2)*0.1+1.2>1.3,1.3,(P34/Q34-1.2)*0.1+1.2),P34/Q34)))) -> 0.75 | S34: 15 | T34: =(D34*E34+F34*G34+J34*K34+N34*O34+R34*S34)/(E34+G34+K34+O34+S34) -> 0.92787572 | U34: 41942 | V34: =U34/11*6 -> 22877.455 | W34: =ROUND(T34*V34,1) -> 21227.4 | X34: =W34-V34 -> -1650.0545 | Z34: 4074.1 | AA34: 3771.8 | AB34: 3615.6 | AC34: 3967.3 | AE34: 3618.6 | AG34: =ROUND(W34-SUM(Y34:AF34),1) -> 2180 | AM34: =IF(OR(AG34<0,AH34="+",AI34="+",AJ34="+",AK34="+",AL34="+"),0,AG34) -> 2180 | AO34: =ROUND(AM34-AN34,1) -> 2180 | AP34: 4475.2 | AQ34: =ROUND(AO34-AP34,1) -> -2295.2
A35: Борский | B35: 53795.2 | C35: 59281.4 | D35: =IF(E35=0,0,IF(B35=0,1,IF(C35<0,0,IF(C35/B35>1.2,IF((C35/B35-1.2)*0.1+1.2>1.3,1.3,(C35/B35-1.2)*0.1+1.2),C35/B35)))) -> 1.1019831 | E35: 15 | F35: 1 | G35: 10 | H35: 2833 | I35: 2898.4 | J35: =IF(K35=0,0,IF(H35=0,1,IF(I35<0,0,IF(I35/H35>1.2,IF((I35/H35-1.2)*0.1+1.2>1.3,1.3,(I35/H35-1.2)*0.1+1.2),I35/H35)))) -> 1.0230851 | K35: 10 | L35: 739 | M35: 746 | N35: =IF(O35=0,0,IF(L35=0,1,IF(M35<0,0,IF(M35/L35>1.2,IF((M35/L35-1.2)*0.1+1.2>1.3,1.3,(M35/L35-1.2)*0.1+1.2),M35/L35)))) -> 1.0094723 | O35: 15 | P35: 10.9 | Q35: 0 | R35: =IF(S35=0,0,IF(Q35=0,1.3,IF(Q35<0,0,IF(P35/Q35>1.2,IF((P35/Q35-1.2)*0.1+1.2>1.3,1.3,(P35/Q35-1.2)*0.1+1.2),P35/Q35)))) -> 1.3 | S35: 15 | T35: =(D35*E35+F35*G35+J35*K35+N35*O35+R35*S35)/(E35+G35+K35+O35+S35) -> 1.0985028 | U35: 43648 | V35: =U35/11*6 -> 23808 | W35: =ROUND(T35*V35,1) -> 26153.2 | X35: =W35-V35 -> 2345.2 | Z35: 4584.6 | AA35: 4462.8 | AB35: 4666.4 | AC35: 4531 | AE35: 4171.9 | AG35: =ROUND(W35-SUM(Y35:AF35),1) -> 3736.5 | AM35: =IF(OR(AG35<0,AH35="+",AI35="+",AJ35="+",AK35="+",AL35="+"),0,AG35) -> 3736.5 | AO35: =ROUND(AM35-AN35,1) -> 3736.5 | AP35: 2588.9 | AQ35: =ROUND(AO35-AP35,1) -> 1147.6
A36: Волжский | B36: 541811.9 | C36: 522925.4 | D36: =IF(E36=0,0,IF(B36=0,1,IF(C36<0,0,IF(C36/B36>1.2,IF((C36/B36-1.2)*0.1+1.2>1.3,1.3,(C36/B36-1.2)*0.1+1.2),C36/B36)))) -> 0.96514196 | E36: 15 | F36: 1 | G36: 10 | H36: 19569 | I36: 21220.9 | J36: =IF(K36=0,0,IF(H36=0,1,IF(I36<0,0,IF(I36/H36>1.2,IF((I36/H36-1.2)*0.1+1.2>1.3,1.3,(I36/H36-1.2)*0.1+1.2),I36/H36)))) -> 1.0844141 | K36: 10 | L36: 1099 | M36: 2329 | N36: =IF(O36=0,0,IF(L36=0,1,IF(M36<0,0,IF(M36/L36>1.2,IF((M36/L36-1.2)*0.1+1.2>1.3,1.3,(M36/L36-1.2)*0.1+1.2),M36/L36)))) -> 1.2919199 | O36: 15 | P36: 101 | Q36: 103.7 | R36: =IF(S36=0,0,IF(Q36=0,1.3,IF(Q36<0,0,IF(P36/Q36>1.2,IF((P36/Q36-1.2)*0.1+1.2>1.3,1.3,(P36/Q36-1.2)*0.1+1.2),P36/Q36)))) -> 0.97396336 | S36: 15 | T36: =(D36*E36+F36*G36+J36*K36+N36*O36+R36*S36)/(E36+G36+K36+O36+S36) -> 1.0663003 | U36: 29860 | V36: =U36/11*6 -> 16287.273 | W36: =ROUND(T36*V36,1) -> 17367.1 | X36: =W36-V36 -> 1079.8273 | Z36: 2730.5 | AA36: 3041.6 | AB36: 1590 | AC36: 3066.1 | AE36: 2467.9 | AF36: 1145 | AG36: =ROUND(W36-SUM(Y36:AF36),1) -> 3326 | AM36: =IF(OR(AG36<0,AH36="+",AI36="+",AJ36="+",AK36="+",AL36="+"),0,AG36) -> 3326 | AO36: =ROUND(AM36-AN36,1) -> 3326 | AP36: 2395.7 | AQ36: =ROUND(AO36-AP36,1) -> 930.3
A37: Елховский | B37: 23538.2 | C37: 25832.9 | D37: =IF(E37=0,0,IF(B37=0,1,IF(C37<0,0,IF(C37/B37>1.2,IF((C37/B37-1.2)*0.1+1.2>1.3,1.3,(C37/B37-1.2)*0.1+1.2),C37/B37)))) -> 1.0974883 | E37: 15 | F37: 1 | G37: 10 | H37: 1140 | I37: 1112.4 | J37: =IF(K37=0,0,IF(H37=0,1,IF(I37<0,0,IF(I37/H37>1.2,IF((I37/H37-1.2)*0.1+1.2>1.3,1.3,(I37/H37-1.2)*0.1+1.2),I37/H37)))) -> 0.97578947 | K37: 10 | L37: 561 | M37: 604 | N37: =IF(O37=0,0,IF(L37=0,1,IF(M37<0,0,IF(M37/L37>1.2,IF((M37/L37-1.2)*0.1+1.2>1.3,1.3,(M37/L37-1.2)*0.1+1.2),M37/L37)))) -> 1.0766488 | O37: 15 | P37: 9.4 | Q37: 11.4 | R37: =IF(S37=0,0,IF(Q37=0,1.3,IF(Q37<0,0,IF(P37/Q37>1.2,IF((P37/Q37-1.2)*0.1+1.2>1.3,1.3,(P37/Q37-1.2)*0.1+1.2),P37/Q37)))) -> 0.8245614 | S37: 15 | T37: =(D37*E37+F37*G37+J37*K37+N37*O37+R37*S37)/(E37+G37+K37+O37+S37) -> 0.99597498 | U37: 18726 | V37: =U37/11*6 -> 10214.182 | W37: =ROUND(T37*V37,1) -> 10173.1 | X37: =W37-V37 -> -41.081818 | Z37: 1926.3 | AA37: 1488.6 | AB37: 1179.4 | AC37: 2052.1 | AE37: 1958.8 | AG37: =ROUND(W37-SUM(Y37:AF37),1) -> 1567.9 | AM37: =IF(OR(AG37<0,AH37="+",AI37="+",AJ37="+",AK37="+",AL37="+"),0,AG37) -> 1567.9 | AO37: =ROUND(AM37-AN37,1) -> 1567.9 | AP37: 1965.1 | AQ37: =ROUND(AO37-AP37,1) -> -397.2
A38: Исаклинский | B38: 37609.7 | C38: 37580 | D38: =IF(E38=0,0,IF(B38=0,1,IF(C38<0,0,IF(C38/B38>1.2,IF((C38/B38-1.2)*0.1+1.2>1.3,1.3,(C38/B38-1.2)*0.1+1.2),C38/B38)))) -> 0.99921031 | E38: 15 | F38: 1 | G38: 10 | H38: 1518 | I38: 1539.1 | J38: =IF(K38=0,0,IF(H38=0,1,IF(I38<0,0,IF(I38/H38>1.2,IF((I38/H38-1.2)*0.1+1.2>1.3,1.3,(I38/H38-1.2)*0.1+1.2),I38/H38)))) -> 1.0138999 | K38: 10 | L38: 561 | M38: 1149 | N38: =IF(O38=0,0,IF(L38=0,1,IF(M38<0,0,IF(M38/L38>1.2,IF((M38/L38-1.2)*0.1+1.2>1.3,1.3,(M38/L38-1.2)*0.1+1.2),M38/L38)))) -> 1.2848128 | O38: 15 | P38: 3.5 | Q38: 1.7 | R38: =IF(S38=0,0,IF(Q38=0,1.3,IF(Q38<0,0,IF(P38/Q38>1.2,IF((P38/Q38-1.2)*0.1+1.2>1.3,1.3,(P38/Q38-1.2)*0.1+1.2),P38/Q38)))) -> 1.2858824 | S38: 15 | T38: =(D38*E38+F38*G38+J38*K38+N38*O38+R38*S38)/(E38+G38+K38+O38+S38) -> 1.1336551 | U38: 44585 | V38: =U38/11*6 -> 24319.091 | W38: =ROUND(T38*V38,1) -> 27569.5 | X38: =W38-V38 -> 3250.4091 | Z38: 4100.8 | AA38: 4264.7 | AB38: 4478.2 | AC38: 4105.4 | AE38: 3976.6 | AG38: =ROUND(W38-SUM(Y38:AF38),1) -> 6643.8 | AM38: =IF(OR(AG38<0,AH38="+",AI38="+",AJ38="+",AK38="+",AL38="+"),0,AG38) -> 6643.8 | AO38: =ROUND(AM38-AN38,1) -> 6643.8 | AP38: 3481.7 | AQ38: =ROUND(AO38-AP38,1) -> 3162.1
A39: Камышлинский | B39: 25701.3 | C39: 24234.3 | D39: =IF(E39=0,0,IF(B39=0,1,IF(C39<0,0,IF(C39/B39>1.2,IF((C39/B39-1.2)*0.1+1.2>1.3,1.3,(C39/B39-1.2)*0.1+1.2),C39/B39)))) -> 0.94292118 | E39: 15 | F39: 1 | G39: 10 | H39: 1200 | I39: 1056 | J39: =IF(K39=0,0,IF(H39=0,1,IF(I39<0,0,IF(I39/H39>1.2,IF((I39/H39-1.2)*0.1+1.2>1.3,1.3,(I39/H39-1.2)*0.1+1.2),I39/H39)))) -> 0.88 | K39: 10 | L39: 561 | M39: 603 | N39: =IF(O39=0,0,IF(L39=0,1,IF(M39<0,0,IF(M39/L39>1.2,IF((M39/L39-1.2)*0.1+1.2>1.3,1.3,(M39/L39-1.2)*0.1+1.2),M39/L39)))) -> 1.0748663 | O39: 15 | P39: 7.5 | Q39: 7.4 | R39: =IF(S39=0,0,IF(Q39=0,1.3,IF(Q39<0,0,IF(P39/Q39>1.2,IF((P39/Q39-1.2)*0.1+1.2>1.3,1.3,(P39/Q39-1.2)*0.1+1.2),P39/Q39)))) -> 1.0135135 | S39: 15 | T39: =(D39*E39+F39*G39+J39*K39+N39*O39+R39*S39)/(E39+G39+K39+O39+S39) -> 0.98876177 | U39: 43494 | V39: =U39/11*6 -> 23724 | W39: =ROUND(T39*V39,1) -> 23457.4 | X39: =W39-V39 -> -266.6 | Z39: 2452.1 | AA39: 2515.4 | AB39: 1635.1 | AC39: 9027.6 | AD39: 7590 | AE39: 3329.7 | AG39: =ROUND(W39-SUM(Y39:AF39),1) -> -3092.5 | AM39: =IF(OR(AG39<0,AH39="+",AI39="+",AJ39="+",AK39="+",AL39="+"),0,AG39) -> 0 | AO39: =ROUND(AM39-AN39,1) -> 0 | AP39: 0 | AQ39: =ROUND(AO39-AP39,1) -> 0
A40: Кинельский | B40: 130805.3 | C40: 128033.8 | D40: =IF(E40=0,0,IF(B40=0,1,IF(C40<0,0,IF(C40/B40>1.2,IF((C40/B40-1.2)*0.1+1.2>1.3,1.3,(C40/B40-1.2)*0.1+1.2),C40/B40)))) -> 0.97881202 | E40: 15 | F40: 1 | G40: 10 | H40: 3246 | I40: 3458.7 | J40: =IF(K40=0,0,IF(H40=0,1,IF(I40<0,0,IF(I40/H40>1.2,IF((I40/H40-1.2)*0.1+1.2>1.3,1.3,(I40/H40-1.2)*0.1+1.2),I40/H40)))) -> 1.0655268 | K40: 10 | L40: 1238 | M40: 1539 | N40: =IF(O40=0,0,IF(L40=0,1,IF(M40<0,0,IF(M40/L40>1.2,IF((M40/L40-1.2)*0.1+1.2>1.3,1.3,(M40/L40-1.2)*0.1+1.2),M40/L40)))) -> 1.2043134 | O40: 15 | P40: 4.8 | Q40: 5.2 | R40: =IF(S40=0,0,IF(Q40=0,1.3,IF(Q40<0,0,IF(P40/Q40>1.2,IF((P40/Q40-1.2)*0.1+1.2>1.3,1.3,(P40/Q40-1.2)*0.1+1.2),P40/Q40)))) -> 0.92307692 | S40: 15 | T40: =(D40*E40+F40*G40+J40*K40+N40*O40+R40*S40)/(E40+G40+K40+O40+S40) -> 1.0345893 | U40: 7497 | V40: =U40/11*6 -> 4089.2727 | W40: =ROUND(T40*V40,1) -> 4230.7 | X40: =W40-V40 -> 141.42727 | Z40: 668.7 | AA40: 646.1 | AB40: 710.9 | AC40: 848.2 | AE40: 595.7 | AG40: =ROUND(W40-SUM(Y40:AF40),1) -> 761.1 | AM40: =IF(OR(AG40<0,AH40="+",AI40="+",AJ40="+",AK40="+",AL40="+"),0,AG40) -> 761.1 | AO40: =ROUND(AM40-AN40,1) -> 761.1 | AP40: 659.1 | AQ40: =ROUND(AO40-AP40,1) -> 102
A41: Кинель-Черкасский | B41: 153986.2 | C41: 142889.2 | D41: =IF(E41=0,0,IF(B41=0,1,IF(C41<0,0,IF(C41/B41>1.2,IF((C41/B41-1.2)*0.1+1.2>1.3,1.3,(C41/B41-1.2)*0.1+1.2),C41/B41)))) -> 0.9279351 | E41: 15 | F41: 1 | G41: 10 | H41: 6505 | I41: 6403.9 | J41: =IF(K41=0,0,IF(H41=0,1,IF(I41<0,0,IF(I41/H41>1.2,IF((I41/H41-1.2)*0.1+1.2>1.3,1.3,(I41/H41-1.2)*0.1+1.2),I41/H41)))) -> 0.98445811 | K41: 10 | L41: 739 | M41: 753 | N41: =IF(O41=0,0,IF(L41=0,1,IF(M41<0,0,IF(M41/L41>1.2,IF((M41/L41-1.2)*0.1+1.2>1.3,1.3,(M41/L41-1.2)*0.1+1.2),M41/L41)))) -> 1.0189445 | O41: 15 | P41: 3.9 | Q41: 3.7 | R41: =IF(S41=0,0,IF(Q41=0,1.3,IF(Q41<0,0,IF(P41/Q41>1.2,IF((P41/Q41-1.2)*0.1+1.2>1.3,1.3,(P41/Q41-1.2)*0.1+1.2),P41/Q41)))) -> 1.0540541 | S41: 15 | T41: =(D41*E41+F41*G41+J41*K41+N41*O41+R41*S41)/(E41+G41+K41+O41+S41) -> 0.9978244 | U41: 19492 | V41: =U41/11*6 -> 10632 | W41: =ROUND(T41*V41,1) -> 10608.9 | X41: =W41-V41 -> -23.1 | Z41: 1545.4 | AA41: 1558.9 | AB41: 2066.3 | AC41: 602.1 | AE41: 1533.4 | AG41: =ROUND(W41-SUM(Y41:AF41),1) -> 3302.8 | AM41: =IF(OR(AG41<0,AH41="+",AI41="+",AJ41="+",AK41="+",AL41="+"),0,AG41) -> 3302.8 | AO41: =ROUND(AM41-AN41,1) -> 3302.8 | AP41: 2950.3 | AQ41: =ROUND(AO41-AP41,1) -> 352.5
A42: Клявлинский | B42: 49127.7 | C42: 44746.4 | D42: =IF(E42=0,0,IF(B42=0,1,IF(C42<0,0,IF(C42/B42>1.2,IF((C42/B42-1.2)*0.1+1.2>1.3,1.3,(C42/B42-1.2)*0.1+1.2),C42/B42)))) -> 0.91081813 | E42: 15 | F42: 1 | G42: 10 | H42: 1652 | I42: 1648.6 | J42: =IF(K42=0,0,IF(H42=0,1,IF(I42<0,0,IF(I42/H42>1.2,IF((I42/H42-1.2)*0.1+1.2>1.3,1.3,(I42/H42-1.2)*0.1+1.2),I42/H42)))) -> 0.99794189 | K42: 10 | L42: 561 | M42: 664 | N42: =IF(O42=0,0,IF(L42=0,1,IF(M42<0,0,IF(M42/L42>1.2,IF((M42/L42-1.2)*0.1+1.2>1.3,1.3,(M42/L42-1.2)*0.1+1.2),M42/L42)))) -> 1.1836007 | O42: 15 | P42: 7 | Q42: 0 | R42: =IF(S42=0,0,IF(Q42=0,1.3,IF(Q42<0,0,IF(P42/Q42>1.2,IF((P42/Q42-1.2)*0.1+1.2>1.3,1.3,(P42/Q42-1.2)*0.1+1.2),P42/Q42)))) -> 1.3 | S42: 15 | T42: =(D42*E42+F42*G42+J42*K42+N42*O42+R42*S42)/(E42+G42+K42+O42+S42) -> 1.0907031 | U42: 17936 | V42: =U42/11*6 -> 9783.2727 | W42: =ROUND(T42*V42,1) -> 10670.6 | X42: =W42-V42 -> 887.32727 | Z42: 1320.7 | AA42: 1494.6 | AB42: 2089 | AC42: 2068.8 | AE42: 1602.3 | AG42: =ROUND(W42-SUM(Y42:AF42),1) -> 2095.2 | AM42: =IF(OR(AG42<0,AH42="+",AI42="+",AJ42="+",AK42="+",AL42="+"),0,AG42) -> 2095.2 | AO42: =ROUND(AM42-AN42,1) -> 2095.2 | AP42: 828.2 | AQ42: =ROUND(AO42-AP42,1) -> 1267
A43: Кошкинский | B43: 68444.5 | C43: 70295.8 | D43: =IF(E43=0,0,IF(B43=0,1,IF(C43<0,0,IF(C43/B43>1.2,IF((C43/B43-1.2)*0.1+1.2>1.3,1.3,(C43/B43-1.2)*0.1+1.2),C43/B43)))) -> 1.0270482 | E43: 15 | F43: 1 | G43: 10 | H43: 5967 | I43: 5845.8 | J43: =IF(K43=0,0,IF(H43=0,1,IF(I43<0,0,IF(I43/H43>1.2,IF((I43/H43-1.2)*0.1+1.2>1.3,1.3,(I43/H43-1.2)*0.1+1.2),I43/H43)))) -> 0.97968829 | K43: 10 | L43: 739 | M43: 1109 | N43: =IF(O43=0,0,IF(L43=0,1,IF(M43<0,0,IF(M43/L43>1.2,IF((M43/L43-1.2)*0.1+1.2>1.3,1.3,(M43/L43-1.2)*0.1+1.2),M43/L43)))) -> 1.2300677 | O43: 15 | P43: 7 | Q43: 0 | R43: =IF(S43=0,0,IF(Q43=0,1.3,IF(Q43<0,0,IF(P43/Q43>1.2,IF((P43/Q43-1.2)*0.1+1.2>1.3,1.3,(P43/Q43-1.2)*0.1+1.2),P43/Q43)))) -> 1.3 | S43: 15 | T43: =(D43*E43+F43*G43+J43*K43+N43*O43+R43*S43)/(E43+G43+K43+O43+S43) -> 1.1254403 | U43: 41493 | V43: =U43/11*6 -> 22632.545 | W43: =ROUND(T43*V43,1) -> 25471.6 | X43: =W43-V43 -> 2839.0545 | Z43: 4290.1 | AA43: 3450.5 | AB43: 5073.6 | AC43: 3927.3 | AE43: 3055.7 | AG43: =ROUND(W43-SUM(Y43:AF43),1) -> 5674.4 | AM43: =IF(OR(AG43<0,AH43="+",AI43="+",AJ43="+",AK43="+",AL43="+"),0,AG43) -> 5674.4 | AO43: =ROUND(AM43-AN43,1) -> 5674.4 | AP43: 2966.4 | AQ43: =ROUND(AO43-AP43,1) -> 2708
A44: Красноармейский | B44: 64673 | C44: 67184.1 | D44: =IF(E44=0,0,IF(B44=0,1,IF(C44<0,0,IF(C44/B44>1.2,IF((C44/B44-1.2)*0.1+1.2>1.3,1.3,(C44/B44-1.2)*0.1+1.2),C44/B44)))) -> 1.0388276 | E44: 15 | F44: 1 | G44: 10 | H44: 2276 | I44: 2066.7 | J44: =IF(K44=0,0,IF(H44=0,1,IF(I44<0,0,IF(I44/H44>1.2,IF((I44/H44-1.2)*0.1+1.2>1.3,1.3,(I44/H44-1.2)*0.1+1.2),I44/H44)))) -> 0.90804042 | K44: 10 | L44: 739 | M44: 740 | N44: =IF(O44=0,0,IF(L44=0,1,IF(M44<0,0,IF(M44/L44>1.2,IF((M44/L44-1.2)*0.1+1.2>1.3,1.3,(M44/L44-1.2)*0.1+1.2),M44/L44)))) -> 1.0013532 | O44: 15 | P44: 83.7 | Q44: 78.8 | R44: =IF(S44=0,0,IF(Q44=0,1.3,IF(Q44<0,0,IF(P44/Q44>1.2,IF((P44/Q44-1.2)*0.1+1.2>1.3,1.3,(P44/Q44-1.2)*0.1+1.2),P44/Q44)))) -> 1.0621827 | S44: 15 | T44: =(D44*E44+F44*G44+J44*K44+N44*O44+R44*S44)/(E44+G44+K44+O44+S44) -> 1.0094747 | U44: 30618 | V44: =U44/11*6 -> 16700.727 | W44: =ROUND(T44*V44,1) -> 16859 | X44: =W44-V44 -> 158.27273 | Z44: 2415.9 | AA44: 3271.2 | AB44: 1709.2 | AC44: 2581.3 | AE44: 2548.4 | AF44: 1842.5 | AG44: =ROUND(W44-SUM(Y44:AF44),1) -> 2490.5 | AM44: =IF(OR(AG44<0,AH44="+",AI44="+",AJ44="+",AK44="+",AL44="+"),0,AG44) -> 2490.5 | AO44: =ROUND(AM44-AN44,1) -> 2490.5 | AP44: 2171.3 | AQ44: =ROUND(AO44-AP44,1) -> 319.2
A45: Красноярский | B45: 266566.6 | C45: 234461.1 | D45: =IF(E45=0,0,IF(B45=0,1,IF(C45<0,0,IF(C45/B45>1.2,IF((C45/B45-1.2)*0.1+1.2>1.3,1.3,(C45/B45-1.2)*0.1+1.2),C45/B45)))) -> 0.87955918 | E45: 15 | F45: 1 | G45: 10 | H45: 13920 | I45: 14291.8 | J45: =IF(K45=0,0,IF(H45=0,1,IF(I45<0,0,IF(I45/H45>1.2,IF((I45/H45-1.2)*0.1+1.2>1.3,1.3,(I45/H45-1.2)*0.1+1.2),I45/H45)))) -> 1.0267098 | K45: 10 | L45: 1099 | M45: 2640 | N45: =IF(O45=0,0,IF(L45=0,1,IF(M45<0,0,IF(M45/L45>1.2,IF((M45/L45-1.2)*0.1+1.2>1.3,1.3,(M45/L45-1.2)*0.1+1.2),M45/L45)))) -> 1.3 | O45: 15 | P45: 56 | Q45: 55.5 | R45: =IF(S45=0,0,IF(Q45=0,1.3,IF(Q45<0,0,IF(P45/Q45>1.2,IF((P45/Q45-1.2)*0.1+1.2>1.3,1.3,(P45/Q45-1.2)*0.1+1.2),P45/Q45)))) -> 1.009009 | S45: 15 | T45: =(D45*E45+F45*G45+J45*K45+N45*O45+R45*S45)/(E45+G45+K45+O45+S45) -> 1.0476249 | U45: 42719 | V45: =U45/11*6 -> 23301.273 | W45: =ROUND(T45*V45,1) -> 24411 | X45: =W45-V45 -> 1109.7273 | Z45: 3604.8 | AA45: 3633.2 | AB45: 3969.5 | AC45: 4546.5 | AE45: 3784.8 | AG45: =ROUND(W45-SUM(Y45:AF45),1) -> 4872.2 | AM45: =IF(OR(AG45<0,AH45="+",AI45="+",AJ45="+",AK45="+",AL45="+"),0,AG45) -> 4872.2 | AO45: =ROUND(AM45-AN45,1) -> 4872.2 | AP45: 2737.5 | AQ45: =ROUND(AO45-AP45,1) -> 2134.7
A46: Нефтегорский | B46: 126526.4 | C46: 113727.4 | D46: =IF(E46=0,0,IF(B46=0,1,IF(C46<0,0,IF(C46/B46>1.2,IF((C46/B46-1.2)*0.1+1.2>1.3,1.3,(C46/B46-1.2)*0.1+1.2),C46/B46)))) -> 0.89884325 | E46: 15 | F46: 1 | G46: 10 | H46: 7765 | I46: 7637.8 | J46: =IF(K46=0,0,IF(H46=0,1,IF(I46<0,0,IF(I46/H46>1.2,IF((I46/H46-1.2)*0.1+1.2>1.3,1.3,(I46/H46-1.2)*0.1+1.2),I46/H46)))) -> 0.9836188 | K46: 10 | L46: 739 | M46: 871 | N46: =IF(O46=0,0,IF(L46=0,1,IF(M46<0,0,IF(M46/L46>1.2,IF((M46/L46-1.2)*0.1+1.2>1.3,1.3,(M46/L46-1.2)*0.1+1.2),M46/L46)))) -> 1.1786198 | O46: 15 | P46: 89 | Q46: 111.3 | R46: =IF(S46=0,0,IF(Q46=0,1.3,IF(Q46<0,0,IF(P46/Q46>1.2,IF((P46/Q46-1.2)*0.1+1.2>1.3,1.3,(P46/Q46-1.2)*0.1+1.2),P46/Q46)))) -> 0.79964061 | S46: 15 | T46: =(D46*E46+F46*G46+J46*K46+N46*O46+R46*S46)/(E46+G46+K46+O46+S46) -> 0.96911911 | U46: 38544 | V46: =U46/11*6 -> 21024 | W46: =ROUND(T46*V46,1) -> 20374.8 | X46: =W46-V46 -> -649.2 | Z46: 3038.9 | AA46: 3113.8 | AB46: 4838.3 | AC46: 3938.7 | AE46: 3215.4 | AG46: =ROUND(W46-SUM(Y46:AF46),1) -> 2229.7 | AM46: =IF(OR(AG46<0,AH46="+",AI46="+",AJ46="+",AK46="+",AL46="+"),0,AG46) -> 2229.7 | AO46: =ROUND(AM46-AN46,1) -> 2229.7 | AP46: 1869 | AQ46: =ROUND(AO46-AP46,1) -> 360.7
A47: Пестравский | B47: 56876.1 | C47: 74972.6 | D47: =IF(E47=0,0,IF(B47=0,1,IF(C47<0,0,IF(C47/B47>1.2,IF((C47/B47-1.2)*0.1+1.2>1.3,1.3,(C47/B47-1.2)*0.1+1.2),C47/B47)))) -> 1.2118174 | E47: 15 | F47: 1 | G47: 10 | H47: 1837 | I47: 1740.9 | J47: =IF(K47=0,0,IF(H47=0,1,IF(I47<0,0,IF(I47/H47>1.2,IF((I47/H47-1.2)*0.1+1.2>1.3,1.3,(I47/H47-1.2)*0.1+1.2),I47/H47)))) -> 0.94768645 | K47: 10 | L47: 561 | M47: 599 | N47: =IF(O47=0,0,IF(L47=0,1,IF(M47<0,0,IF(M47/L47>1.2,IF((M47/L47-1.2)*0.1+1.2>1.3,1.3,(M47/L47-1.2)*0.1+1.2),M47/L47)))) -> 1.0677362 | O47: 15 | P47: 15.1 | Q47: 9.8 | R47: =IF(S47=0,0,IF(Q47=0,1.3,IF(Q47<0,0,IF(P47/Q47>1.2,IF((P47/Q47-1.2)*0.1+1.2>1.3,1.3,(P47/Q47-1.2)*0.1+1.2),P47/Q47)))) -> 1.2340816 | S47: 15 | T47: =(D47*E47+F47*G47+J47*K47+N47*O47+R47*S47)/(E47+G47+K47+O47+S47) -> 1.110483 | U47: 27283 | V47: =U47/11*6 -> 14881.636 | W47: =ROUND(T47*V47,1) -> 16525.8 | X47: =W47-V47 -> 1644.1636 | Z47: 2703.2 | AA47: 2882 | AB47: 343.3 | AC47: 2570.8 | AE47: 2363.5 | AF47: 1996.8 | AG47: =ROUND(W47-SUM(Y47:AF47),1) -> 3666.2 | AM47: =IF(OR(AG47<0,AH47="+",AI47="+",AJ47="+",AK47="+",AL47="+"),0,AG47) -> 3666.2 | AO47: =ROUND(AM47-AN47,1) -> 3666.2 | AP47: 3150.5 | AQ47: =ROUND(AO47-AP47,1) -> 515.7
A48: Похвистневский | B48: 53576.4 | C48: 55055.8 | D48: =IF(E48=0,0,IF(B48=0,1,IF(C48<0,0,IF(C48/B48>1.2,IF((C48/B48-1.2)*0.1+1.2>1.3,1.3,(C48/B48-1.2)*0.1+1.2),C48/B48)))) -> 1.0276129 | E48: 15 | F48: 1 | G48: 10 | H48: 2546 | I48: 2521.5 | J48: =IF(K48=0,0,IF(H48=0,1,IF(I48<0,0,IF(I48/H48>1.2,IF((I48/H48-1.2)*0.1+1.2>1.3,1.3,(I48/H48-1.2)*0.1+1.2),I48/H48)))) -> 0.99037706 | K48: 10 | L48: 739 | M48: 762 | N48: =IF(O48=0,0,IF(L48=0,1,IF(M48<0,0,IF(M48/L48>1.2,IF((M48/L48-1.2)*0.1+1.2>1.3,1.3,(M48/L48-1.2)*0.1+1.2),M48/L48)))) -> 1.0311231 | O48: 15 | P48: 5.1 | Q48: 1.5 | R48: =IF(S48=0,0,IF(Q48=0,1.3,IF(Q48<0,0,IF(P48/Q48>1.2,IF((P48/Q48-1.2)*0.1+1.2>1.3,1.3,(P48/Q48-1.2)*0.1+1.2),P48/Q48)))) -> 1.3 | S48: 15 | T48: =(D48*E48+F48*G48+J48*K48+N48*O48+R48*S48)/(E48+G48+K48+O48+S48) -> 1.0813048 | U48: 51618 | V48: =U48/11*6 -> 28155.273 | W48: =ROUND(T48*V48,1) -> 30444.4 | X48: =W48-V48 -> 2289.1273 | Z48: 4632.7 | AA48: 4853.2 | AB48: 4826.6 | AC48: 5496.3 | AE48: 4588.2 | AG48: =ROUND(W48-SUM(Y48:AF48),1) -> 6047.4 | AM48: =IF(OR(AG48<0,AH48="+",AI48="+",AJ48="+",AK48="+",AL48="+"),0,AG48) -> 6047.4 | AO48: =ROUND(AM48-AN48,1) -> 6047.4 | AP48: 4014.1 | AQ48: =ROUND(AO48-AP48,1) -> 2033.3
A49: Приволжский | B49: 60795.8 | C49: 57227.2 | D49: =IF(E49=0,0,IF(B49=0,1,IF(C49<0,0,IF(C49/B49>1.2,IF((C49/B49-1.2)*0.1+1.2>1.3,1.3,(C49/B49-1.2)*0.1+1.2),C49/B49)))) -> 0.94130187 | E49: 15 | F49: 1 | G49: 10 | H49: 2640 | I49: 2810.7 | J49: =IF(K49=0,0,IF(H49=0,1,IF(I49<0,0,IF(I49/H49>1.2,IF((I49/H49-1.2)*0.1+1.2>1.3,1.3,(I49/H49-1.2)*0.1+1.2),I49/H49)))) -> 1.0646591 | K49: 10 | L49: 561 | M49: 977 | N49: =IF(O49=0,0,IF(L49=0,1,IF(M49<0,0,IF(M49/L49>1.2,IF((M49/L49-1.2)*0.1+1.2>1.3,1.3,(M49/L49-1.2)*0.1+1.2),M49/L49)))) -> 1.2541533 | O49: 15 | P49: 27.4 | Q49: 49.6 | R49: =IF(S49=0,0,IF(Q49=0,1.3,IF(Q49<0,0,IF(P49/Q49>1.2,IF((P49/Q49-1.2)*0.1+1.2>1.3,1.3,(P49/Q49-1.2)*0.1+1.2),P49/Q49)))) -> 0.55241935 | S49: 15 | T49: =(D49*E49+F49*G49+J49*K49+N49*O49+R49*S49)/(E49+G49+K49+O49+S49) -> 0.95176475 | U49: 40697 | V49: =U49/11*6 -> 22198.364 | W49: =ROUND(T49*V49,1) -> 21127.6 | X49: =W49-V49 -> -1070.7636 | Z49: 3910.7 | AA49: 4150.5 | AB49: 496.5 | AC49: 2803.8 | AE49: 3283.1 | AF49: 3630.4 | AG49: =ROUND(W49-SUM(Y49:AF49),1) -> 2852.6 | AM49: =IF(OR(AG49<0,AH49="+",AI49="+",AJ49="+",AK49="+",AL49="+"),0,AG49) -> 2852.6 | AO49: =ROUND(AM49-AN49,1) -> 2852.6 | AP49: 3775 | AQ49: =ROUND(AO49-AP49,1) -> -922.4
A50: Сергиевский | B50: 210868.4 | C50: 218403.3 | D50: =IF(E50=0,0,IF(B50=0,1,IF(C50<0,0,IF(C50/B50>1.2,IF((C50/B50-1.2)*0.1+1.2>1.3,1.3,(C50/B50-1.2)*0.1+1.2),C50/B50)))) -> 1.0357327 | E50: 15 | F50: 1 | G50: 10 | H50: 8128 | I50: 8260.8 | J50: =IF(K50=0,0,IF(H50=0,1,IF(I50<0,0,IF(I50/H50>1.2,IF((I50/H50-1.2)*0.1+1.2>1.3,1.3,(I50/H50-1.2)*0.1+1.2),I50/H50)))) -> 1.0163386 | K50: 10 | L50: 739 | M50: 1682 | N50: =IF(O50=0,0,IF(L50=0,1,IF(M50<0,0,IF(M50/L50>1.2,IF((M50/L50-1.2)*0.1+1.2>1.3,1.3,(M50/L50-1.2)*0.1+1.2),M50/L50)))) -> 1.3 | O50: 15 | P50: 71 | Q50: 42.4 | R50: =IF(S50=0,0,IF(Q50=0,1.3,IF(Q50<0,0,IF(P50/Q50>1.2,IF((P50/Q50-1.2)*0.1+1.2>1.3,1.3,(P50/Q50-1.2)*0.1+1.2),P50/Q50)))) -> 1.2474528 | S50: 15 | T50: =(D50*E50+F50*G50+J50*K50+N50*O50+R50*S50)/(E50+G50+K50+O50+S50) -> 1.1370949 | U50: 35165 | V50: =U50/11*6 -> 19180.909 | W50: =ROUND(T50*V50,1) -> 21810.5 | X50: =W50-V50 -> 2629.5909 | Z50: 3424.7 | AA50: 2952.5 | AB50: 2684.2 | AC50: 3644.7 | AE50: 3321.1 | AF50: 1183 | AG50: =ROUND(W50-SUM(Y50:AF50),1) -> 4600.3 | AM50: =IF(OR(AG50<0,AH50="+",AI50="+",AJ50="+",AK50="+",AL50="+"),0,AG50) -> 4600.3 | AO50: =ROUND(AM50-AN50,1) -> 4600.3 | AP50: 2354 | AQ50: =ROUND(AO50-AP50,1) -> 2246.3
A51: Ставропольский | B51: 326890.5 | C51: 265461.8 | D51: =IF(E51=0,0,IF(B51=0,1,IF(C51<0,0,IF(C51/B51>1.2,IF((C51/B51-1.2)*0.1+1.2>1.3,1.3,(C51/B51-1.2)*0.1+1.2),C51/B51)))) -> 0.81208172 | E51: 15 | F51: 1 | G51: 10 | H51: 18874 | I51: 18506.7 | J51: =IF(K51=0,0,IF(H51=0,1,IF(I51<0,0,IF(I51/H51>1.2,IF((I51/H51-1.2)*0.1+1.2>1.3,1.3,(I51/H51-1.2)*0.1+1.2),I51/H51)))) -> 0.98053937 | K51: 10 | L51: 1431 | M51: 1468 | N51: =IF(O51=0,0,IF(L51=0,1,IF(M51<0,0,IF(M51/L51>1.2,IF((M51/L51-1.2)*0.1+1.2>1.3,1.3,(M51/L51-1.2)*0.1+1.2),M51/L51)))) -> 1.025856 | O51: 15 | P51: 164.3 | Q51: 190.4 | R51: =IF(S51=0,0,IF(Q51=0,1.3,IF(Q51<0,0,IF(P51/Q51>1.2,IF((P51/Q51-1.2)*0.1+1.2>1.3,1.3,(P51/Q51-1.2)*0.1+1.2),P51/Q51)))) -> 0.86292017 | S51: 15 | T51: =(D51*E51+F51*G51+J51*K51+N51*O51+R51*S51)/(E51+G51+K51+O51+S51) -> 0.92797327 | U51: 75304 | V51: =U51/11*6 -> 41074.909 | W51: =ROUND(T51*V51,1) -> 38116.4 | X51: =W51-V51 -> -2958.5091 | Z51: 6862.3 | AA51: 6235.3 | AB51: 4910.5 | AC51: 7713.1 | AE51: 5938.6 | AG51: =ROUND(W51-SUM(Y51:AF51),1) -> 6456.6 | AM51: =IF(OR(AG51<0,AH51="+",AI51="+",AJ51="+",AK51="+",AL51="+"),0,AG51) -> 6456.6 | AO51: =ROUND(AM51-AN51,1) -> 6456.6 | AP51: 5878.7 | AQ51: =ROUND(AO51-AP51,1) -> 577.9
A52: Сызранский | B52: 85832.1 | C52: 86196.8 | D52: =IF(E52=0,0,IF(B52=0,1,IF(C52<0,0,IF(C52/B52>1.2,IF((C52/B52-1.2)*0.1+1.2>1.3,1.3,(C52/B52-1.2)*0.1+1.2),C52/B52)))) -> 1.004249 | E52: 15 | F52: 1 | G52: 10 | H52: 3496 | I52: 3651.1 | J52: =IF(K52=0,0,IF(H52=0,1,IF(I52<0,0,IF(I52/H52>1.2,IF((I52/H52-1.2)*0.1+1.2>1.3,1.3,(I52/H52-1.2)*0.1+1.2),I52/H52)))) -> 1.044365 | K52: 10 | L52: 739 | M52: 2062 | N52: =IF(O52=0,0,IF(L52=0,1,IF(M52<0,0,IF(M52/L52>1.2,IF((M52/L52-1.2)*0.1+1.2>1.3,1.3,(M52/L52-1.2)*0.1+1.2),M52/L52)))) -> 1.3 | O52: 15 | P52: 21 | Q52: 23.8 | R52: =IF(S52=0,0,IF(Q52=0,1.3,IF(Q52<0,0,IF(P52/Q52>1.2,IF((P52/Q52-1.2)*0.1+1.2>1.3,1.3,(P52/Q52-1.2)*0.1+1.2),P52/Q52)))) -> 0.88235294 | S52: 15 | T52: =(D52*E52+F52*G52+J52*K52+N52*O52+R52*S52)/(E52+G52+K52+O52+S52) -> 1.0498874 | U52: 35659 | V52: =U52/11*6 -> 19450.364 | W52: =ROUND(T52*V52,1) -> 20420.7 | X52: =W52-V52 -> 970.33636 | Z52: 3394.5 | AA52: 3024.1 | AB52: 954.2 | AC52: 3860.4 | AE52: 2696 | AF52: 2236.5 | AG52: =ROUND(W52-SUM(Y52:AF52),1) -> 4255 | AM52: =IF(OR(AG52<0,AH52="+",AI52="+",AJ52="+",AK52="+",AL52="+"),0,AG52) -> 4255 | AO52: =ROUND(AM52-AN52,1) -> 4255 | AP52: 3566.6 | AQ52: =ROUND(AO52-AP52,1) -> 688.4
A53: Хворостянский | B53: 40368 | C53: 36444.2 | D53: =IF(E53=0,0,IF(B53=0,1,IF(C53<0,0,IF(C53/B53>1.2,IF((C53/B53-1.2)*0.1+1.2>1.3,1.3,(C53/B53-1.2)*0.1+1.2),C53/B53)))) -> 0.90279925 | E53: 15 | F53: 1 | G53: 10 | H53: 1884 | I53: 1785.2 | J53: =IF(K53=0,0,IF(H53=0,1,IF(I53<0,0,IF(I53/H53>1.2,IF((I53/H53-1.2)*0.1+1.2>1.3,1.3,(I53/H53-1.2)*0.1+1.2),I53/H53)))) -> 0.94755839 | K53: 10 | L53: 561 | M53: 755 | N53: =IF(O53=0,0,IF(L53=0,1,IF(M53<0,0,IF(M53/L53>1.2,IF((M53/L53-1.2)*0.1+1.2>1.3,1.3,(M53/L53-1.2)*0.1+1.2),M53/L53)))) -> 1.2145811 | O53: 15 | P53: 26 | Q53: 33.5 | R53: =IF(S53=0,0,IF(Q53=0,1.3,IF(Q53<0,0,IF(P53/Q53>1.2,IF((P53/Q53-1.2)*0.1+1.2>1.3,1.3,(P53/Q53-1.2)*0.1+1.2),P53/Q53)))) -> 0.7761194 | S53: 15 | T53: =(D53*E53+F53*G53+J53*K53+N53*O53+R53*S53)/(E53+G53+K53+O53+S53) -> 0.96735508 | U53: 32900 | V53: =U53/11*6 -> 17945.455 | W53: =ROUND(T53*V53,1) -> 17359.6 | X53: =W53-V53 -> -585.85455 | Z53: 3124 | AA53: 2829.9 | AB53: 1068.2 | AC53: 2342.7 | AE53: 2560.3 | AF53: 2362 | AG53: =ROUND(W53-SUM(Y53:AF53),1) -> 3072.5 | AM53: =IF(OR(AG53<0,AH53="+",AI53="+",AJ53="+",AK53="+",AL53="+"),0,AG53) -> 3072.5 | AO53: =ROUND(AM53-AN53,1) -> 3072.5 | AP53: 2641.9 | AQ53: =ROUND(AO53-AP53,1) -> 430.6
A54: Челно-Вершинский | B54: 34334.7 | C54: 29383.5 | D54: =IF(E54=0,0,IF(B54=0,1,IF(C54<0,0,IF(C54/B54>1.2,IF((C54/B54-1.2)*0.1+1.2>1.3,1.3,(C54/B54-1.2)*0.1+1.2),C54/B54)))) -> 0.85579603 | E54: 15 | F54: 1 | G54: 10 | H54: 1742 | I54: 1869.3 | J54: =IF(K54=0,0,IF(H54=0,1,IF(I54<0,0,IF(I54/H54>1.2,IF((I54/H54-1.2)*0.1+1.2>1.3,1.3,(I54/H54-1.2)*0.1+1.2),I54/H54)))) -> 1.0730769 | K54: 10 | L54: 561 | M54: 597 | N54: =IF(O54=0,0,IF(L54=0,1,IF(M54<0,0,IF(M54/L54>1.2,IF((M54/L54-1.2)*0.1+1.2>1.3,1.3,(M54/L54-1.2)*0.1+1.2),M54/L54)))) -> 1.0641711 | O54: 15 | P54: 5.7 | Q54: 4.9 | R54: =IF(S54=0,0,IF(Q54=0,1.3,IF(Q54<0,0,IF(P54/Q54>1.2,IF((P54/Q54-1.2)*0.1+1.2>1.3,1.3,(P54/Q54-1.2)*0.1+1.2),P54/Q54)))) -> 1.1632653 | S54: 15 | T54: =(D54*E54+F54*G54+J54*K54+N54*O54+R54*S54)/(E54+G54+K54+O54+S54) -> 1.0304501 | U54: 35463 | V54: =U54/11*6 -> 19343.455 | W54: =ROUND(T54*V54,1) -> 19932.5 | X54: =W54-V54 -> 589.04545 | Z54: 2875.4 | AA54: 3055.6 | AB54: 3086.8 | AC54: 3665 | AE54: 3308.5 | AG54: =ROUND(W54-SUM(Y54:AF54),1) -> 3941.2 | AM54: =IF(OR(AG54<0,AH54="+",AI54="+",AJ54="+",AK54="+",AL54="+"),0,AG54) -> 3941.2 | AO54: =ROUND(AM54-AN54,1) -> 3941.2 | AP54: 2560.6 | AQ54: =ROUND(AO54-AP54,1) -> 1380.6
A55: Шенталинский | B55: 36381.7 | C55: 39475.9 | D55: =IF(E55=0,0,IF(B55=0,1,IF(C55<0,0,IF(C55/B55>1.2,IF((C55/B55-1.2)*0.1+1.2>1.3,1.3,(C55/B55-1.2)*0.1+1.2),C55/B55)))) -> 1.0850483 | E55: 15 | F55: 1 | G55: 10 | H55: 3167 | I55: 2942.8 | J55: =IF(K55=0,0,IF(H55=0,1,IF(I55<0,0,IF(I55/H55>1.2,IF((I55/H55-1.2)*0.1+1.2>1.3,1.3,(I55/H55-1.2)*0.1+1.2),I55/H55)))) -> 0.92920745 | K55: 10 | L55: 561 | M55: 1059 | N55: =IF(O55=0,0,IF(L55=0,1,IF(M55<0,0,IF(M55/L55>1.2,IF((M55/L55-1.2)*0.1+1.2>1.3,1.3,(M55/L55-1.2)*0.1+1.2),M55/L55)))) -> 1.2687701 | O55: 15 | P55: 2.8 | Q55: 2.7 | R55: =IF(S55=0,0,IF(Q55=0,1.3,IF(Q55<0,0,IF(P55/Q55>1.2,IF((P55/Q55-1.2)*0.1+1.2>1.3,1.3,(P55/Q55-1.2)*0.1+1.2),P55/Q55)))) -> 1.037037 | S55: 15 | T55: =(D55*E55+F55*G55+J55*K55+N55*O55+R55*S55)/(E55+G55+K55+O55+S55) -> 1.0793062 | U55: 33094 | V55: =U55/11*6 -> 18051.273 | W55: =ROUND(T55*V55,1) -> 19482.9 | X55: =W55-V55 -> 1431.6273 | Z55: 2821.4 | AA55: 3413.5 | AB55: 2900.4 | AC55: 3522.8 | AE55: 3414.4 | AG55: =ROUND(W55-SUM(Y55:AF55),1) -> 3410.4 | AM55: =IF(OR(AG55<0,AH55="+",AI55="+",AJ55="+",AK55="+",AL55="+"),0,AG55) -> 3410.4 | AO55: =ROUND(AM55-AN55,1) -> 3410.4 | AP55: 2271.6 | AQ55: =ROUND(AO55-AP55,1) -> 1138.8
A56: Шигонский | B56: 56667.4 | C56: 54302.1 | D56: =IF(E56=0,0,IF(B56=0,1,IF(C56<0,0,IF(C56/B56>1.2,IF((C56/B56-1.2)*0.1+1.2>1.3,1.3,(C56/B56-1.2)*0.1+1.2),C56/B56)))) -> 0.95825995 | E56: 15 | F56: 1 | G56: 10 | H56: 3751 | I56: 3492.8 | J56: =IF(K56=0,0,IF(H56=0,1,IF(I56<0,0,IF(I56/H56>1.2,IF((I56/H56-1.2)*0.1+1.2>1.3,1.3,(I56/H56-1.2)*0.1+1.2),I56/H56)))) -> 0.93116502 | K56: 10 | L56: 739 | M56: 1265 | N56: =IF(O56=0,0,IF(L56=0,1,IF(M56<0,0,IF(M56/L56>1.2,IF((M56/L56-1.2)*0.1+1.2>1.3,1.3,(M56/L56-1.2)*0.1+1.2),M56/L56)))) -> 1.2511773 | O56: 15 | P56: 25.7 | Q56: 36.9 | R56: =IF(S56=0,0,IF(Q56=0,1.3,IF(Q56<0,0,IF(P56/Q56>1.2,IF((P56/Q56-1.2)*0.1+1.2>1.3,1.3,(P56/Q56-1.2)*0.1+1.2),P56/Q56)))) -> 0.69647696 | S56: 15 | T56: =(D56*E56+F56*G56+J56*K56+N56*O56+R56*S56)/(E56+G56+K56+O56+S56) -> 0.96769789 | U56: 43572 | V56: =U56/11*6 -> 23766.545 | W56: =ROUND(T56*V56,1) -> 22998.8 | X56: =W56-V56 -> -767.74545 | Z56: 3757.6 | AA56: 4299.8 | AB56: 1819.7 | AC56: 5452.7 | AE56: 3396.5 | AF56: 1003.8 | AG56: =ROUND(W56-SUM(Y56:AF56),1) -> 3268.7 | AM56: =IF(OR(AG56<0,AH56="+",AI56="+",AJ56="+",AK56="+",AL56="+"),0,AG56) -> 3268.7 | AO56: =ROUND(AM56-AN56,1) -> 3268.7 | AP56: 3143.9 | AQ56: =ROUND(AO56-AP56,1) -> 124.8
A57: Городские и сельские поселения | B57: =SUM(B58:B380) -> 976660.2 | C57: =SUM(C58:C380) -> 853091.8 | D57: =IF(C57/B57>1.2,IF((C57/B57-1.2)*0.1+1.2>1.3,1.3,(C57/B57-1.2)*0.1+1.2),C57/B57) -> 0.87347862 | J57: =J29 -> 1.0083691 | N57: =N29 -> 1.2198418 | R57: =R29 -> 1.0596959 | U57: =SUM(U58:U380) -> 479865 | V57: =SUM(V58:V380) -> 261744.55 | W57: =SUM(W58:W380) -> 261934.4 | X57: =SUM(X58:X380) -> 189.85455 | Y57: =SUM(Y58:Y380) -> 0 | Z57: =SUM(Z58:Z380) -> 39603.3 | AA57: =SUM(AA58:AA380) -> 40077.2 | AB57: =SUM(AB58:AB380) -> 40331.1 | ... AG57: =SUM(AG58:AG380) -> 55120.5 | AM57: =SUM(AM58:AM380) -> 55120.5 | AN57: =SUM(AN58:AN380) -> 58.8 | AO57: =SUM(AO58:AO380) -> 55061.7 | AP57: =SUM(AP58:AP380) -> 38033.6 | AQ57: =SUM(AQ58:AQ380) -> 17028.1
A58: Муниципальный район Алексеевский
A59: Сельское поселение Авангард | B59: 1349.2 | C59: 1068.5 | D59: =IF(E59=0,0,IF(B59=0,1,IF(C59<0,0,IF(C59/B59>1.2,IF((C59/B59-1.2)*0.1+1.2>1.3,1.3,(C59/B59-1.2)*0.1+1.2),C59/B59)))) -> 0.79195079 | E59: 15 | F59: 1 | G59: 10 | J59: =J$30 -> 1.0080909 | K59: 10 | N59: =N$30 -> 0.12655971 | O59: 15 | R59: =R$30 -> 0.81818182 | S59: 15 | T59: =(D59*E59+F59*G59+J59*K59+N59*O59+R59*S59)/(E59+G59+K59+O59+S59) -> 0.70971221 | U59: 1726 | V59: =U59/11*6 -> 941.45455 | W59: =ROUND(T59*V59,1) -> 668.2 | X59: =W59-V59 -> -273.25455 | Z59: 172.6 | AA59: 164.8 | AB59: 76.1 | AC59: 41.9 | AE59: 120.9 | AG59: =ROUND(W59-SUM(Y59:AF59),1) -> 91.9 | AM59: =IF(OR(AG59<0,AH59="+",AI59="+",AJ59="+",AK59="+",AL59="+"),0,AG59) -> 91.9 | AO59: =ROUND(AM59-AN59,1) -> 91.9 | AP59: 283.4 | AQ59: =ROUND(AO59-AP59,1) -> -191.5
A60: Сельское поселение Алексеевка | B60: 5593.1 | C60: 4261.2 | D60: =IF(E60=0,0,IF(B60=0,1,IF(C60<0,0,IF(C60/B60>1.2,IF((C60/B60-1.2)*0.1+1.2>1.3,1.3,(C60/B60-1.2)*0.1+1.2),C60/B60)))) -> 0.7618673 | E60: 15 | F60: 1 | G60: 10 | J60: =J$30 -> 1.0080909 | K60: 10 | N60: =N$30 -> 0.12655971 | O60: 15 | R60: =R$30 -> 0.81818182 | S60: 15 | T60: =(D60*E60+F60*G60+J60*K60+N60*O60+R60*S60)/(E60+G60+K60+O60+S60) -> 0.70276987 | U60: 2007 | V60: =U60/11*6 -> 1094.7273 | W60: =ROUND(T60*V60,1) -> 769.3 | X60: =W60-V60 -> -325.42727 | Z60: 136.8 | AA60: 188.1 | AB60: 184.1 | AC60: 44.3 | AE60: 181.9 | AG60: =ROUND(W60-SUM(Y60:AF60),1) -> 34.1 | AM60: =IF(OR(AG60<0,AH60="+",AI60="+",AJ60="+",AK60="+",AL60="+"),0,AG60) -> 34.1 | AO60: =ROUND(AM60-AN60,1) -> 34.1 | AP60: 250.3 | AQ60: =ROUND(AO60-AP60,1) -> -216.2
A61: Сельское поселение Гавриловка | B61: 720 | C61: 570.8 | D61: =IF(E61=0,0,IF(B61=0,1,IF(C61<0,0,IF(C61/B61>1.2,IF((C61/B61-1.2)*0.1+1.2>1.3,1.3,(C61/B61-1.2)*0.1+1.2),C61/B61)))) -> 0.79277778 | E61: 15 | F61: 1 | G61: 10 | J61: =J$30 -> 1.0080909 | K61: 10 | N61: =N$30 -> 0.12655971 | O61: 15 | R61: =R$30 -> 0.81818182 | S61: 15 | T61: =(D61*E61+F61*G61+J61*K61+N61*O61+R61*S61)/(E61+G61+K61+O61+S61) -> 0.70990306 | U61: 1829 | V61: =U61/11*6 -> 997.63636 | W61: =ROUND(T61*V61,1) -> 708.2 | X61: =W61-V61 -> -289.43636 | Z61: 112.7 | AA61: 177.6 | AB61: 128.3 | AC61: 50 | AE61: 128.1 | AG61: =ROUND(W61-SUM(Y61:AF61),1) -> 111.5 | AM61: =IF(OR(AG61<0,AH61="+",AI61="+",AJ61="+",AK61="+",AL61="+"),0,AG61) -> 111.5 | AO61: =ROUND(AM61-AN61,1) -> 111.5 | AP61: 314.6 | AQ61: =ROUND(AO61-AP61,1) -> -203.1
A62: Сельское поселение Герасимовка | B62: 872.9 | C62: 1293.1 | D62: =IF(E62=0,0,IF(B62=0,1,IF(C62<0,0,IF(C62/B62>1.2,IF((C62/B62-1.2)*0.1+1.2>1.3,1.3,(C62/B62-1.2)*0.1+1.2),C62/B62)))) -> 1.2281384 | E62: 15 | F62: 1 | G62: 10 | J62: =J$30 -> 1.0080909 | K62: 10 | N62: =N$30 -> 0.12655971 | O62: 15 | R62: =R$30 -> 0.81818182 | S62: 15 | T62: =(D62*E62+F62*G62+J62*K62+N62*O62+R62*S62)/(E62+G62+K62+O62+S62) -> 0.81037089 | U62: 1055 | V62: =U62/11*6 -> 575.45455 | W62: =ROUND(T62*V62,1) -> 466.3 | X62: =W62-V62 -> -109.15455 | Z62: 80.5 | AA62: 66.4 | AB62: 149 | AC62: 44.9 | AE62: 111.3 | AG62: =ROUND(W62-SUM(Y62:AF62),1) -> 14.2 | AM62: =IF(OR(AG62<0,AH62="+",AI62="+",AJ62="+",AK62="+",AL62="+"),0,AG62) -> 14.2 | AO62: =ROUND(AM62-AN62,1) -> 14.2 | AP62: 180.9 | AQ62: =ROUND(AO62-AP62,1) -> -166.7
A63: Сельское поселение Летниково | B63: 472.5 | C63: 493.3 | D63: =IF(E63=0,0,IF(B63=0,1,IF(C63<0,0,IF(C63/B63>1.2,IF((C63/B63-1.2)*0.1+1.2>1.3,1.3,(C63/B63-1.2)*0.1+1.2),C63/B63)))) -> 1.0440212 | E63: 15 | F63: 1 | G63: 10 | J63: =J$30 -> 1.0080909 | K63: 10 | N63: =N$30 -> 0.12655971 | O63: 15 | R63: =R$30 -> 0.81818182 | S63: 15 | T63: =(D63*E63+F63*G63+J63*K63+N63*O63+R63*S63)/(E63+G63+K63+O63+S63) -> 0.7678823 | U63: 2476 | V63: =U63/11*6 -> 1350.5455 | W63: =ROUND(T63*V63,1) -> 1037.1 | X63: =W63-V63 -> -313.44545 | Z63: 215.2 | AA63: 233.5 | AB63: 176.9 | AC63: 108.5 | AE63: 205.6 | AG63: =ROUND(W63-SUM(Y63:AF63),1) -> 97.4 | AM63: =IF(OR(AG63<0,AH63="+",AI63="+",AJ63="+",AK63="+",AL63="+"),0,AG63) -> 97.4 | AO63: =ROUND(AM63-AN63,1) -> 97.4 | AP63: 439.4 | AQ63: =ROUND(AO63-AP63,1) -> -342
A64: Муниципальный район Безенчукский
A65: Городское поселение Безенчук | B65: 35468.8 | C65: 23730.8 | D65: =IF(E65=0,0,IF(B65=0,1,IF(C65<0,0,IF(C65/B65>1.2,IF((C65/B65-1.2)*0.1+1.2>1.3,1.3,(C65/B65-1.2)*0.1+1.2),C65/B65)))) -> 0.66906126 | E65: 15 | F65: 1 | G65: 10 | J65: =J$31 -> 1.0315386 | K65: 10 | N65: =N$31 -> 1.1556157 | O65: 15 | R65: =R$31 -> 1.3 | S65: 15 | T65: =(D65*E65+F65*G65+J65*K65+N65*O65+R65*S65)/(E65+G65+K65+O65+S65) -> 1.0336237 | U65: 57 | V65: =U65/11*6 -> 31.090909 | W65: =ROUND(T65*V65,1) -> 32.1 | X65: =W65-V65 -> 1.0090909 | Z65: 5.4 | AA65: 4.4 | AB65: 6.4 | AC65: 5.1 | AE65: 4.1 | AG65: =ROUND(W65-SUM(Y65:AF65),1) -> 6.7 | AM65: =IF(OR(AG65<0,AH65="+",AI65="+",AJ65="+",AK65="+",AL65="+"),0,AG65) -> 6.7 | AO65: =ROUND(AM65-AN65,1) -> 6.7 | AP65: 1.6 | AQ65: =ROUND(AO65-AP65,1) -> 5.1
A66: Сельское поселение Васильевка | B66: 652.5 | C66: 1402.5 | D66: =IF(E66=0,0,IF(B66=0,1,IF(C66<0,0,IF(C66/B66>1.2,IF((C66/B66-1.2)*0.1+1.2>1.3,1.3,(C66/B66-1.2)*0.1+1.2),C66/B66)))) -> 1.2949425 | E66: 15 | F66: 1 | G66: 10 | J66: =J$31 -> 1.0315386 | K66: 10 | N66: =N$31 -> 1.1556157 | O66: 15 | R66: =R$31 -> 1.3 | S66: 15 | T66: =(D66*E66+F66*G66+J66*K66+N66*O66+R66*S66)/(E66+G66+K66+O66+S66) -> 1.1780578 | U66: 887 | V66: =U66/11*6 -> 483.81818 | W66: =ROUND(T66*V66,1) -> 570 | X66: =W66-V66 -> 86.181818 | Z66: 95.2 | AA66: 95.2 | AB66: 86.5 | AC66: 89.9 | AE66: 76.6 | AF66: 10.5 | AG66: =ROUND(W66-SUM(Y66:AF66),1) -> 116.1 | AM66: =IF(OR(AG66<0,AH66="+",AI66="+",AJ66="+",AK66="+",AL66="+"),0,AG66) -> 116.1 | AO66: =ROUND(AM66-AN66,1) -> 116.1 | AP66: 95.4 | AQ66: =ROUND(AO66-AP66,1) -> 20.7
A67: Сельское поселение Екатериновка | B67: 2555.4 | C67: 2694.1 | D67: =IF(E67=0,0,IF(B67=0,1,IF(C67<0,0,IF(C67/B67>1.2,IF((C67/B67-1.2)*0.1+1.2>1.3,1.3,(C67/B67-1.2)*0.1+1.2),C67/B67)))) -> 1.0542772 | E67: 15 | F67: 1 | G67: 10 | J67: =J$31 -> 1.0315386 | K67: 10 | N67: =N$31 -> 1.1556157 | O67: 15 | R67: =R$31 -> 1.3 | S67: 15 | T67: =(D67*E67+F67*G67+J67*K67+N67*O67+R67*S67)/(E67+G67+K67+O67+S67) -> 1.1225197 | U67: 186 | V67: =U67/11*6 -> 101.45455 | W67: =ROUND(T67*V67,1) -> 113.9 | X67: =W67-V67 -> 12.445455 | Z67: 19.7 | AA67: 19 | AB67: 20.6 | AC67: 15.6 | AE67: 13 | AG67: =ROUND(W67-SUM(Y67:AF67),1) -> 26 | AM67: =IF(OR(AG67<0,AH67="+",AI67="+",AJ67="+",AK67="+",AL67="+"),0,AG67) -> 26 | AO67: =ROUND(AM67-AN67,1) -> 26 | AP67: 16.8 | AQ67: =ROUND(AO67-AP67,1) -> 9.2
A68: Сельское поселение Звезда | B68: 711.8 | C68: 562.7 | D68: =IF(E68=0,0,IF(B68=0,1,IF(C68<0,0,IF(C68/B68>1.2,IF((C68/B68-1.2)*0.1+1.2>1.3,1.3,(C68/B68-1.2)*0.1+1.2),C68/B68)))) -> 0.79053105 | E68: 15 | F68: 1 | G68: 10 | J68: =J$31 -> 1.0315386 | K68: 10 | N68: =N$31 -> 1.1556157 | O68: 15 | R68: =R$31 -> 1.3 | S68: 15 | T68: =(D68*E68+F68*G68+J68*K68+N68*O68+R68*S68)/(E68+G68+K68+O68+S68) -> 1.0616552 | U68: 1399 | V68: =U68/11*6 -> 763.09091 | W68: =ROUND(T68*V68,1) -> 810.1 | X68: =W68-V68 -> 47.009091 | Z68: 142.6 | AA68: 143.7 | AB68: 119.1 | AC68: 117.8 | AE68: 143.7 | AF68: 23.3 | AG68: =ROUND(W68-SUM(Y68:AF68),1) -> 119.9 | AM68: =IF(OR(AG68<0,AH68="+",AI68="+",AJ68="+",AK68="+",AL68="+"),0,AG68) -> 119.9 | AO68: =ROUND(AM68-AN68,1) -> 119.9 | AP68: 11.3 | AQ68: =ROUND(AO68-AP68,1) -> 108.6
A69: Сельское поселение Купино | B69: 708.1 | C69: 486.3 | D69: =IF(E69=0,0,IF(B69=0,1,IF(C69<0,0,IF(C69/B69>1.2,IF((C69/B69-1.2)*0.1+1.2>1.3,1.3,(C69/B69-1.2)*0.1+1.2),C69/B69)))) -> 0.68676741 | E69: 15 | F69: 1 | G69: 10 | J69: =J$31 -> 1.0315386 | K69: 10 | N69: =N$31 -> 1.1556157 | O69: 15 | R69: =R$31 -> 1.3 | S69: 15 | T69: =(D69*E69+F69*G69+J69*K69+N69*O69+R69*S69)/(E69+G69+K69+O69+S69) -> 1.0377097 | U69: 1633 | V69: =U69/11*6 -> 890.72727 | W69: =ROUND(T69*V69,1) -> 924.3 | X69: =W69-V69 -> 33.572727 | Z69: 171.5 | AA69: 150.5 | AB69: 129.1 | AC69: 191 | AE69: 166.7 | AG69: =ROUND(W69-SUM(Y69:AF69),1) -> 115.5 | AM69: =IF(OR(AG69<0,AH69="+",AI69="+",AJ69="+",AK69="+",AL69="+"),0,AG69) -> 115.5 | AO69: =ROUND(AM69-AN69,1) -> 115.5 | AP69: 0 | AQ69: =ROUND(AO69-AP69,1) -> 115.5
A70: Сельское поселение Натальино | B70: 1083.2 | C70: 248 | D70: =IF(E70=0,0,IF(B70=0,1,IF(C70<0,0,IF(C70/B70>1.2,IF((C70/B70-1.2)*0.1+1.2>1.3,1.3,(C70/B70-1.2)*0.1+1.2),C70/B70)))) -> 0.22895126 | E70: 15 | F70: 1 | G70: 10 | J70: =J$31 -> 1.0315386 | K70: 10 | N70: =N$31 -> 1.1556157 | O70: 15 | R70: =R$31 -> 1.3 | S70: 15 | T70: =(D70*E70+F70*G70+J70*K70+N70*O70+R70*S70)/(E70+G70+K70+O70+S70) -> 0.93205984 | U70: 1089 | V70: =U70/11*6 -> 594 | W70: =ROUND(T70*V70,1) -> 553.6 | X70: =W70-V70 -> -40.4 | Z70: 68.7 | AA70: 46.7 | AB70: 135.4 | AC70: 133.7 | AE70: 53.5 | AG70: =ROUND(W70-SUM(Y70:AF70),1) -> 115.6 | AM70: =IF(OR(AG70<0,AH70="+",AI70="+",AJ70="+",AK70="+",AL70="+"),0,AG70) -> 115.6 | AO70: =ROUND(AM70-AN70,1) -> 115.6 | AP70: 0 | AQ70: =ROUND(AO70-AP70,1) -> 115.6
A71: Сельское поселение Ольгино | B71: 1108.8 | C71: 1007.4 | D71: =IF(E71=0,0,IF(B71=0,1,IF(C71<0,0,IF(C71/B71>1.2,IF((C71/B71-1.2)*0.1+1.2>1.3,1.3,(C71/B71-1.2)*0.1+1.2),C71/B71)))) -> 0.90854978 | E71: 15 | F71: 1 | G71: 10 | J71: =J$31 -> 1.0315386 | K71: 10 | N71: =N$31 -> 1.1556157 | O71: 15 | R71: =R$31 -> 1.3 | S71: 15 | T71: =(D71*E71+F71*G71+J71*K71+N71*O71+R71*S71)/(E71+G71+K71+O71+S71) -> 1.0888903 | U71: 1437 | V71: =U71/11*6 -> 783.81818 | W71: =ROUND(T71*V71,1) -> 853.5 | X71: =W71-V71 -> 69.681818 | Z71: 151 | AA71: 148.3 | AB71: 159.2 | AC71: 78.9 | AE71: 97.5 | AG71: =ROUND(W71-SUM(Y71:AF71),1) -> 218.6 | AM71: =IF(OR(AG71<0,AH71="+",AI71="+",AJ71="+",AK71="+",AL71="+"),0,AG71) -> 218.6 | AO71: =ROUND(AM71-AN71,1) -> 218.6 | AP71: 125.3 | AQ71: =ROUND(AO71-AP71,1) -> 93.3
A72: Городское поселение Осинки | B72: 5996.3 | C72: 4901.9 | D72: =IF(E72=0,0,IF(B72=0,1,IF(C72<0,0,IF(C72/B72>1.2,IF((C72/B72-1.2)*0.1+1.2>1.3,1.3,(C72/B72-1.2)*0.1+1.2),C72/B72)))) -> 0.81748745 | E72: 15 | F72: 1 | G72: 10 | J72: =J$31 -> 1.0315386 | K72: 10 | N72: =N$31 -> 1.1556157 | O72: 15 | R72: =R$31 -> 1.3 | S72: 15 | T72: =(D72*E72+F72*G72+J72*K72+N72*O72+R72*S72)/(E72+G72+K72+O72+S72) -> 1.0678759 | U72: 77 | V72: =U72/11*6 -> 42 | W72: =ROUND(T72*V72,1) -> 44.9 | X72: =W72-V72 -> 2.9 | Z72: 7.4 | AA72: 7.9 | AB72: 7.7 | AC72: 8.2 | AE72: 5.9 | AG72: =ROUND(W72-SUM(Y72:AF72),1) -> 7.8 | AM72: =IF(OR(AG72<0,AH72="+",AI72="+",AJ72="+",AK72="+",AL72="+"),0,AG72) -> 7.8 | AO72: =ROUND(AM72-AN72,1) -> 7.8 | AP72: 2 | AQ72: =ROUND(AO72-AP72,1) -> 5.8
A73: Сельское поселение Переволоки | B73: 1832 | C73: 1575.7 | D73: =IF(E73=0,0,IF(B73=0,1,IF(C73<0,0,IF(C73/B73>1.2,IF((C73/B73-1.2)*0.1+1.2>1.3,1.3,(C73/B73-1.2)*0.1+1.2),C73/B73)))) -> 0.86009825 | E73: 15 | F73: 1 | G73: 10 | J73: =J$31 -> 1.0315386 | K73: 10 | N73: =N$31 -> 1.1556157 | O73: 15 | R73: =R$31 -> 1.3 | S73: 15 | T73: =(D73*E73+F73*G73+J73*K73+N73*O73+R73*S73)/(E73+G73+K73+O73+S73) -> 1.0777092 | U73: 852 | V73: =U73/11*6 -> 464.72727 | W73: =ROUND(T73*V73,1) -> 500.8 | X73: =W73-V73 -> 36.072727 | Z73: 80.3 | AA73: 89.6 | AB73: 100 | AC73: 81.8 | AE73: 64.5 | AG73: =ROUND(W73-SUM(Y73:AF73),1) -> 84.6 | AM73: =IF(OR(AG73<0,AH73="+",AI73="+",AJ73="+",AK73="+",AL73="+"),0,AG73) -> 84.6 | AO73: =ROUND(AM73-AN73,1) -> 84.6 | AP73: 24.9 | AQ73: =ROUND(AO73-AP73,1) -> 59.7
A74: Сельское поселение Песочное | B74: 757.2 | C74: 616.8 | D74: =IF(E74=0,0,IF(B74=0,1,IF(C74<0,0,IF(C74/B74>1.2,IF((C74/B74-1.2)*0.1+1.2>1.3,1.3,(C74/B74-1.2)*0.1+1.2),C74/B74)))) -> 0.81458003 | E74: 15 | F74: 1 | G74: 10 | J74: =J$31 -> 1.0315386 | K74: 10 | N74: =N$31 -> 1.1556157 | O74: 15 | R74: =R$31 -> 1.3 | S74: 15 | T74: =(D74*E74+F74*G74+J74*K74+N74*O74+R74*S74)/(E74+G74+K74+O74+S74) -> 1.0672049 | U74: 974 | V74: =U74/11*6 -> 531.27273 | W74: =ROUND(T74*V74,1) -> 567 | X74: =W74-V74 -> 35.727273 | Z74: 104.5 | AA74: 68.1 | AB74: 142.9 | AC74: 81.4 | AE74: 47.3 | AF74: 0.1 | AG74: =ROUND(W74-SUM(Y74:AF74),1) -> 122.7 | AM74: =IF(OR(AG74<0,AH74="+",AI74="+",AJ74="+",AK74="+",AL74="+"),0,AG74) -> 122.7 | AO74: =ROUND(AM74-AN74,1) -> 122.7 | AP74: 49.5 | AQ74: =ROUND(AO74-AP74,1) -> 73.2
A75: Сельское поселение Преполовенка | B75: 409.3 | C75: 823.2 | D75: =IF(E75=0,0,IF(B75=0,1,IF(C75<0,0,IF(C75/B75>1.2,IF((C75/B75-1.2)*0.1+1.2>1.3,1.3,(C75/B75-1.2)*0.1+1.2),C75/B75)))) -> 1.2811239 | E75: 15 | F75: 1 | G75: 10 | J75: =J$31 -> 1.0315386 | K75: 10 | N75: =N$31 -> 1.1556157 | O75: 15 | R75: =R$31 -> 1.3 | S75: 15 | T75: =(D75*E75+F75*G75+J75*K75+N75*O75+R75*S75)/(E75+G75+K75+O75+S75) -> 1.1748689 | U75: 1010 | V75: =U75/11*6 -> 550.90909 | W75: =ROUND(T75*V75,1) -> 647.2 | X75: =W75-V75 -> 96.290909 | Z75: 95 | AA75: 108.3 | AB75: 94.3 | AC75: 92.9 | AE75: 88.5 | AF75: 29.7 | AG75: =ROUND(W75-SUM(Y75:AF75),1) -> 138.5 | AM75: =IF(OR(AG75<0,AH75="+",AI75="+",AJ75="+",AK75="+",AL75="+"),0,AG75) -> 138.5 | AO75: =ROUND(AM75-AN75,1) -> 138.5 | AP75: 113.5 | AQ75: =ROUND(AO75-AP75,1) -> 25
A76: Сельское поселение Прибой | B76: 1089.1 | C76: 14.5 | D76: =IF(E76=0,0,IF(B76=0,1,IF(C76<0,0,IF(C76/B76>1.2,IF((C76/B76-1.2)*0.1+1.2>1.3,1.3,(C76/B76-1.2)*0.1+1.2),C76/B76)))) -> 0.013313745 | E76: 15 | F76: 1 | G76: 10 | J76: =J$31 -> 1.0315386 | K76: 10 | N76: =N$31 -> 1.1556157 | O76: 15 | R76: =R$31 -> 1.3 | S76: 15 | T76: =(D76*E76+F76*G76+J76*K76+N76*O76+R76*S76)/(E76+G76+K76+O76+S76) -> 0.88229734 | U76: 1421 | V76: =U76/11*6 -> 775.09091 | W76: =ROUND(T76*V76,1) -> 683.9 | X76: =W76-V76 -> -91.190909 | Z76: 76.1 | AA76: 152.4 | AB76: 72.3 | AC76: 105.4 | AE76: 71.4 | AF76: 8.5 | AG76: =ROUND(W76-SUM(Y76:AF76),1) -> 197.8 | AM76: =IF(OR(AG76<0,AH76="+",AI76="+",AJ76="+",AK76="+",AL76="+"),0,AG76) -> 197.8 | AO76: =ROUND(AM76-AN76,1) -> 197.8 | AP76: 0 | AQ76: =ROUND(AO76-AP76,1) -> 197.8
A77: Муниципальный район Богатовский
A78: Сельское поселение Арзамасцевка | B78: 2317.5 | C78: 1834.1 | D78: =IF(E78=0,0,IF(B78=0,1,IF(C78<0,0,IF(C78/B78>1.2,IF((C78/B78-1.2)*0.1+1.2>1.3,1.3,(C78/B78-1.2)*0.1+1.2),C78/B78)))) -> 0.79141316 | E78: 15 | F78: 1 | G78: 10 | J78: =J$32 -> 0.98852399 | K78: 10 | N78: =N$32 -> 0.8985115 | O78: 15 | R78: =R$32 -> 1.3 | S78: 15 | T78: =(D78*E78+F78*G78+J78*K78+N78*O78+R78*S78)/(E78+G78+K78+O78+S78) -> 0.99590938 | U78: 2289 | V78: =U78/11*6 -> 1248.5455 | W78: =ROUND(T78*V78,1) -> 1243.4 | X78: =W78-V78 -> -5.1454545 | Z78: 206.3 | AA78: 224.3 | AB78: 240.3 | AC78: 129.5 | AE78: 157.9 | AG78: =ROUND(W78-SUM(Y78:AF78),1) -> 285.1 | AM78: =IF(OR(AG78<0,AH78="+",AI78="+",AJ78="+",AK78="+",AL78="+"),0,AG78) -> 285.1 | AO78: =ROUND(AM78-AN78,1) -> 285.1 | AP78: 174.5 | AQ78: =ROUND(AO78-AP78,1) -> 110.6
A79: Сельское поселение Богатое | B79: 6885.8 | C79: 5336.7 | D79: =IF(E79=0,0,IF(B79=0,1,IF(C79<0,0,IF(C79/B79>1.2,IF((C79/B79-1.2)*0.1+1.2>1.3,1.3,(C79/B79-1.2)*0.1+1.2),C79/B79)))) -> 0.77502977 | E79: 15 | F79: 1 | G79: 10 | J79: =J$32 -> 0.98852399 | K79: 10 | N79: =N$32 -> 0.8985115 | O79: 15 | R79: =R$32 -> 1.3 | S79: 15 | T79: =(D79*E79+F79*G79+J79*K79+N79*O79+R79*S79)/(E79+G79+K79+O79+S79) -> 0.9921286 | U79: 1814 | V79: =U79/11*6 -> 989.45455 | W79: =ROUND(T79*V79,1) -> 981.7 | X79: =W79-V79 -> -7.7545455 | Z79: 184.9 | AA79: 132.6 | AB79: 181.8 | AC79: 186.4 | AE79: 138.3 | AG79: =ROUND(W79-SUM(Y79:AF79),1) -> 157.7 | AM79: =IF(OR(AG79<0,AH79="+",AI79="+",AJ79="+",AK79="+",AL79="+"),0,AG79) -> 157.7 | AO79: =ROUND(AM79-AN79,1) -> 157.7 | AP79: 66.8 | AQ79: =ROUND(AO79-AP79,1) -> 90.9
A80: Сельское поселение Виловатое | B80: 1705.1 | C80: 869.9 | D80: =IF(E80=0,0,IF(B80=0,1,IF(C80<0,0,IF(C80/B80>1.2,IF((C80/B80-1.2)*0.1+1.2>1.3,1.3,(C80/B80-1.2)*0.1+1.2),C80/B80)))) -> 0.51017536 | E80: 15 | F80: 1 | G80: 10 | J80: =J$32 -> 0.98852399 | K80: 10 | N80: =N$32 -> 0.8985115 | O80: 15 | R80: =R$32 -> 1.3 | S80: 15 | T80: =(D80*E80+F80*G80+J80*K80+N80*O80+R80*S80)/(E80+G80+K80+O80+S80) -> 0.93100835 | U80: 2179 | V80: =U80/11*6 -> 1188.5455 | W80: =ROUND(T80*V80,1) -> 1106.5 | X80: =W80-V80 -> -82.045455 | Z80: 120.2 | AA80: 99.6 | AB80: 339.1 | AC80: 118.5 | AE80: 233.7 | AG80: =ROUND(W80-SUM(Y80:AF80),1) -> 195.4 | AM80: =IF(OR(AG80<0,AH80="+",AI80="+",AJ80="+",AK80="+",AL80="+"),0,AG80) -> 195.4 | AO80: =ROUND(AM80-AN80,1) -> 195.4 | AP80: 24 | AQ80: =ROUND(AO80-AP80,1) -> 171.4
A81: Сельское поселение Максимовка | B81: 3628.3 | C81: 3594.1 | D81: =IF(E81=0,0,IF(B81=0,1,IF(C81<0,0,IF(C81/B81>1.2,IF((C81/B81-1.2)*0.1+1.2>1.3,1.3,(C81/B81-1.2)*0.1+1.2),C81/B81)))) -> 0.9905741 | E81: 15 | F81: 1 | G81: 10 | J81: =J$32 -> 0.98852399 | K81: 10 | N81: =N$32 -> 0.8985115 | O81: 15 | R81: =R$32 -> 1.3 | S81: 15 | T81: =(D81*E81+F81*G81+J81*K81+N81*O81+R81*S81)/(E81+G81+K81+O81+S81) -> 1.0418696 | U81: 972 | V81: =U81/11*6 -> 530.18182 | W81: =ROUND(T81*V81,1) -> 552.4 | X81: =W81-V81 -> 22.218182 | Z81: 97.8 | AA81: 99.3 | AB81: 108 | AC81: 27.3 | AE81: 82.1 | AG81: =ROUND(W81-SUM(Y81:AF81),1) -> 137.9 | AM81: =IF(OR(AG81<0,AH81="+",AI81="+",AJ81="+",AK81="+",AL81="+"),0,AG81) -> 137.9 | AO81: =ROUND(AM81-AN81,1) -> 137.9 | AP81: 111.8 | AQ81: =ROUND(AO81-AP81,1) -> 26.1
A82: Сельское поселение Печинено | B82: 637.8 | C82: 977.6 | D82: =IF(E82=0,0,IF(B82=0,1,IF(C82<0,0,IF(C82/B82>1.2,IF((C82/B82-1.2)*0.1+1.2>1.3,1.3,(C82/B82-1.2)*0.1+1.2),C82/B82)))) -> 1.2332769 | E82: 15 | F82: 1 | G82: 10 | J82: =J$32 -> 0.98852399 | K82: 10 | N82: =N$32 -> 0.8985115 | O82: 15 | R82: =R$32 -> 1.3 | S82: 15 | T82: =(D82*E82+F82*G82+J82*K82+N82*O82+R82*S82)/(E82+G82+K82+O82+S82) -> 1.0978779 | U82: 2602 | V82: =U82/11*6 -> 1419.2727 | W82: =ROUND(T82*V82,1) -> 1558.2 | X82: =W82-V82 -> 138.92727 | Z82: 233.6 | AA82: 164.5 | AB82: 309.7 | AC82: 282.8 | AE82: 269.1 | AG82: =ROUND(W82-SUM(Y82:AF82),1) -> 298.5 | AM82: =IF(OR(AG82<0,AH82="+",AI82="+",AJ82="+",AK82="+",AL82="+"),0,AG82) -> 298.5 | AO82: =ROUND(AM82-AN82,1) -> 298.5 | AP82: 296.8 | AQ82: =ROUND(AO82-AP82,1) -> 1.7
A83: Муниципальный район Большеглушицкий
A84: Сельское поселение Александровка | B84: 1635.7 | C84: 3005 | D84: =IF(E84=0,0,IF(B84=0,1,IF(C84<0,0,IF(C84/B84>1.2,IF((C84/B84-1.2)*0.1+1.2>1.3,1.3,(C84/B84-1.2)*0.1+1.2),C84/B84)))) -> 1.2637134 | E84: 15 | F84: 1 | G84: 10 | J84: =J$33 -> 0.9301857 | K84: 10 | N84: =N$33 -> 0.95721925 | O84: 15 | R84: =R$33 -> 1.2006897 | S84: 15 | T84: =(D84*E84+F84*G84+J84*K84+N84*O84+R84*S84)/(E84+G84+K84+O84+S84) -> 1.0865568 | U84: 602 | V84: =U84/11*6 -> 328.36364 | W84: =ROUND(T84*V84,1) -> 356.8 | X84: =W84-V84 -> 28.436364 | Z84: 34.8 | AA84: 43.5 | AB84: 94.8 | AC84: 54.6 | AE84: 40.9 | AG84: =ROUND(W84-SUM(Y84:AF84),1) -> 88.2 | AM84: =IF(OR(AG84<0,AH84="+",AI84="+",AJ84="+",AK84="+",AL84="+"),0,AG84) -> 88.2 | AO84: =ROUND(AM84-AN84,1) -> 88.2 | AP84: 90.3 | AQ84: =ROUND(AO84-AP84,1) -> -2.1
A85: Сельское поселение Большая Глушица | B85: 9521.5 | C85: 8709.8 | D85: =IF(E85=0,0,IF(B85=0,1,IF(C85<0,0,IF(C85/B85>1.2,IF((C85/B85-1.2)*0.1+1.2>1.3,1.3,(C85/B85-1.2)*0.1+1.2),C85/B85)))) -> 0.91475083 | E85: 15 | F85: 1 | G85: 10 | J85: =J$33 -> 0.9301857 | K85: 10 | N85: =N$33 -> 0.95721925 | O85: 15 | R85: =R$33 -> 1.2006897 | S85: 15 | T85: =(D85*E85+F85*G85+J85*K85+N85*O85+R85*S85)/(E85+G85+K85+O85+S85) -> 1.006027 | U85: 570 | V85: =U85/11*6 -> 310.90909 | W85: =ROUND(T85*V85,1) -> 312.8 | X85: =W85-V85 -> 1.8909091 | Z85: 44.3 | AA85: 37.2 | AB85: 64.5 | AC85: 55 | AE85: 40.9 | AG85: =ROUND(W85-SUM(Y85:AF85),1) -> 70.9 | AM85: =IF(OR(AG85<0,AH85="+",AI85="+",AJ85="+",AK85="+",AL85="+"),0,AG85) -> 70.9 | AO85: =ROUND(AM85-AN85,1) -> 70.9 | AP85: 51.4 | AQ85: =ROUND(AO85-AP85,1) -> 19.5
A86: Сельское поселение Большая Дергуновка | B86: 278.1 | C86: 445.6 | D86: =IF(E86=0,0,IF(B86=0,1,IF(C86<0,0,IF(C86/B86>1.2,IF((C86/B86-1.2)*0.1+1.2>1.3,1.3,(C86/B86-1.2)*0.1+1.2),C86/B86)))) -> 1.2402301 | E86: 15 | F86: 1 | G86: 10 | J86: =J$33 -> 0.9301857 | K86: 10 | N86: =N$33 -> 0.95721925 | O86: 15 | R86: =R$33 -> 1.2006897 | S86: 15 | T86: =(D86*E86+F86*G86+J86*K86+N86*O86+R86*S86)/(E86+G86+K86+O86+S86) -> 1.0811376 | U86: 849 | V86: =U86/11*6 -> 463.09091 | W86: =ROUND(T86*V86,1) -> 500.7 | X86: =W86-V86 -> 37.609091 | Z86: 91.1 | AA86: 61 | AB86: 92 | AC86: 78.1 | AE86: 51.7 | AG86: =ROUND(W86-SUM(Y86:AF86),1) -> 126.8 | AM86: =IF(OR(AG86<0,AH86="+",AI86="+",AJ86="+",AK86="+",AL86="+"),0,AG86) -> 126.8 | AO86: =ROUND(AM86-AN86,1) -> 126.8 | AP86: 127.6 | AQ86: =ROUND(AO86-AP86,1) -> -0.8
A87: Сельское поселение Малая Глушица | B87: 1135.5 | C87: 1063.2 | D87: =IF(E87=0,0,IF(B87=0,1,IF(C87<0,0,IF(C87/B87>1.2,IF((C87/B87-1.2)*0.1+1.2>1.3,1.3,(C87/B87-1.2)*0.1+1.2),C87/B87)))) -> 0.93632761 | E87: 15 | F87: 1 | G87: 10 | J87: =J$33 -> 0.9301857 | K87: 10 | N87: =N$33 -> 0.95721925 | O87: 15 | R87: =R$33 -> 1.2006897 | S87: 15 | T87: =(D87*E87+F87*G87+J87*K87+N87*O87+R87*S87)/(E87+G87+K87+O87+S87) -> 1.0110062 | U87: 1096 | V87: =U87/11*6 -> 597.81818 | W87: =ROUND(T87*V87,1) -> 604.4 | X87: =W87-V87 -> 6.5818182 | Z87: 85.8 | AA87: 65.2 | AB87: 132.2 | AC87: 112.3 | AE87: 81.3 | AG87: =ROUND(W87-SUM(Y87:AF87),1) -> 127.6 | AM87: =IF(OR(AG87<0,AH87="+",AI87="+",AJ87="+",AK87="+",AL87="+"),0,AG87) -> 127.6 | AO87: =ROUND(AM87-AN87,1) -> 127.6 | AP87: 92.8 | AQ87: =ROUND(AO87-AP87,1) -> 34.8
A88: Сельское поселение Мокша | B88: 1153.3 | C88: 1203.4 | D88: =IF(E88=0,0,IF(B88=0,1,IF(C88<0,0,IF(C88/B88>1.2,IF((C88/B88-1.2)*0.1+1.2>1.3,1.3,(C88/B88-1.2)*0.1+1.2),C88/B88)))) -> 1.0434406 | E88: 15 | F88: 1 | G88: 10 | J88: =J$33 -> 0.9301857 | K88: 10 | N88: =N$33 -> 0.95721925 | O88: 15 | R88: =R$33 -> 1.2006897 | S88: 15 | T88: =(D88*E88+F88*G88+J88*K88+N88*O88+R88*S88)/(E88+G88+K88+O88+S88) -> 1.0357246 | U88: 433 | V88: =U88/11*6 -> 236.18182 | W88: =ROUND(T88*V88,1) -> 244.6 | X88: =W88-V88 -> 8.4181818 | Z88: 27.5 | AA88: 27.4 | AB88: 66.5 | AC88: 47.3 | AE88: 21.6 | AG88: =ROUND(W88-SUM(Y88:AF88),1) -> 54.3 | AM88: =IF(OR(AG88<0,AH88="+",AI88="+",AJ88="+",AK88="+",AL88="+"),0,AG88) -> 54.3 | AO88: =ROUND(AM88-AN88,1) -> 54.3 | AP88: 45.6 | AQ88: =ROUND(AO88-AP88,1) -> 8.7
A89: Сельское поселение Новопавловка | B89: 497 | C89: 313.8 | D89: =IF(E89=0,0,IF(B89=0,1,IF(C89<0,0,IF(C89/B89>1.2,IF((C89/B89-1.2)*0.1+1.2>1.3,1.3,(C89/B89-1.2)*0.1+1.2),C89/B89)))) -> 0.63138833 | E89: 15 | F89: 1 | G89: 10 | J89: =J$33 -> 0.9301857 | K89: 10 | N89: =N$33 -> 0.95721925 | O89: 15 | R89: =R$33 -> 1.2006897 | S89: 15 | T89: =(D89*E89+F89*G89+J89*K89+N89*O89+R89*S89)/(E89+G89+K89+O89+S89) -> 0.94063562 | U89: 1576 | V89: =U89/11*6 -> 859.63636 | W89: =ROUND(T89*V89,1) -> 808.6 | X89: =W89-V89 -> -51.036364 | Z89: 132.9 | AA89: 84.1 | AB89: 129.3 | AC89: 113.8 | AE89: 118.8 | AG89: =ROUND(W89-SUM(Y89:AF89),1) -> 229.7 | AM89: =IF(OR(AG89<0,AH89="+",AI89="+",AJ89="+",AK89="+",AL89="+"),0,AG89) -> 229.7 | AO89: =ROUND(AM89-AN89,1) -> 229.7 | AP89: 127.8 | AQ89: =ROUND(AO89-AP89,1) -> 101.9
A90: Сельское поселение Фрунзенское | B90: 1763.7 | C90: 2087.2 | D90: =IF(E90=0,0,IF(B90=0,1,IF(C90<0,0,IF(C90/B90>1.2,IF((C90/B90-1.2)*0.1+1.2>1.3,1.3,(C90/B90-1.2)*0.1+1.2),C90/B90)))) -> 1.1834212 | E90: 15 | F90: 1 | G90: 10 | J90: =J$33 -> 0.9301857 | K90: 10 | N90: =N$33 -> 0.95721925 | O90: 15 | R90: =R$33 -> 1.2006897 | S90: 15 | T90: =(D90*E90+F90*G90+J90*K90+N90*O90+R90*S90)/(E90+G90+K90+O90+S90) -> 1.0680278 | U90: 1537 | V90: =U90/11*6 -> 838.36364 | W90: =ROUND(T90*V90,1) -> 895.4 | X90: =W90-V90 -> 57.036364 | Z90: 76.7 | AA90: 164.9 | AB90: 200.4 | AC90: 70.1 | AE90: 98 | AG90: =ROUND(W90-SUM(Y90:AF90),1) -> 285.3 | AM90: =IF(OR(AG90<0,AH90="+",AI90="+",AJ90="+",AK90="+",AL90="+"),0,AG90) -> 285.3 | AO90: =ROUND(AM90-AN90,1) -> 285.3 | AP90: 277.4 | AQ90: =ROUND(AO90-AP90,1) -> 7.9
A91: Сельское поселение Южное | B91: 2032.2 | C91: 3478.8 | D91: =IF(E91=0,0,IF(B91=0,1,IF(C91<0,0,IF(C91/B91>1.2,IF((C91/B91-1.2)*0.1+1.2>1.3,1.3,(C91/B91-1.2)*0.1+1.2),C91/B91)))) -> 1.2511839 | E91: 15 | F91: 1 | G91: 10 | J91: =J$33 -> 0.9301857 | K91: 10 | N91: =N$33 -> 0.95721925 | O91: 15 | R91: =R$33 -> 1.2006897 | S91: 15 | T91: =(D91*E91+F91*G91+J91*K91+N91*O91+R91*S91)/(E91+G91+K91+O91+S91) -> 1.0836654 | U91: 749 | V91: =U91/11*6 -> 408.54545 | W91: =ROUND(T91*V91,1) -> 442.7 | X91: =W91-V91 -> 34.154545 | Z91: 39.1 | AA91: 43.6 | AB91: 125 | AC91: 89 | AE91: 38.1 | AG91: =ROUND(W91-SUM(Y91:AF91),1) -> 107.9 | AM91: =IF(OR(AG91<0,AH91="+",AI91="+",AJ91="+",AK91="+",AL91="+"),0,AG91) -> 107.9 | AO91: =ROUND(AM91-AN91,1) -> 107.9 | AP91: 109.6 | AQ91: =ROUND(AO91-AP91,1) -> -1.7
A92: Муниципальный район Большечерниговский
A93: Сельское поселение Августовка | B93: 1847.9 | C93: 2066.5 | D93: =IF(E93=0,0,IF(B93=0,1,IF(C93<0,0,IF(C93/B93>1.2,IF((C93/B93-1.2)*0.1+1.2>1.3,1.3,(C93/B93-1.2)*0.1+1.2),C93/B93)))) -> 1.1182964 | E93: 15 | F93: 1 | G93: 10 | J93: =J$34 -> 0.96818182 | K93: 10 | N93: =N$34 -> 0.87165775 | O93: 15 | R93: =R$34 -> 0.75 | S93: 15 | T93: =(D93*E93+F93*G93+J93*K93+N93*O93+R93*S93)/(E93+G93+K93+O93+S93) -> 0.93509433 | U93: 1663 | V93: =U93/11*6 -> 907.09091 | W93: =ROUND(T93*V93,1) -> 848.2 | X93: =W93-V93 -> -58.890909 | Z93: 178.4 | AA93: 60.5 | AB93: 179.1 | AC93: 187.5 | AE93: 155.5 | AG93: =ROUND(W93-SUM(Y93:AF93),1) -> 87.2 | AM93: =IF(OR(AG93<0,AH93="+",AI93="+",AJ93="+",AK93="+",AL93="+"),0,AG93) -> 87.2 | AO93: =ROUND(AM93-AN93,1) -> 87.2 | AP93: 183.8 | AQ93: =ROUND(AO93-AP93,1) -> -96.6
A94: Сельское поселение Большая Черниговка | B94: 7701.2 | C94: 6726.3 | D94: =IF(E94=0,0,IF(B94=0,1,IF(C94<0,0,IF(C94/B94>1.2,IF((C94/B94-1.2)*0.1+1.2>1.3,1.3,(C94/B94-1.2)*0.1+1.2),C94/B94)))) -> 0.87340934 | E94: 15 | F94: 1 | G94: 10 | J94: =J$34 -> 0.96818182 | K94: 10 | N94: =N$34 -> 0.87165775 | O94: 15 | R94: =R$34 -> 0.75 | S94: 15 | T94: =(D94*E94+F94*G94+J94*K94+N94*O94+R94*S94)/(E94+G94+K94+O94+S94) -> 0.87858192 | U94: 1148 | V94: =U94/11*6 -> 626.18182 | W94: =ROUND(T94*V94,1) -> 550.2 | X94: =W94-V94 -> -75.981818 | Z94: 98.6 | AA94: 95.5 | AB94: 96.1 | AC94: 105.7 | AE94: 89 | AG94: =ROUND(W94-SUM(Y94:AF94),1) -> 65.3 | AM94: =IF(OR(AG94<0,AH94="+",AI94="+",AJ94="+",AK94="+",AL94="+"),0,AG94) -> 65.3 | AO94: =ROUND(AM94-AN94,1) -> 65.3 | AP94: 101.6 | AQ94: =ROUND(AO94-AP94,1) -> -36.3
A95: Сельское поселение Восточный | B95: 366.8 | C95: 262.6 | D95: =IF(E95=0,0,IF(B95=0,1,IF(C95<0,0,IF(C95/B95>1.2,IF((C95/B95-1.2)*0.1+1.2>1.3,1.3,(C95/B95-1.2)*0.1+1.2),C95/B95)))) -> 0.71592148 | E95: 15 | F95: 1 | G95: 10 | J95: =J$34 -> 0.96818182 | K95: 10 | N95: =N$34 -> 0.87165775 | O95: 15 | R95: =R$34 -> 0.75 | S95: 15 | T95: =(D95*E95+F95*G95+J95*K95+N95*O95+R95*S95)/(E95+G95+K95+O95+S95) -> 0.84223857 | U95: 2926 | V95: =U95/11*6 -> 1596 | W95: =ROUND(T95*V95,1) -> 1344.2 | X95: =W95-V95 -> -251.8 | Z95: 254.4 | AA95: 258.6 | AB95: 162.3 | AC95: 249.8 | AE95: 216.9 | AG95: =ROUND(W95-SUM(Y95:AF95),1) -> 202.2 | AM95: =IF(OR(AG95<0,AH95="+",AI95="+",AJ95="+",AK95="+",AL95="+"),0,AG95) -> 202.2 | AO95: =ROUND(AM95-AN95,1) -> 202.2 | AP95: 245.2 | AQ95: =ROUND(AO95-AP95,1) -> -43
A96: Сельское поселение Глушицкий | B96: 1262.7 | C96: 1163.6 | D96: =IF(E96=0,0,IF(B96=0,1,IF(C96<0,0,IF(C96/B96>1.2,IF((C96/B96-1.2)*0.1+1.2>1.3,1.3,(C96/B96-1.2)*0.1+1.2),C96/B96)))) -> 0.92151738 | E96: 15 | F96: 1 | G96: 10 | J96: =J$34 -> 0.96818182 | K96: 10 | N96: =N$34 -> 0.87165775 | O96: 15 | R96: =R$34 -> 0.75 | S96: 15 | T96: =(D96*E96+F96*G96+J96*K96+N96*O96+R96*S96)/(E96+G96+K96+O96+S96) -> 0.88968377 | U96: 2933 | V96: =U96/11*6 -> 1599.8182 | W96: =ROUND(T96*V96,1) -> 1423.3 | X96: =W96-V96 -> -176.51818 | Z96: 314.6 | AA96: 162.1 | AB96: 315.2 | AC96: 266.2 | AE96: 218.4 | AG96: =ROUND(W96-SUM(Y96:AF96),1) -> 146.8 | AM96: =IF(OR(AG96<0,AH96="+",AI96="+",AJ96="+",AK96="+",AL96="+"),0,AG96) -> 146.8 | AO96: =ROUND(AM96-AN96,1) -> 146.8 | AP96: 255 | AQ96: =ROUND(AO96-AP96,1) -> -108.2
A97: Сельское поселение Краснооктябрьский | B97: 1020.3 | C97: 549.3 | D97: =IF(E97=0,0,IF(B97=0,1,IF(C97<0,0,IF(C97/B97>1.2,IF((C97/B97-1.2)*0.1+1.2>1.3,1.3,(C97/B97-1.2)*0.1+1.2),C97/B97)))) -> 0.53837107 | E97: 15 | F97: 1 | G97: 10 | J97: =J$34 -> 0.96818182 | K97: 10 | N97: =N$34 -> 0.87165775 | O97: 15 | R97: =R$34 -> 0.75 | S97: 15 | T97: =(D97*E97+F97*G97+J97*K97+N97*O97+R97*S97)/(E97+G97+K97+O97+S97) -> 0.80126539 | U97: 2065 | V97: =U97/11*6 -> 1126.3636 | W97: =ROUND(T97*V97,1) -> 902.5 | X97: =W97-V97 -> -223.86364 | Z97: 221.5 | AA97: 86.7 | AB97: 142.9 | AC97: 248.8 | AE97: 141.7 | AG97: =ROUND(W97-SUM(Y97:AF97),1) -> 60.9 | AM97: =IF(OR(AG97<0,AH97="+",AI97="+",AJ97="+",AK97="+",AL97="+"),0,AG97) -> 60.9 | AO97: =ROUND(AM97-AN97,1) -> 60.9 | AP97: 51.7 | AQ97: =ROUND(AO97-AP97,1) -> 9.2
A98: Сельское поселение Пензено | B98: 1851.8 | C98: 2259.6 | D98: =IF(E98=0,0,IF(B98=0,1,IF(C98<0,0,IF(C98/B98>1.2,IF((C98/B98-1.2)*0.1+1.2>1.3,1.3,(C98/B98-1.2)*0.1+1.2),C98/B98)))) -> 1.2020218 | E98: 15 | F98: 1 | G98: 10 | J98: =J$34 -> 0.96818182 | K98: 10 | N98: =N$34 -> 0.87165775 | O98: 15 | R98: =R$34 -> 0.75 | S98: 15 | T98: =(D98*E98+F98*G98+J98*K98+N98*O98+R98*S98)/(E98+G98+K98+O98+S98) -> 0.95441557 | U98: 1735 | V98: =U98/11*6 -> 946.36364 | W98: =ROUND(T98*V98,1) -> 903.2 | X98: =W98-V98 -> -43.163636 | Z98: 178.3 | AA98: 176.7 | AB98: 129.8 | AC98: 141 | AE98: 168.3 | AG98: =ROUND(W98-SUM(Y98:AF98),1) -> 109.1 | AM98: =IF(OR(AG98<0,AH98="+",AI98="+",AJ98="+",AK98="+",AL98="+"),0,AG98) -> 109.1 | AO98: =ROUND(AM98-AN98,1) -> 109.1 | AP98: 225.6 | AQ98: =ROUND(AO98-AP98,1) -> -116.5
A99: Сельское поселение Петровский | B99: 520.3 | C99: 519.2 | D99: =IF(E99=0,0,IF(B99=0,1,IF(C99<0,0,IF(C99/B99>1.2,IF((C99/B99-1.2)*0.1+1.2>1.3,1.3,(C99/B99-1.2)*0.1+1.2),C99/B99)))) -> 0.99788584 | E99: 15 | F99: 1 | G99: 10 | J99: =J$34 -> 0.96818182 | K99: 10 | N99: =N$34 -> 0.87165775 | O99: 15 | R99: =R$34 -> 0.75 | S99: 15 | T99: =(D99*E99+F99*G99+J99*K99+N99*O99+R99*S99)/(E99+G99+K99+O99+S99) -> 0.90730726 | U99: 2058 | V99: =U99/11*6 -> 1122.5455 | W99: =ROUND(T99*V99,1) -> 1018.5 | X99: =W99-V99 -> -104.04545 | Z99: 80.3 | AA99: 183 | AB99: 275.5 | AC99: 149.6 | AE99: 209.7 | AG99: =ROUND(W99-SUM(Y99:AF99),1) -> 120.4 | AM99: =IF(OR(AG99<0,AH99="+",AI99="+",AJ99="+",AK99="+",AL99="+"),0,AG99) -> 120.4 | AO99: =ROUND(AM99-AN99,1) -> 120.4 | AP99: 213.2 | AQ99: =ROUND(AO99-AP99,1) -> -92.8
A100: Сельское поселение Поляков | B100: 401.9 | C100: 909.6 | D100: =IF(E100=0,0,IF(B100=0,1,IF(C100<0,0,IF(C100/B100>1.2,IF((C100/B100-1.2)*0.1+1.2>1.3,1.3,(C100/B100-1.2)*0.1+1.2),C100/B100)))) -> 1.3 | E100: 15 | F100: 1 | G100: 10 | J100: =J$34 -> 0.96818182 | K100: 10 | N100: =N$34 -> 0.87165775 | O100: 15 | R100: =R$34 -> 0.75 | S100: 15 | T100: =(D100*E100+F100*G100+J100*K100+N100*O100+R100*S100)/(E100+G100+K100+O100+S100) -> 0.97702592 | U100: 2038 | V100: =U100/11*6 -> 1111.6364 | W100: =ROUND(T100*V100,1) -> 1086.1 | X100: =W100-V100 -> -25.536364 | Z100: 218.6 | AA100: 218.6 | AB100: 147.7 | AC100: 222 | AE100: 181.2 | AG100: =ROUND(W100-SUM(Y100:AF100),1) -> 98 | AM100: =IF(OR(AG100<0,AH100="+",AI100="+",AJ100="+",AK100="+",AL100="+"),0,AG100) -> 98 | AO100: =ROUND(AM100-AN100,1) -> 98 | AP100: 256.4 | AQ100: =ROUND(AO100-AP100,1) -> -158.4
...

Sheet Плюсы и минусы
A1: Факторный анализ влияния отдельных показателей на итоговое распределение за I полугодие 2019 года
R2: тыс. рублей
A3: Наименование муниципального образования | B3: +/- по итогам отчётного периода | C3: Объем налоговых и неналоговых поступлений в местный бюджет (консолидированный бюджет городского округа с внутригородским делением, консолидированный бюджет муниципального района), за исключением поступлений доходов от уплаты акцизов и доходов от продажи материальных и нематериальных активов | F3: Отсутствие просроченной кредиторской задолженности местного бюджета (консолидированного бюджета городского округа с внутригородским делением, консолидированного бюджета муниципального района) | I3: Объем алкогольной продукции, зафиксированный в единой государственной автоматизированной информационной системе | L3: Эффективность муниципального земельного контроля | O3: Уровень задолженности предприятий жилищно-коммунального хозяйства за ранее потребленные топливно-энергетические ресурсы | R3: Общая сумма весов влияния
C4: Отклонение от прогноза | D4: Вес влияния на результат | E4: + / - (5)=(2)*(4)/(18) | F4: Отклонение от прогноза | G4: Вес влияния на результат | H4: + / - (8)=(2)*(7)/(18) | I4: Отклонение от прогноза | J4: Вес влияния на результат | K4: + / - (11)=(2)*(10)/(18) | L4: Отклонение от прогноза | M4: Вес влияния на результат | N4: + / - (14)=(2)*(13)/(18) | O4: Отклонение от прогноза | P4: Вес влияния на результат | Q4: + / - (17)=(2)*(16)/(18)
A5: 1 | B5: 2 | C5: 3 | D5: 4 | E5: 5 | F5: 6 | G5: 7 | H5: 8 | I5: 9 | J5: 10 | K5: 11 | L5: 12 | M5: 13 | N5: 14 | O5: 15 | P5: 16 | Q5: 17 | R5: 18
A6: Городские округа | B6: =SUM(B7:B16) -> 41772.518 | E6: =SUM(E7:E16) -> -13509.179 | H6: =SUM(H7:H16) -> 0 | K6: =SUM(K7:K16) -> 3745.5374 | N6: =SUM(N7:N16) -> 30562.967 | Q6: =SUM(Q7:Q16) -> 20973.193
A7: Самара | B7: ='Расчет субсидий'!X9 -> 12521.9 | C7: ='Расчет субсидий'!D9-1 -> -0.058720453 | D7: =C7*'Расчет субсидий'!E9 -> -1.1744091 | E7: =$B7*D7/$R7 -> -2231.4956 | F7: ='Расчет субсидий'!F9-1 -> 0 | G7: =F7*'Расчет субсидий'!G9 -> 0 | H7: =$B7*G7/$R7 -> 0 | I7: ='Расчет субсидий'!J9-1 -> 0.023187267 | J7: =I7*'Расчет субсидий'!K9 -> 0.34780901 | K7: =$B7*J7/$R7 -> 660.87219 | L7: ='Расчет субсидий'!N9-1 -> 0.26092968 | M7: =L7*'Расчет субсидий'!O9 -> 5.2185936 | N7: =$B7*M7/$R7 -> 9915.8539 | O7: ='Расчет субсидий'!R9-1 -> 0.14654203 | P7: =O7*'Расчет субсидий'!S9 -> 2.1981304 | Q7: =$B7*P7/$R7 -> 4176.6695 | R7: =D7+G7+J7+M7+P7 -> 6.590124
A8: Тольятти | B8: ='Расчет субсидий'!X10 -> 30215.245 | C8: ='Расчет субсидий'!D10-1 -> -0.050828217 | D8: =C8*'Расчет субсидий'!E10 -> -1.0165643 | E8: =$B8*D8/$R8 -> -4649.5182 | F8: ='Расчет субсидий'!F10-1 -> 0 | G8: =F8*'Расчет субсидий'!G10 -> 0 | H8: =$B8*G8/$R8 -> 0 | I8: ='Расчет субсидий'!J10-1 -> 0.017752318 | J8: =I8*'Расчет субсидий'!K10 -> 0.26628477 | K8: =$B8*J8/$R8 -> 1217.9218 | L8: ='Расчет субсидий'!N10-1 -> 0.18485595 | M8: =L8*'Расчет субсидий'!O10 -> 3.697119 | N8: =$B8*M8/$R8 -> 16909.724 | O8: ='Расчет субсидий'!R10-1 -> 0.24395872 | P8: =O8*'Расчет субсидий'!S10 -> 3.6593808 | Q8: =$B8*P8/$R8 -> 16737.118 | R8: =D8+G8+J8+M8+P8 -> 6.6062202
A9: Сызрань | B9: ='Расчет субсидий'!X11 -> -2883.2818 | C9: ='Расчет субсидий'!D11-1 -> -0.07122303 | D9: =C9*'Расчет субсидий'!E11 -> -1.4244606 | E9: =$B9*D9/$R9 -> -1532.6395 | F9: ='Расчет субсидий'!F11-1 -> 0 | G9: =F9*'Расчет субсидий'!G11 -> 0 | H9: =$B9*G9/$R9 -> 0 | I9: ='Расчет субсидий'!J11-1 -> -0.021706634 | J9: =I9*'Расчет субсидий'!K11 -> -0.32559951 | K9: =$B9*J9/$R9 -> -350.32676 | L9: ='Расчет субсидий'!N11-1 -> 0.1552795 | M9: =L9*'Расчет субсидий'!O11 -> 3.1055901 | N9: =$B9*M9/$R9 -> 3341.4402 | O9: ='Расчет субсидий'!R11-1 -> -0.26902 | P9: =O9*'Расчет субсидий'!S11 -> -4.0353 | Q9: =$B9*P9/$R9 -> -4341.7558 | R9: =D9+G9+J9+M9+P9 -> -2.67977
A10: Новокуйбышевск | B10: ='Расчет субсидий'!X12 -> 2362.3545 | C10: ='Расчет субсидий'!D12-1 -> 0.045482221 | D10: =C10*'Расчет субсидий'!E12 -> 0.90964443 | E10: =$B10*D10/$R10 -> 420.46181 | F10: ='Расчет субсидий'!F12-1 -> 0 | G10: =F10*'Расчет субсидий'!G12 -> 0 | H10: =$B10*G10/$R10 -> 0 | I10: ='Расчет субсидий'!J12-1 -> -0.0045013636 | J10: =I10*'Расчет субсидий'!K12 -> -0.067520454 | K10: =$B10*J10/$R10 -> -31.209747 | L10: ='Расчет субсидий'!N12-1 -> 0.15637974 | M10: =L10*'Расчет субсидий'!O12 -> 3.1275948 | N10: =$B10*M10/$R10 -> 1445.6574 | O10: ='Расчет субсидий'!R12-1 -> 0.076073098 | P10: =O10*'Расчет субсидий'!S12 -> 1.1410965 | Q10: =$B10*P10/$R10 -> 527.4451 | R10: =D10+G10+J10+M10+P10 -> 5.1108152
A11: Чапаевск | B11: ='Расчет субсидий'!X13 -> 5834.5727 | C11: ='Расчет субсидий'!D13-1 -> -0.12776709 | D11: =C11*'Расчет субсидий'!E13 -> -2.5553419 | E11: =$B11*D11/$R11 -> -2266.5153 | F11: ='Расчет субсидий'!F13-1 -> 0 | G11: =F11*'Расчет субсидий'!G13 -> 0 | H11: =$B11*G11/$R11 -> 0 | I11: ='Расчет субсидий'!J13-1 -> 0.062386588 | J11: =I11*'Расчет субсидий'!K13 -> 0.93579882 | K11: =$B11*J11/$R11 -> 830.02682 | L11: ='Расчет субсидий'!N13-1 -> 0.25835594 | M11: =L11*'Расчет субсидий'!O13 -> 5.1671187 | N11: =$B11*M11/$R11 -> 4583.0867 | O11: ='Расчет субсидий'!R13-1 -> 0.2020339 | P11: =O11*'Расчет субсидий'!S13 -> 3.0305085 | Q11: =$B11*P11/$R11 -> 2687.9744 | R11: =D11+G11+J11+M11+P11 -> 6.5780841
A12: Отрадный | B12: ='Расчет субсидий'!X14 -> -1717.3091 | C12: ='Расчет субсидий'!D14-1 -> -0.054051854 | D12: =C12*'Расчет субсидий'!E14 -> -1.0810371 | E12: =$B12*D12/$R12 -> -341.30513 | F12: ='Расчет субсидий'!F14-1 -> 0 | G12: =F12*'Расчет субсидий'!G14 -> 0 | H12: =$B12*G12/$R12 -> 0 | I12: ='Расчет субсидий'!J14-1 -> -0.010857814 | J12: =I12*'Расчет субсидий'!K14 -> -0.16286722 | K12: =$B12*J12/$R12 -> -51.420453 | L12: ='Расчет субсидий'!N14-1 -> -0.37531138 | M12: =L12*'Расчет субсидий'!O14 -> -7.5062275 | N12: =$B12*M12/$R12 -> -2369.8669 | O12: ='Расчет субсидий'!R14-1 -> 0.22071942 | P12: =O12*'Расчет субсидий'!S14 -> 3.3107914 | Q12: =$B12*P12/$R12 -> 1045.2834 | R12: =D12+G12+J12+M12+P12 -> -5.4393404
A13: Жигулевск | B13: ='Расчет субсидий'!X15 -> 455.22727 | C13: ='Расчет субсидий'!D15-1 -> 0.012112069 | D13: =C13*'Расчет субсидий'!E15 -> 0.24224137 | E13: =$B13*D13/$R13 -> 187.53692 | F13: ='Расчет субсидий'!F15-1 -> 0 | G13: =F13*'Расчет субсидий'!G15 -> 0 | H13: =$B13*G13/$R13 -> 0 | I13: ='Расчет субсидий'!J15-1 -> 0.01847402 | J13: =I13*'Расчет субсидий'!K15 -> 0.2771103 | K13: =$B13*J13/$R13 -> 214.53152 | L13: ='Расчет субсидий'!N15-1 -> 0.20338777 | M13: =L13*'Расчет субсидий'!O15 -> 4.0677553 | N13: =$B13*M13/$R13 -> 3149.1495 | O13: ='Расчет субсидий'!R15-1 -> -0.26660601 | P13: =O13*'Расчет субсидий'!S15 -> -3.9990901 | Q13: =$B13*P13/$R13 -> -3095.9906 | R13: =D13+G13+J13+M13+P13 -> 0.58801692
A14: Октябрьск | B14: ='Расчет субсидий'!X16 -> -642.48182 | C14: ='Расчет субсидий'!D16-1 -> 0.02423351 | D14: =C14*'Расчет субсидий'!E16 -> 0.48467019 | E14: =$B14*D14/$R14 -> 247.50461 | F14: ='Расчет субсидий'!F16-1 -> 0 | G14: =F14*'Расчет субсидий'!G16 -> 0 | H14: =$B14*G14/$R14 -> 0 | I14: ='Расчет субсидий'!J16-1 -> 0.026601974 | J14: =I14*'Расчет субсидий'!K16 -> 0.39902961 | K14: =$B14*J14/$R14 -> 203.77087 | L14: ='Расчет субсидий'!N16-1 -> 0.0055991041 | M14: =L14*'Расчет субсидий'!O16 -> 0.11198208 | N14: =$B14*M14/$R14 -> 57.185446 | O14: ='Расчет субсидий'!R16-1 -> -0.15025381 | P14: =O14*'Расчет субсидий'!S16 -> -2.2538071 | Q14: =$B14*P14/$R14 -> -1150.9427 | R14: =D14+G14+J14+M14+P14 -> -1.2581252
A15: Кинель | B15: ='Расчет субсидий'!X17 -> -7890.4636 | C15: ='Расчет субсидий'!D17-1 -> -0.1352396 | D15: =C15*'Расчет субсидий'!E17 -> -2.7047919 | E15: =$B15*D15/$R15 -> -1981.9467 | F15: ='Расчет субсидий'!F17-1 -> 0 | G15: =F15*'Расчет субсидий'!G17 -> 0 | H15: =$B15*G15/$R15 -> 0 | I15: ='Расчет субсидий'!J17-1 -> 0.030357957 | J15: =I15*'Расчет субсидий'!K17 -> 0.45536936 | K15: =$B15*J15/$R15 -> 333.67366 | L15: ='Расчет субсидий'!N17-1 -> -0.60365347 | M15: =L15*'Расчет субсидий'!O17 -> -12.073069 | N15: =$B15*M15/$R15 -> -8846.5884 | O15: ='Расчет субсидий'!R17-1 -> 0.23695067 | P15: =O15*'Расчет субсидий'!S17 -> 3.5542601 | Q15: =$B15*P15/$R15 -> 2604.3978 | R15: =D15+G15+J15+M15+P15 -> -10.768232
A16: Похвистнево | B16: ='Расчет субсидий'!X18 -> 3516.7545 | C16: ='Расчет субсидий'!D18-1 -> -0.1717807 | D16: =C16*'Расчет субсидий'!E18 -> -3.4356141 | E16: =$B16*D16/$R16 -> -1361.262 | F16: ='Расчет субсидий'!F18-1 -> 0 | G16: =F16*'Расчет субсидий'!G18 -> 0 | H16: =$B16*G16/$R16 -> 0 | I16: ='Расчет субсидий'!J18-1 -> 0.12075714 | J16: =I16*'Расчет субсидий'!K18 -> 1.8113571 | K16: =$B16*J16/$R16 -> 717.69748 | L16: ='Расчет субсидий'!N18-1 -> 0.3 | M16: =L16*'Расчет субсидий'!O18 -> 6 | N16: =$B16*M16/$R16 -> 2377.3252 | O16: ='Расчет субсидий'!R18-1 -> 0.3 | P16: =O16*'Расчет субсидий'!S18 -> 4.5 | Q16: =$B16*P16/$R16 -> 1782.9939 | R16: =D16+G16+J16+M16+P16 -> 8.8757431
A17: Внутригородские районы г.о.Самара | B17: =SUM(B18:B26) -> 38.690909 | E17: =SUM(E18:E26) -> -25.720314 | H17: =SUM(H18:H26) -> 0 | K17: =SUM(K18:K26) -> 2.621456 | N17: =SUM(N18:N26) -> 45.222335 | Q17: =SUM(Q18:Q26) -> 16.567432
A18: Железнодорожный | B18: ='Расчет субсидий'!X20 -> 0 | C18: ='Расчет субсидий'!D20-1 -> -0.25728591 | D18: =C18*'Расчет субсидий'!E20 -> -5.1457183 | E18: =$B18*D18/$R18 -> 0 | F18: ='Расчет субсидий'!F20-1 -> 0 | G18: =F18*'Расчет субсидий'!G20 -> 0 | H18: =$B18*G18/$R18 -> 0 | I18: ='Расчет субсидий'!J20-1 -> 0.023187267 | J18: =I18*'Расчет субсидий'!K20 -> 0.34780901 | K18: =$B18*J18/$R18 -> 0 | L18: ='Расчет субсидий'!N20-1 -> 0.28260417 | M18: =L18*'Расчет субсидий'!O20 -> 5.6520833 | N18: =$B18*M18/$R18 -> 0 | O18: ='Расчет субсидий'!R20-1 -> 0.14654203 | P18: =O18*'Расчет субсидий'!S20 -> 2.1981304 | Q18: =$B18*P18/$R18 -> 0 | R18: =D18+G18+J18+M18+P18 -> 3.0523045
A19: Кировский | B19: ='Расчет субсидий'!X21 -> 0 | C19: ='Расчет субсидий'!D21-1 -> -0.19823166 | D19: =C19*'Расчет субсидий'!E21 -> -3.9646332 | E19: =$B19*D19/$R19 -> 0 | F19: ='Расчет субсидий'!F21-1 -> 0 | G19: =F19*'Расчет субсидий'!G21 -> 0 | H19: =$B19*G19/$R19 -> 0 | I19: ='Расчет субсидий'!J21-1 -> 0.023187267 | J19: =I19*'Расчет субсидий'!K21 -> 0.34780901 | K19: =$B19*J19/$R19 -> 0 | L19: ='Расчет субсидий'!N21-1 -> 0.26865979 | M19: =L19*'Расчет субсидий'!O21 -> 5.3731959 | N19: =$B19*M19/$R19 -> 0 | O19: ='Расчет субсидий'!R21-1 -> 0.14654203 | P19: =O19*'Расчет субсидий'!S21 -> 2.1981304 | Q19: =$B19*P19/$R19 -> 0 | R19: =D19+G19+J19+M19+P19 -> 3.9545021
A20: Красноглинский | B20: ='Расчет субсидий'!X22 -> 0 | C20: ='Расчет субсидий'!D22-1 -> 0.064335615 | D20: =C20*'Расчет субсидий'!E22 -> 1.2867123 | E20: =$B20*D20/$R20 -> 0 | F20: ='Расчет субсидий'!F22-1 -> 0 | G20: =F20*'Расчет субсидий'!G22 -> 0 | H20: =$B20*G20/$R20 -> 0 | I20: ='Расчет субсидий'!J22-1 -> 0.023187267 | J20: =I20*'Расчет субсидий'!K22 -> 0.34780901 | K20: =$B20*J20/$R20 -> 0 | L20: ='Расчет субсидий'!N22-1 -> 0.24650165 | M20: =L20*'Расчет субсидий'!O22 -> 4.930033 | N20: =$B20*M20/$R20 -> 0 | O20: ='Расчет субсидий'!R22-1 -> 0.14654203 | P20: =O20*'Расчет субсидий'!S22 -> 2.1981304 | Q20: =$B20*P20/$R20 -> 0 | R20: =D20+G20+J20+M20+P20 -> 8.7626848
A21: Куйбышевский | B21: ='Расчет субсидий'!X23 -> 0 | C21: ='Расчет субсидий'!D23-1 -> -0.062751996 | D21: =C21*'Расчет субсидий'!E23 -> -1.2550399 | E21: =$B21*D21/$R21 -> 0 | F21: ='Расчет субсидий'!F23-1 -> 0 | G21: =F21*'Расчет субсидий'!G23 -> 0 | H21: =$B21*G21/$R21 -> 0 | I21: ='Расчет субсидий'!J23-1 -> 0.023187267 | J21: =I21*'Расчет субсидий'!K23 -> 0.34780901 | K21: =$B21*J21/$R21 -> 0 | L21: ='Расчет субсидий'!N23-1 -> 0.18257261 | M21: =L21*'Расчет субсидий'!O23 -> 3.6514523 | N21: =$B21*M21/$R21 -> 0 | O21: ='Расчет субсидий'!R23-1 -> 0.14654203 | P21: =O21*'Расчет субсидий'!S23 -> 2.1981304 | Q21: =$B21*P21/$R21 -> 0 | R21: =D21+G21+J21+M21+P21 -> 4.9423518
A22: Ленинский | B22: ='Расчет субсидий'!X24 -> 0 | C22: ='Расчет субсидий'!D24-1 -> 0.2068023 | D22: =C22*'Расчет субсидий'!E24 -> 4.136046 | E22: =$B22*D22/$R22 -> 0 | F22: ='Расчет субсидий'!F24-1 -> 0 | G22: =F22*'Расчет субсидий'!G24 -> 0 | H22: =$B22*G22/$R22 -> 0 | I22: ='Расчет субсидий'!J24-1 -> 0.023187267 | J22: =I22*'Расчет субсидий'!K24 -> 0.34780901 | K22: =$B22*J22/$R22 -> 0 | L22: ='Расчет субсидий'!N24-1 -> 0.23478261 | M22: =L22*'Расчет субсидий'!O24 -> 4.6956522 | N22: =$B22*M22/$R22 -> 0 | O22: ='Расчет субсидий'!R24-1 -> 0.14654203 | P22: =O22*'Расчет субсидий'!S24 -> 2.1981304 | Q22: =$B22*P22/$R22 -> 0 | R22: =D22+G22+J22+M22+P22 -> 11.377638
A23: Октябрьский | B23: ='Расчет субсидий'!X25 -> 0 | C23: ='Расчет субсидий'!D25-1 -> -0.16077062 | D23: =C23*'Расчет субсидий'!E25 -> -3.2154123 | E23: =$B23*D23/$R23 -> 0 | F23: ='Расчет субсидий'!F25-1 -> 0 | G23: =F23*'Расчет субсидий'!G25 -> 0 | H23: =$B23*G23/$R23 -> 0 | I23: ='Расчет субсидий'!J25-1 -> 0.023187267 | J23: =I23*'Расчет субсидий'!K25 -> 0.34780901 | K23: =$B23*J23/$R23 -> 0 | L23: ='Расчет субсидий'!N25-1 -> 0.011990408 | M23: =L23*'Расчет субсидий'!O25 -> 0.23980815 | N23: =$B23*M23/$R23 -> 0 | O23: ='Расчет субсидий'!R25-1 -> 0.14654203 | P23: =O23*'Расчет субсидий'!S25 -> 2.1981304 | Q23: =$B23*P23/$R23 -> 0 | R23: =D23+G23+J23+M23+P23 -> -0.42966472
A24: Промышленный | B24: ='Расчет субсидий'!X26 -> 0 | C24: ='Расчет субсидий'!D26-1 -> 0.22811525 | D24: =C24*'Расчет субсидий'!E26 -> 4.562305 | E24: =$B24*D24/$R24 -> 0 | F24: ='Расчет субсидий'!F26-1 -> 0 | G24: =F24*'Расчет субсидий'!G26 -> 0 | H24: =$B24*G24/$R24 -> 0 | I24: ='Расчет субсидий'!J26-1 -> 0.023187267 | J24: =I24*'Расчет субсидий'!K26 -> 0.34780901 | K24: =$B24*J24/$R24 -> 0 | L24: ='Расчет субсидий'!N26-1 -> 0.3 | M24: =L24*'Расчет субсидий'!O26 -> 6 | N24: =$B24*M24/$R24 -> 0 | O24: ='Расчет субсидий'!R26-1 -> 0.14654203 | P24: =O24*'Расчет субсидий'!S26 -> 2.1981304 | Q24: =$B24*P24/$R24 -> 0 | R24: =D24+G24+J24+M24+P24 -> 13.108244
A25: Самарский | B25: ='Расчет субсидий'!X27 -> 0 | C25: ='Расчет субсидий'!D27-1 -> 0.24836 | D25: =C25*'Расчет субсидий'!E27 -> 4.9672001 | E25: =$B25*D25/$R25 -> 0 | F25: ='Расчет субсидий'!F27-1 -> 0 | G25: =F25*'Расчет субсидий'!G27 -> 0 | H25: =$B25*G25/$R25 -> 0 | I25: ='Расчет субсидий'!J27-1 -> 0.023187267 | J25: =I25*'Расчет субсидий'!K27 -> 0.34780901 | K25: =$B25*J25/$R25 -> 0 | L25: ='Расчет субсидий'!N27-1 -> 0.26518519 | M25: =L25*'Расчет субсидий'!O27 -> 5.3037037 | N25: =$B25*M25/$R25 -> 0 | O25: ='Расчет субсидий'!R27-1 -> 0.14654203 | P25: =O25*'Расчет субсидий'!S27 -> 2.1981304 | Q25: =$B25*P25/$R25 -> 0 | R25: =D25+G25+J25+M25+P25 -> 12.816843
A26: Советский | B26: ='Расчет субсидий'!X28 -> 38.690909 | C26: ='Расчет субсидий'!D28-1 -> -0.17062574 | D26: =C26*'Расчет субсидий'!E28 -> -3.4125147 | E26: =$B26*D26/$R26 -> -25.720314 | F26: ='Расчет субсидий'!F28-1 -> 0 | G26: =F26*'Расчет субсидий'!G28 -> 0 | H26: =$B26*G26/$R26 -> 0 | I26: ='Расчет субсидий'!J28-1 -> 0.023187267 | J26: =I26*'Расчет субсидий'!K28 -> 0.34780901 | K26: =$B26*J26/$R26 -> 2.621456 | L26: ='Расчет субсидий'!N28-1 -> 0.3 | M26: =L26*'Расчет субсидий'!O28 -> 6 | N26: =$B26*M26/$R26 -> 45.222335 | O26: ='Расчет субсидий'!R28-1 -> 0.14654203 | P26: =O26*'Расчет субсидий'!S28 -> 2.1981304 | Q26: =$B26*P26/$R26 -> 16.567432 | R26: =D26+G26+J26+M26+P26 -> 5.1334247
A27: Муниципальные районы | B27: =SUM(B28:B54) -> 12309.809 | E27: =SUM(E28:E54) -> -2612.2105 | H27: =SUM(H28:H54) -> 0 | K27: =SUM(K28:K54) -> -832.21512 | N27: =SUM(N28:N54) -> 11926.031 | Q27: =SUM(Q28:Q54) -> 3828.2041
A28: Алексеевский | B28: ='Расчет субсидий'!X30 -> -3917.9455 | C28: ='Расчет субсидий'!D30-1 -> 0.093603891 | D28: =C28*'Расчет субсидий'!E30 -> 1.4040584 | E28: =$B28*D28/$R28 -> 383.50939 | F28: ='Расчет субсидий'!F30-1 -> 0 | G28: =F28*'Расчет субсидий'!G30 -> 0 | H28: =$B28*G28/$R28 -> 0 | I28: ='Расчет субсидий'!J30-1 -> 0.0080909091 | J28: =I28*'Расчет субсидий'!K30 -> 0.080909091 | K28: =$B28*J28/$R28 -> 22.099791 | L28: ='Расчет субсидий'!N30-1 -> -0.87344029 | M28: =L28*'Расчет субсидий'!O30 -> -13.101604 | N28: =$B28*M28/$R28 -> -3578.6179 | O28: ='Расчет субсидий'!R30-1 -> -0.18181818 | P28: =O28*'Расчет субсидий'!S30 -> -2.7272727 | Q28: =$B28*P28/$R28 -> -744.93678 | R28: =D28+G28+J28+M28+P28 -> -14.34391
A29: Безенчукский | B29: ='Расчет субсидий'!X31 -> 1864.3455 | C29: ='Расчет субсидий'!D31-1 -> -0.091263944 | D29: =C29*'Расчет субсидий'!E31 -> -1.3689592 | E29: =$B29*D29/$R29 -> -441.50875 | F29: ='Расчет субсидий'!F31-1 -> 0 | G29: =F29*'Расчет субсидий'!G31 -> 0 | H29: =$B29*G29/$R29 -> 0 | I29: ='Расчет субсидий'!J31-1 -> 0.031538552 | J29: =I29*'Расчет субсидий'!K31 -> 0.31538552 | K29: =$B29*J29/$R29 -> 101.71631 | L29: ='Расчет субсидий'!N31-1 -> 0.1556157 | M29: =L29*'Расчет субсидий'!O31 -> 2.3342355 | N29: =$B29*M29/$R29 -> 752.82405 | O29: ='Расчет субсидий'!R31-1 -> 0.3 | P29: =O29*'Расчет субсидий'!S31 -> 4.5 | Q29: =$B29*P29/$R29 -> 1451.3138 | R29: =D29+G29+J29+M29+P29 -> 5.7806618
A30: Богатовский | B30: ='Расчет субсидий'!X32 -> 309.21818 | C30: ='Расчет субсидий'!D32-1 -> -0.11559472 | D30: =C30*'Расчет субсидий'!E32 -> -1.7339208 | E30: =$B30*D30/$R30 -> -474.90155 | F30: ='Расчет субсидий'!F32-1 -> 0 | G30: =F30*'Расчет субсидий'!G32 -> 0 | H30: =$B30*G30/$R30 -> 0 | I30: ='Расчет субсидий'!J32-1 -> -0.011476015 | J30: =I30*'Расчет субсидий'!K32 -> -0.11476015 | K30: =$B30*J30/$R30 -> -31.431523 | L30: ='Расчет субсидий'!N32-1 -> -0.1014885 | M30: =L30*'Расчет субсидий'!O32 -> -1.5223275 | N30: =$B30*M30/$R30 -> -416.94849 | O30: ='Расчет субсидий'!R32-1 -> 0.3 | P30: =O30*'Расчет субсидий'!S32 -> 4.5 | Q30: =$B30*P30/$R30 -> 1232.4997 | R30: =D30+G30+J30+M30+P30 -> 1.1289916
A31: Большеглушицкий | B31: ='Расчет субсидий'!X33 -> 701.96364 | C31: ='Расчет субсидий'!D33-1 -> 0.075418612 | D31: =C31*'Расчет субсидий'!E33 -> 1.1312792 | E31: =$B31*D31/$R31 -> 283.43401 | F31: ='Расчет субсидий'!F33-1 -> 0 | G31: =F31*'Расчет субсидий'!G33 -> 0 | H31: =$B31*G31/$R31 -> 0 | I31: ='Расчет субсидий'!J33-1 -> -0.069814303 | J31: =I31*'Расчет субсидий'!K33 -> -0.69814303 | K31: =$B31*J31/$R31 -> -174.91481 | L31: ='Расчет субсидий'!N33-1 -> -0.042780749 | M31: =L31*'Расчет субсидий'!O33 -> -0.64171123 | N31: =$B31*M31/$R31 -> -160.77622 | O31: ='Расчет субсидий'!R33-1 -> 0.20068966 | P31: =O31*'Расчет субсидий'!S33 -> 3.0103448 | Q31: =$B31*P31/$R31 -> 754.22065 | R31: =D31+G31+J31+M31+P31 -> 2.8017697
A32: Большечерниговский | B32: ='Расчет субсидий'!X34 -> -1650.0545 | C32: ='Расчет субсидий'!D34-1 -> 0.087015824 | D32: =C32*'Расчет субсидий'!E34 -> 1.3052374 | E32: =$B32*D32/$R32 -> 459.40208 | F32: ='Расчет субсидий'!F34-1 -> 0 | G32: =F32*'Расчет субсидий'!G34 -> 0 | H32: =$B32*G32/$R32 -> 0 | I32: ='Расчет субсидий'!J34-1 -> -0.031818182 | J32: =I32*'Расчет субсидий'!K34 -> -0.31818182 | K32: =$B32*J32/$R32 -> -111.98989 | L32: ='Расчет субсидий'!N34-1 -> -0.12834225 | M32: =L32*'Расчет субсидий'!O34 -> -1.9251337 | N32: =$B32*M32/$R32 -> -677.58589 | O32: ='Расчет субсидий'!R34-1 -> -0.25 | P32: =O32*'Расчет субсидий'!S34 -> -3.75 | Q32: =$B32*P32/$R32 -> -1319.8808 | R32: =D32+G32+J32+M32+P32 -> -4.6880782
A33: Борский | B33: ='Расчет субсидий'!X35 -> 2345.2 | C33: ='Расчет субсидий'!D35-1 -> 0.10198308 | D33: =C33*'Расчет субсидий'!E35 -> 1.5297461 | E33: =$B33*D33/$R33 -> 560.32166 | F33: ='Расчет субсидий'!F35-1 -> 0 | G33: =F33*'Расчет субсидий'!G35 -> 0 | H33: =$B33*G33/$R33 -> 0 | I33: ='Расчет субсидий'!J35-1 -> 0.023085069 | J33: =I33*'Расчет субсидий'!K35 -> 0.23085069 | K33: =$B33*J33/$R33 -> 84.556931 | L33: ='Расчет субсидий'!N35-1 -> 0.0094722598 | M33: =L33*'Расчет субсидий'!O35 -> 0.1420839 | N33: =$B33*M33/$R33 -> 52.043069 | O33: ='Расчет субсидий'!R35-1 -> 0.3 | P33: =O33*'Расчет субсидий'!S35 -> 4.5 | Q33: =$B33*P33/$R33 -> 1648.2783 | R33: =D33+G33+J33+M33+P33 -> 6.4026807
A34: Волжский | B34: ='Расчет субсидий'!X36 -> 1079.8273 | C34: ='Расчет субсидий'!D36-1 -> -0.034858038 | D34: =C34*'Расчет субсидий'!E36 -> -0.52287058 | E34: =$B34*D34/$R34 -> -131.01457 | F34: ='Расчет субсидий'!F36-1 -> 0 | G34: =F34*'Расчет субсидий'!G36 -> 0 | H34: =$B34*G34/$R34 -> 0 | I34: ='Расчет субсидий'!J36-1 -> 0.084414124 | J34: =I34*'Расчет субсидий'!K36 -> 0.84414124 | K34: =$B34*J34/$R34 -> 211.51468 | L34: ='Расчет субсидий'!N36-1 -> 0.29191993 | M34: =L34*'Расчет субсидий'!O36 -> 4.3787989 | N34: =$B34*M34/$R34 -> 1097.1864 | O34: ='Расчет субсидий'!R36-1 -> -0.026036644 | P34: =O34*'Расчет субсидий'!S36 -> -0.39054966 | Q34: =$B34*P34/$R34 -> -97.859201 | R34: =D34+G34+J34+M34+P34 -> 4.3095199
A35: Елховский | B35: ='Расчет субсидий'!X37 -> -41.081818 | C35: ='Расчет субсидий'!D37-1 -> 0.097488338 | D35: =C35*'Расчет субсидий'!E37 -> 1.4623251 | E35: =$B35*D35/$R35 -> 229.62111 | F35: ='Расчет субсидий'!F37-1 -> 0 | G35: =F35*'Расчет субсидий'!G37 -> 0 | H35: =$B35*G35/$R35 -> 0 | I35: ='Расчет субсидий'!J37-1 -> -0.024210526 | J35: =I35*'Расчет субсидий'!K37 -> -0.24210526 | K35: =$B35*J35/$R35 -> -38.016499 | L35: ='Расчет субсидий'!N37-1 -> 0.076648841 | M35: =L35*'Расчет субсидий'!O37 -> 1.1497326 | N35: =$B35*M35/$R35 -> 180.53639 | O35: ='Расчет субсидий'!R37-1 -> -0.1754386 | P35: =O35*'Расчет субсидий'!S37 -> -2.6315789 | Q35: =$B35*P35/$R35 -> -413.22282 | R35: =D35+G35+J35+M35+P35 -> -0.26162652
A36: Исаклинский | B36: ='Расчет субсидий'!X38 -> 3250.4091 | C36: ='Расчет субсидий'!D38-1 -> -0.00078968989 | D36: =C36*'Расчет субсидий'!E38 -> -0.011845348 | E36: =$B36*D36/$R36 -> -4.4318698 | F36: ='Расчет субсидий'!F38-1 -> 0 | G36: =F36*'Расчет субсидий'!G38 -> 0 | H36: =$B36*G36/$R36 -> 0 | I36: ='Расчет субсидий'!J38-1 -> 0.013899868 | J36: =I36*'Расчет субсидий'!K38 -> 0.13899868 | K36: =$B36*J36/$R36 -> 52.005567 | L36: ='Расчет субсидий'!N38-1 -> 0.28481283 | M36: =L36*'Расчет субсидий'!O38 -> 4.2721925 | N36: =$B36*M36/$R36 -> 1598.4165 | O36: ='Расчет субсидий'!R38-1 -> 0.28588235 | P36: =O36*'Расчет субсидий'!S38 -> 4.2882353 | Q36: =$B36*P36/$R36 -> 1604.4189 | R36: =D36+G36+J36+M36+P36 -> 8.6875811
A37: Камышлинский | B37: ='Расчет субсидий'!X39 -> -266.6 | C37: ='Расчет субсидий'!D39-1 -> -0.057078825 | D37: =C37*'Расчет субсидий'!E39 -> -0.85618237 | E37: =$B37*D37/$R37 -> -312.47488 | F37: ='Расчет субсидий'!F39-1 -> 0 | G37: =F37*'Расчет субсидий'!G39 -> 0 | H37: =$B37*G37/$R37 -> 0 | I37: ='Расчет субсидий'!J39-1 -> -0.12 | J37: =I37*'Расчет субсидий'!K39 -> -1.2 | K37: =$B37*J37/$R37 -> -437.95559 | L37: ='Расчет субсидий'!N39-1 -> 0.07486631 | M37: =L37*'Расчет субсидий'!O39 -> 1.1229947 | N37: =$B37*M37/$R37 -> 409.85149 | O37: ='Расчет субсидий'!R39-1 -> 0.013513514 | P37: =O37*'Расчет субсидий'!S39 -> 0.2027027 | Q37: =$B37*P37/$R37 -> 73.978986 | R37: =D37+G37+J37+M37+P37 -> -0.73048502
A38: Кинельский | B38: ='Расчет субсидий'!X40 -> 141.42727 | C38: ='Расчет субсидий'!D40-1 -> -0.021187979 | D38: =C38*'Расчет субсидий'!E40 -> -0.31781969 | E38: =$B38*D38/$R38 -> -19.99213 | F38: ='Расчет субсидий'!F40-1 -> 0 | G38: =F38*'Расчет субсидий'!G40 -> 0 | H38: =$B38*G38/$R38 -> 0 | I38: ='Расчет субсидий'!J40-1 -> 0.065526802 | J38: =I38*'Расчет субсидий'!K40 -> 0.65526802 | K38: =$B38*J38/$R38 -> 41.21898 | L38: ='Расчет субсидий'!N40-1 -> 0.20431341 | M38: =L38*'Расчет субсидий'!O40 -> 3.0647011 | N38: =$B38*M38/$R38 -> 192.78196 | O38: ='Расчет субсидий'!R40-1 -> -0.076923077 | P38: =O38*'Расчет субсидий'!S40 -> -1.1538462 | Q38: =$B38*P38/$R38 -> -72.581539 | R38: =D38+G38+J38+M38+P38 -> 2.2483033
A39: Кинель-Черкасский | B39: ='Расчет субсидий'!X41 -> -23.1 | C39: ='Расчет субсидий'!D41-1 -> -0.072064899 | D39: =C39*'Расчет субсидий'!E41 -> -1.0809735 | E39: =$B39*D39/$R39 -> -176.57745 | F39: ='Расчет субсидий'!F41-1 -> 0 | G39: =F39*'Расчет субсидий'!G41 -> 0 | H39: =$B39*G39/$R39 -> 0 | I39: ='Расчет субсидий'!J41-1 -> -0.015541891 | J39: =I39*'Расчет субсидий'!K41 -> -0.15541891 | K39: =$B39*J39/$R39 -> -25.387741 | L39: ='Расчет субсидий'!N41-1 -> 0.01894452 | M39: =L39*'Расчет субсидий'!O41 -> 0.28416779 | N39: =$B39*M39/$R39 -> 46.418923 | O39: ='Расчет субсидий'!R41-1 -> 0.054054054 | P39: =O39*'Расчет субсидий'!S41 -> 0.81081081 | Q39: =$B39*P39/$R39 -> 132.44627 | R39: =D39+G39+J39+M39+P39 -> -0.14141379
... A54: Шигонский | B54: ='Расчет субсидий'!X56 -> -767.74545 | C54: ='Расчет субсидий'!D56-1 -> -0.041740048 | D54: =C54*'Расчет субсидий'!E56 -> -0.62610072 | E54: =$B54*D54/$R54 -> -228.93766 | F54: ='Расчет субсидий'!F56-1 -> 0 | G54: =F54*'Расчет субсидий'!G56 -> 0 | H54: =$B54*G54/$R54 -> 0 | I54: ='Расчет субсидий'!J56-1 -> -0.068834977 | J54: =I54*'Расчет субсидий'!K56 -> -0.68834977 | K54: =$B54*J54/$R54 -> -251.69941 | L54: ='Расчет субсидий'!N56-1 -> 0.25117727 | M54: =L54*'Расчет субсидий'!O56 -> 3.767659 | N54: =$B54*M54/$R54 -> 1377.6682 | O54: ='Расчет субсидий'!R56-1 -> -0.30352304 | P54: =O54*'Расчет субсидий'!S56 -> -4.5528455 | Q54: =$B54*P54/$R54 -> -1664.7765 | R54: =D54+G54+J54+M54+P54 -> -2.099637
A55: Городские и сельские поселения | B55: =SUM(B57:B378) -> 189.85455 | E55: =SUM(E57:E378) -> -8881.3833 | H55: =SUM(H57:H378) -> 0 | K55: =SUM(K57:K378) -> -99.970654 | N55: =SUM(N57:N378) -> 7342.2397 | Q55: =SUM(Q57:Q378) -> 1828.9688
A56: Муниципальный район Алексеевский
A57: Сельское поселение Авангард | B57: ='Расчет субсидий'!X59 -> -273.25455 | C57: ='Расчет субсидий'!D59-1 -> -0.20804921 | D57: =C57*'Расчет субсидий'!E59 -> -3.1207382 | E57: =$B57*D57/$R57 -> -45.194191 | F57: ='Расчет субсидий'!F59-1 -> 0 | G57: =F57*'Расчет субсидий'!G59 -> 0 | H57: =$B57*G57/$R57 -> 0 | I57: ='Расчет субсидий'!J59-1 -> 0.0080909091 | J57: =I57*'Расчет субсидий'!K59 -> 0.080909091 | K57: =$B57*J57/$R57 -> 1.1717166 | L57: ='Расчет субсидий'!N59-1 -> -0.87344029 | M57: =L57*'Расчет субсидий'!O59 -> -13.101604 | N57: =$B57*M57/$R57 -> -189.73601 | O57: ='Расчет субсидий'!R59-1 -> -0.18181818 | P57: =O57*'Расчет субсидий'!S59 -> -2.7272727 | Q57: =$B57*P57/$R57 -> -39.496066 | R57: =D57+G57+J57+M57+P57 -> -18.868706
A58: Сельское поселение Алексеевка | B58: ='Расчет субсидий'!X60 -> -325.42727 | C58: ='Расчет субсидий'!D60-1 -> -0.2381327 | D58: =C58*'Расчет субсидий'!E60 -> -3.5719905 | E58: =$B58*D58/$R58 -> -60.166958 | F58: ='Расчет субсидий'!F60-1 -> 0 | G58: =F58*'Расчет субсидий'!G60 -> 0 | H58: =$B58*G58/$R58 -> 0 | I58: ='Расчет субсидий'!J60-1 -> 0.0080909091 | J58: =I58*'Расчет субсидий'!K60 -> 0.080909091 | K58: =$B58*J58/$R58 -> 1.3628407 | L58: ='Расчет субсидий'!N60-1 -> -0.87344029 | M58: =L58*'Расчет субсидий'!O60 -> -13.101604 | N58: =$B58*M58/$R58 -> -220.68471 | O58: ='Расчет субсидий'!R60-1 -> -0.18181818 | P58: =O58*'Расчет субсидий'!S60 -> -2.7272727 | Q58: =$B58*P58/$R58 -> -45.938449 | R58: =D58+G58+J58+M58+P58 -> -19.319958
A59: Сельское поселение Гавриловка | B59: ='Расчет субсидий'!X61 -> -289.43636 | C59: ='Расчет субсидий'!D61-1 -> -0.20722222 | D59: =C59*'Расчет субсидий'!E61 -> -3.1083333 | E59: =$B59*D59/$R59 -> -47.711621 | F59: ='Расчет субсидий'!F61-1 -> 0 | G59: =F59*'Расчет субсидий'!G61 -> 0 | H59: =$B59*G59/$R59 -> 0 | I59: ='Расчет субсидий'!J61-1 -> 0.0080909091 | J59: =I59*'Расчет субсидий'!K61 -> 0.080909091 | K59: =$B59*J59/$R59 -> 1.2419208 | L59: ='Расчет субсидий'!N61-1 -> -0.87344029 | M59: =L59*'Расчет субсидий'!O61 -> -13.101604 | N59: =$B59*M59/$R59 -> -201.10416 | O59: ='Расчет субсидий'!R61-1 -> -0.18181818 | P59: =O59*'Расчет субсидий'!S61 -> -2.7272727 | Q59: =$B59*P59/$R59 -> -41.862499 | R59: =D59+G59+J59+M59+P59 -> -18.856301
A60: Сельское поселение Герасимовка | B60: ='Расчет субсидий'!X62 -> -109.15455 | C60: ='Расчет субсидий'!D62-1 -> 0.22813839 | D60: =C60*'Расчет субсидий'!E62 -> 3.4220758 | E60: =$B60*D60/$R60 -> 30.304917 | F60: ='Расчет субсидий'!F62-1 -> 0 | G60: =F60*'Расчет субсидий'!G62 -> 0 | H60: =$B60*G60/$R60 -> 0 | I60: ='Расчет субсидий'!J62-1 -> 0.0080909091 | J60: =I60*'Расчет субсидий'!K62 -> 0.080909091 | K60: =$B60*J60/$R60 -> 0.71650758 | L60: ='Расчет субсидий'!N62-1 -> -0.87344029 | M60: =L60*'Расчет субсидий'!O62 -> -13.101604 | N60: =$B60*M60/$R60 -> -116.02403 | O60: ='Расчет субсидий'!R62-1 -> -0.18181818 | P60: =O60*'Расчет субсидий'!S62 -> -2.7272727 | Q60: =$B60*P60/$R60 -> -24.151941 | R60: =D60+G60+J60+M60+P60 -> -12.325892
A61: Сельское поселение Летниково | B61: ='Расчет субсидий'!X63 -> -313.44545 | C61: ='Расчет субсидий'!D63-1 -> 0.044021164 | D61: =C61*'Расчет субсидий'!E63 -> 0.66031746 | E61: =$B61*D61/$R61 -> 13.718074 | F61: ='Расчет субсидий'!F63-1 -> 0 | G61: =F61*'Расчет субсидий'!G63 -> 0 | H61: =$B61*G61/$R61 -> 0 | I61: ='Расчет субсидий'!J63-1 -> 0.0080909091 | J61: =I61*'Расчет субсидий'!K63 -> 0.080909091 | K61: =$B61*J61/$R61 -> 1.6808838 | L61: ='Расчет субсидий'!N63-1 -> -0.87344029 | M61: =L61*'Расчет субсидий'!O63 -> -13.101604 | N61: =$B61*M61/$R61 -> -272.18541 | O61: ='Расчет субсидий'!R63-1 -> -0.18181818 | P61: =O61*'Расчет субсидий'!S63 -> -2.7272727 | Q61: =$B61*P61/$R61 -> -56.659003 | R61: =D61+G61+J61+M61+P61 -> -15.08765
A62: Муниципальный район Безенчукский
A63: Городское поселение Безенчук | B63: ='Расчет субсидий'!X65 -> 1.0090909 | C63: ='Расчет субсидий'!D65-1 -> -0.33093874 | D63: =C63*'Расчет субсидий'!E65 -> -4.9640811 | E63: =$B63*D63/$R63 -> -2.2919779 | F63: ='Расчет субсидий'!F65-1 -> 0 | G63: =F63*'Расчет субсидий'!G65 -> 0 | H63: =$B63*G63/$R63 -> 0 | I63: ='Расчет субсидий'!J65-1 -> 0.031538552 | J63: =I63*'Расчет субсидий'!K65 -> 0.31538552 | K63: =$B63*J63/$R63 -> 0.14561741 | L63: ='Расчет субсидий'!N65-1 -> 0.1556157 | M63: =L63*'Расчет субсидий'!O65 -> 2.3342355 | N63: =$B63*M63/$R63 -> 1.0777455 | O63: ='Расчет субсидий'!R65-1 -> 0.3 | P63: =O63*'Расчет субсидий'!S65 -> 4.5 | Q63: =$B63*P63/$R63 -> 2.0777059 | R63: =D63+G63+J63+M63+P63 -> 2.1855399
A64: Сельское поселение Васильевка | B64: ='Расчет субсидий'!X66 -> 86.181818 | C64: ='Расчет субсидий'!D66-1 -> 0.29494253 | D64: =C64*'Расчет субсидий'!E66 -> 4.4241379 | E64: =$B64*D64/$R64 -> 32.943511 | F64: ='Расчет субсидий'!F66-1 -> 0 | G64: =F64*'Расчет субсидий'!G66 -> 0 | H64: =$B64*G64/$R64 -> 0 | I64: ='Расчет субсидий'!J66-1 -> 0.031538552 | J64: =I64*'Расчет субсидий'!K66 -> 0.31538552 | K64: =$B64*J64/$R64 -> 2.348459 | L64: ='Расчет субсидий'!N66-1 -> 0.1556157 | M64: =L64*'Расчет субсидий'!O66 -> 2.3342355 | N64: =$B64*M64/$R64 -> 17.381445 | O64: ='Расчет субсидий'!R66-1 -> 0.3 | P64: =O64*'Расчет субсидий'!S66 -> 4.5 | Q64: =$B64*P64/$R64 -> 33.508403 | R64: =D64+G64+J64+M64+P64 -> 11.573759
A65: Сельское поселение Екатериновка | B65: ='Расчет субсидий'!X67 -> 12.445455 | C65: ='Расчет субсидий'!D67-1 -> 0.054277217 | D65: =C65*'Расчет субсидий'!E67 -> 0.81415825 | E65: =$B65*D65/$R65 -> 1.2723318 | F65: ='Расчет субсидий'!F67-1 -> 0 | G65: =F65*'Расчет субсидий'!G67 -> 0 | H65: =$B65*G65/$R65 -> 0 | I65: ='Расчет субсидий'!J67-1 -> 0.031538552 | J65: =I65*'Расчет субсидий'!K67 -> 0.31538552 | K65: =$B65*J65/$R65 -> 0.49287105 | L65: ='Расчет субсидий'!N67-1 -> 0.1556157 | M65: =L65*'Расчет субсидий'!O67 -> 2.3342355 | N65: =$B65*M65/$R65 -> 3.6478436 | O65: ='Расчет субсидий'!R67-1 -> 0.3 | P65: =O65*'Расчет субсидий'!S67 -> 4.5 | Q65: =$B65*P65/$R65 -> 7.0324081 | R65: =D65+G65+J65+M65+P65 -> 7.9637792
A66: Сельское поселение Звезда | B66: ='Расчет субсидий'!X68 -> 47.009091 | C66: ='Расчет субсидий'!D68-1 -> -0.20946895 | D66: =C66*'Расчет субсидий'!E68 -> -3.1420343 | E66: =$B66*D66/$R66 -> -36.85614 | F66: ='Расчет субсидий'!F68-1 -> 0 | G66: =F66*'Расчет субсидий'!G68 -> 0 | H66: =$B66*G66/$R66 -> 0 | I66: ='Расчет субсидий'!J68-1 -> 0.031538552 | J66: =I66*'Расчет субсидий'!K68 -> 0.31538552 | K66: =$B66*J66/$R66 -> 3.69948 | L66: ='Расчет субсидий'!N68-1 -> 0.1556157 | M66: =L66*'Расчет субсидий'!O68 -> 2.3342355 | N66: =$B66*M66/$R66 -> 27.380639 | O66: ='Расчет субсидий'!R68-1 -> 0.3 | P66: =O66*'Расчет субсидий'!S68 -> 4.5 | Q66: =$B66*P66/$R66 -> 52.785111 | R66: =D66+G66+J66+M66+P66 -> 4.0075867
A67: Сельское поселение Купино | B67: ='Расчет субсидий'!X69 -> 33.572727 | C67: ='Расчет субсидий'!D69-1 -> -0.31323259 | D67: =C67*'Расчет субсидий'!E69 -> -4.6984889 | E67: =$B67*D67/$R67 -> -64.354381 | F67: ='Расчет субсидий'!F69-1 -> 0 | G67: =F67*'Расчет субсидий'!G69 -> 0 | H67: =$B67*G67/$R67 -> 0 | I67: ='Расчет субсидий'!J69-1 -> 0.031538552 | J67: =I67*'Расчет субсидий'!K69 -> 0.31538552 | K67: =$B67*J67/$R67 -> 4.3197804 | L67: ='Расчет субсидий'!N69-1 -> 0.1556157 | M67: =L67*'Расчет субсидий'!O69 -> 2.3342355 | N67: =$B67*M67/$R67 -> 31.971615 | O67: ='Расчет субсидий'!R69-1 -> 0.3 | P67: =O67*'Расчет субсидий'!S69 -> 4.5 | Q67: =$B67*P67/$R67 -> 61.635713 | R67: =D67+G67+J67+M67+P67 -> 2.4511321
A68: Сельское поселение Натальино | B68: ='Расчет субсидий'!X70 -> -40.4 | C68: ='Расчет субсидий'!D70-1 -> -0.77104874 | D68: =C68*'Расчет субсидий'!E70 -> -11.565731 | E68: =$B68*D68/$R68 -> -105.80704 | F68: ='Расчет субсидий'!F70-1 -> 0 | G68: =F68*'Расчет субсидий'!G70 -> 0 | H68: =$B68*G68/$R68 -> 0 | I68: ='Расчет субсидий'!J70-1 -> 0.031538552 | J68: =I68*'Расчет субсидий'!K70 -> 0.31538552 | K68: =$B68*J68/$R68 -> 2.8852485 | L68: ='Расчет субсидий'!N70-1 -> 0.1556157 | M68: =L68*'Расчет субсидий'!O70 -> 2.3342355 | N68: =$B68*M68/$R68 -> 21.354339 | O68: ='Расчет субсидий'!R70-1 -> 0.3 | P68: =O68*'Расчет субсидий'!S70 -> 4.5 | Q68: =$B68*P68/$R68 -> 41.167451 | R68: =D68+G68+J68+M68+P68 -> -4.4161102
A69: Сельское поселение Ольгино | B69: ='Расчет субсидий'!X71 -> 69.681818 | C69: ='Расчет субсидий'!D71-1 -> -0.091450216 | D69: =C69*'Расчет субсидий'!E71 -> -1.3717532 | E69: =$B69*D69/$R69 -> -16.543518 | F69: ='Расчет субсидий'!F71-1 -> 0 | G69: =F69*'Расчет субсидий'!G71 -> 0 | H69: =$B69*G69/$R69 -> 0 | I69: ='Расчет субсидий'!J71-1 -> 0.031538552 | J69: =I69*'Расчет субсидий'!K71 -> 0.31538552 | K69: =$B69*J69/$R69 -> 3.8035894 | L69: ='Расчет субсидий'!N71-1 -> 0.1556157 | M69: =L69*'Расчет субсидий'!O71 -> 2.3342355 | N69: =$B69*M69/$R69 -> 28.151176 | O69: ='Расчет субсидий'!R71-1 -> 0.3 | P69: =O69*'Расчет субсидий'!S71 -> 4.5 | Q69: =$B69*P69/$R69 -> 54.270571 | R69: =D69+G69+J69+M69+P69 -> 5.7778677
A70: Городское поселение Осинки | B70: ='Расчет субсидий'!X72 -> 2.9 | C70: ='Расчет субсидий'!D72-1 -> -0.18251255 | D70: =C70*'Расчет субсидий'!E72 -> -2.7376882 | E70: =$B70*D70/$R70 -> -1.7995052 | F70: ='Расчет субсидий'!F72-1 -> 0 | G70: =F70*'Расчет субсидий'!G72 -> 0 | H70: =$B70*G70/$R70 -> 0 | I70: ='Расчет субсидий'!J72-1 -> 0.031538552 | J70: =I70*'Расчет субсидий'!K72 -> 0.31538552 | K70: =$B70*J70/$R70 -> 0.20730552 | L70: ='Расчет субсидий'!N72-1 -> 0.1556157 | M70: =L70*'Расчет субсидий'!O72 -> 2.3342355 | N70: =$B70*M70/$R70 -> 1.5343123 | O70: ='Расчет субсидий'!R72-1 -> 0.3 | P70: =O70*'Расчет субсидий'!S72 -> 4.5 | Q70: =$B70*P70/$R70 -> 2.9578873 | R70: =D70+G70+J70+M70+P70 -> 4.4119327
A71: Сельское поселение Переволоки | B71: ='Расчет субсидий'!X73 -> 36.072727 | C71: ='Расчет субсидий'!D73-1 -> -0.13990175 | D71: =C71*'Расчет субсидий'!E73 -> -2.0985262 | E71: =$B71*D71/$R71 -> -14.986764 | F71: ='Расчет субсидий'!F73-1 -> 0 | G71: =F71*'Расчет субсидий'!G73 -> 0 | H71: =$B71*G71/$R71 -> 0 | I71: ='Расчет субсидий'!J73-1 -> 0.031538552 | J71: =I71*'Расчет субсидий'!K73 -> 0.31538552 | K71: =$B71*J71/$R71 -> 2.2523466 | L71: ='Расчет субсидий'!N73-1 -> 0.1556157 | M71: =L71*'Расчет субсидий'!O73 -> 2.3342355 | N71: =$B71*M71/$R71 -> 16.670097 | O71: ='Расчет субсидий'!R73-1 -> 0.3 | P71: =O71*'Расчет субсидий'!S73 -> 4.5 | Q71: =$B71*P71/$R71 -> 32.137047 | R71: =D71+G71+J71+M71+P71 -> 5.0510948
A72: Сельское поселение Песочное | B72: ='Расчет субсидий'!X74 -> 35.727273 | C72: ='Расчет субсидий'!D74-1 -> -0.18541997 | D72: =C72*'Расчет субсидий'!E74 -> -2.7812995 | E72: =$B72*D72/$R72 -> -22.747467 | F72: ='Расчет субсидий'!F74-1 -> 0 | G72: =F72*'Расчет субсидий'!G74 -> 0 | H72: =$B72*G72/$R72 -> 0 | I72: ='Расчет субсидий'!J74-1 -> 0.031538552 | J72: =I72*'Расчет субсидий'!K74 -> 0.31538552 | K72: =$B72*J72/$R72 -> 2.5794495 | L72: ='Расчет субсидий'!N74-1 -> 0.1556157 | M72: =L72*'Расчет субсидий'!O74 -> 2.3342355 | N72: =$B72*M72/$R72 -> 19.091055 | O72: ='Расчет субсидий'!R74-1 -> 0.3 | P72: =O72*'Расчет субсидий'!S74 -> 4.5 | Q72: =$B72*P72/$R72 -> 36.804235 | R72: =D72+G72+J72+M72+P72 -> 4.3683215
A73: Сельское поселение Преполовенка | B73: ='Расчет субсидий'!X75 -> 96.290909 | C73: ='Расчет субсидий'!D75-1 -> 0.28112387 | D73: =C73*'Расчет субсидий'!E75 -> 4.2168581 | E73: =$B73*D73/$R73 -> 35.723032 | F73: ='Расчет субсидий'!F75-1 -> 0 | G73: =F73*'Расчет субсидий'!G75 -> 0 | H73: =$B73*G73/$R73 -> 0 | I73: ='Расчет субсидий'!J75-1 -> 0.031538552 | J73: =I73*'Расчет субсидий'!K75 -> 0.31538552 | K73: =$B73*J73/$R73 -> 2.6717824 | L73: ='Расчет субсидий'!N75-1 -> 0.1556157 | M73: =L73*'Расчет субсидий'!O75 -> 2.3342355 | N73: =$B73*M73/$R73 -> 19.774431 | O73: ='Расчет субсидий'!R75-1 -> 0.3 | P73: =O73*'Расчет субсидий'!S75 -> 4.5 | Q73: =$B73*P73/$R73 -> 38.121664 | R73: =D73+G73+J73+M73+P73 -> 11.366479
A74: Сельское поселение Прибой | B74: ='Расчет субсидий'!X76 -> -91.190909 | C74: ='Расчет субсидий'!D76-1 -> -0.98668625 | D74: =C74*'Расчет субсидий'!E76 -> -14.800294 | E74: =$B74*D74/$R74 -> -176.40961 | F74: ='Расчет субсидий'!F76-1 -> 0 | G74: =F74*'Расчет субсидий'!G76 -> 0 | H74: =$B74*G74/$R74 -> 0 | I74: ='Расчет субсидий'!J76-1 -> 0.031538552 | J74: =I74*'Расчет субсидий'!K76 -> 0.31538552 | K74: =$B74*J74/$R74 -> 3.7591847 | L74: ='Расчет субсидий'!N76-1 -> 0.1556157 | M74: =L74*'Расчет субсидий'!O76 -> 2.3342355 | N74: =$B74*M74/$R74 -> 27.822527 | O74: ='Расчет субсидий'!R76-1 -> 0.3 | P74: =O74*'Расчет субсидий'!S76 -> 4.5 | Q74: =$B74*P74/$R74 -> 53.636994 | R74: =D74+G74+J74+M74+P74 -> -7.6506728
A75: Муниципальный район Богатовский
A76: Сельское поселение Арзамасцевка | B76: ='Расчет субсидий'!X78 -> -5.1454545 | C76: ='Расчет субсидий'!D78-1 -> -0.20858684 | D76: =C76*'Расчет субсидий'!E78 -> -3.1288026 | E76: =$B76*D76/$R76 -> -60.547967 | F76: ='Расчет субсидий'!F78-1 -> 0 | G76: =F76*'Расчет субсидий'!G78 -> 0 | H76: =$B76*G76/$R76 -> 0 | I76: ='Расчет субсидий'!J78-1 -> -0.011476015 | J76: =I76*'Расчет субсидий'!K78 -> -0.11476015 | K76: =$B76*J76/$R76 -> -2.2208156 | L76: ='Расчет субсидий'!N78-1 -> -0.1014885 | M76: =L76*'Расчет субсидий'!O78 -> -1.5223275 | N76: =$B76*M76/$R76 -> -29.459779 | O76: ='Расчет субсидий'!R78-1 -> 0.3 | P76: =O76*'Расчет субсидий'!S78 -> 4.5 | Q76: =$B76*P76/$R76 -> 87.083108 | R76: =D76+G76+J76+M76+P76 -> -0.26589021
A77: Сельское поселение Богатое | B77: ='Расчет субсидий'!X79 -> -7.7545455 | C77: ='Расчет субсидий'!D79-1 -> -0.22497023 | D77: =C77*'Расчет субсидий'!E79 -> -3.3745534 | E77: =$B77*D77/$R77 -> -51.145482 | F77: ='Расчет субсидий'!F79-1 -> 0 | G77: =F77*'Расчет субсидий'!G79 -> 0 | H77: =$B77*G77/$R77 -> 0 | I77: ='Расчет субсидий'!J79-1 -> -0.011476015 | J77: =I77*'Расчет субсидий'!K79 -> -0.11476015 | K77: =$B77*J77/$R77 -> -1.7393303 | L77: ='Расчет субсидий'!N79-1 -> -0.1014885 | M77: =L77*'Расчет субсидий'!O79 -> -1.5223275 | N77: =$B77*M77/$R77 -> -23.072734 | O77: ='Расчет субсидий'!R79-1 -> 0.3 | P77: =O77*'Расчет субсидий'!S79 -> 4.5 | Q77: =$B77*P77/$R77 -> 68.203001 | R77: =D77+G77+J77+M77+P77 -> -0.51164105
A78: Сельское поселение Виловатое | B78: ='Расчет субсидий'!X80 -> -82.045455 | C78: ='Расчет субсидий'!D80-1 -> -0.48982464 | D78: =C78*'Расчет субсидий'!E80 -> -7.3473697 | E78: =$B78*D78/$R78 -> -134.42391 | F78: ='Расчет субсидий'!F80-1 -> 0 | G78: =F78*'Расчет субсидий'!G80 -> 0 | H78: =$B78*G78/$R78 -> 0 | I78: ='Расчет субсидий'!J80-1 -> -0.011476015 | J78: =I78*'Расчет субсидий'!K80 -> -0.11476015 | K78: =$B78*J78/$R78 -> -2.099596 | L78: ='Расчет субсидий'!N80-1 -> -0.1014885 | M78: =L78*'Расчет субсидий'!O80 -> -1.5223275 | N78: =$B78*M78/$R78 -> -27.851765 | O78: ='Расчет субсидий'!R80-1 -> 0.3 | P78: =O78*'Расчет субсидий'!S80 -> 4.5 | Q78: =$B78*P78/$R78 -> 82.329817 | R78: =D78+G78+J78+M78+P78 -> -4.4844573
A79: Сельское поселение Максимовка | B79: ='Расчет субсидий'!X81 -> 22.218182 | C79: ='Расчет субсидий'!D81-1 -> -0.0094259019 | D79: =C79*'Расчет субсидий'!E81 -> -0.14138853 | E79: =$B79*D79/$R79 -> -1.1542783 | F79: ='Расчет субсидий'!F81-1 -> 0 | G79: =F79*'Расчет субсидий'!G81 -> 0 | H79: =$B79*G79/$R79 -> 0 | I79: ='Расчет субсидий'!J81-1 -> -0.011476015 | J79: =I79*'Расчет субсидий'!K81 -> -0.11476015 | K79: =$B79*J79/$R79 -> -0.93688755 | L79: ='Расчет субсидий'!N81-1 -> -0.1014885 | M79: =L79*'Расчет субсидий'!O81 -> -1.5223275 | N79: =$B79*M79/$R79 -> -12.428092 | O79: ='Расчет субсидий'!R81-1 -> 0.3 | P79: =O79*'Расчет субсидий'!S81 -> 4.5 | Q79: =$B79*P79/$R79 -> 36.73744 | R79: =D79+G79+J79+M79+P79 -> 2.7215239
A80: Сельское поселение Печинено | B80: ='Расчет субсидий'!X82 -> 138.92727 | C80: ='Расчет субсидий'!D82-1 -> 0.23327689 | D80: =C80*'Расчет субсидий'!E82 -> 3.4991533 | E80: =$B80*D80/$R80 -> 76.410375 | F80: ='Расчет субсидий'!F82-1 -> 0 | G80: =F80*'Расчет субсидий'!G82 -> 0 | H80: =$B80*G80/$R80 -> 0 | I80: ='Расчет субсидий'!J82-1 -> -0.011476015 | J80: =I80*'Расчет субсидий'!K82 -> -0.11476015 | K80: =$B80*J80/$R80 -> -2.5059965 | L80: ='Расчет субсидий'!N82-1 -> -0.1014885 | M80: =L80*'Расчет субсидий'!O82 -> -1.5223275 | N80: =$B80*M80/$R80 -> -33.242788 | O80: ='Расчет субсидий'!R82-1 -> 0.3 | P80: =O80*'Расчет субсидий'!S82 -> 4.5 | Q80: =$B80*P80/$R80 -> 98.265682 | R80: =D80+G80+J80+M80+P80 -> 6.3620657
A81: Муниципальный район Большеглушицкий
A82: Сельское поселение Александровка | B82: ='Расчет субсидий'!X84 -> 28.436364 | C82: ='Расчет субсидий'!D84-1 -> 0.26371339 | D82: =C82*'Расчет субсидий'!E84 -> 3.9557009 | E82: =$B82*D82/$R82 -> 19.993232 | F82: ='Расчет субсидий'!F84-1 -> 0 | G82: =F82*'Расчет субсидий'!G84 -> 0 | H82: =$B82*G82/$R82 -> 0 | I82: ='Расчет субсидий'!J84-1 -> -0.069814303 | J82: =I82*'Расчет субсидий'!K84 -> -0.69814303 | K82: =$B82*J82/$R82 -> -3.5286124 | L82: ='Расчет субсидий'!N84-1 -> -0.042780749 | M82: =L82*'Расчет субсидий'!O84 -> -0.64171123 | N82: =$B82*M82/$R82 -> -3.2433901 | O82: ='Расчет субсидий'!R84-1 -> 0.20068966 | P82: =O82*'Расчет субсидий'!S84 -> 3.0103448 | Q82: =$B82*P82/$R82 -> 15.215134 | R82: =D82+G82+J82+M82+P82 -> 5.6261915
A83: Сельское поселение Большая Глушица | B83: ='Расчет субсидий'!X85 -> 1.8909091 | C83: ='Расчет субсидий'!D85-1 -> -0.085249173 | D83: =C83*'Расчет субсидий'!E85 -> -1.2787376 | E83: =$B83*D83/$R83 -> -6.172197 | F83: ='Расчет субсидий'!F85-1 -> 0 | G83: =F83*'Расчет субсидий'!G85 -> 0 | H83: =$B83*G83/$R83 -> 0 | I83: ='Расчет субсидий'!J85-1 -> -0.069814303 | J83: =I83*'Расчет субсидий'!K85 -> -0.69814303 | K83: =$B83*J83/$R83 -> -3.3697893 | L83: ='Расчет субсидий'!N85-1 -> -0.042780749 | M83: =L83*'Расчет субсидий'!O85 -> -0.64171123 | N83: =$B83*M83/$R83 -> -3.0974049 | O83: ='Расчет субсидий'!R85-1 -> 0.20068966 | P83: =O83*'Расчет субсидий'!S85 -> 3.0103448 | Q83: =$B83*P83/$R83 -> 14.5303 | R83: =D83+G83+J83+M83+P83 -> 0.39175298
A84: Сельское поселение Большая Дергуновка | B84: ='Расчет субсидий'!X86 -> 37.609091 | C84: ='Расчет субсидий'!D86-1 -> 0.24023013 | D84: =C84*'Расчет субсидий'!E86 -> 3.603452 | E84: =$B84*D84/$R84 -> 25.696631 | F84: ='Расчет субсидий'!F86-1 -> 0 | G84: =F84*'Расчет субсидий'!G86 -> 0 | H84: =$B84*G84/$R84 -> 0 | I84: ='Расчет субсидий'!J86-1 -> -0.069814303 | J84: =I84*'Расчет субсидий'!K86 -> -0.69814303 | K84: =$B84*J84/$R84 -> -4.9785382 | L84: ='Расчет субсидий'!N86-1 -> -0.042780749 | M84: =L84*'Расчет субсидий'!O86 -> -0.64171123 | N84: =$B84*M84/$R84 -> -4.5761166 | O84: ='Расчет субсидий'!R86-1 -> 0.20068966 | P84: =O84*'Расчет субсидий'!S86 -> 3.0103448 | Q84: =$B84*P84/$R84 -> 21.467115 | R84: =D84+G84+J84+M84+P84 -> 5.2739426
A85: Сельское поселение Малая Глушица | B85: ='Расчет субсидий'!X87 -> 6.5818182 | C85: ='Расчет субсидий'!D87-1 -> -0.063672391 | D85: =C85*'Расчет субсидий'!E87 -> -0.95508587 | E85: =$B85*D85/$R85 -> -8.7869166 | F85: ='Расчет субсидий'!F87-1 -> 0 | G85: =F85*'Расчет субсидий'!G87 -> 0 | H85: =$B85*G85/$R85 -> 0 | I85: ='Расчет субсидий'!J87-1 -> -0.069814303 | J85: =I85*'Расчет субсидий'!K87 -> -0.69814303 | K85: =$B85*J85/$R85 -> -6.4230084 | L85: ='Расчет субсидий'!N87-1 -> -0.042780749 | M85: =L85*'Расчет субсидий'!O87 -> -0.64171123 | N85: =$B85*M85/$R85 -> -5.9038284 | O85: ='Расчет субсидий'!R87-1 -> 0.20068966 | P85: =O85*'Расчет субсидий'!S87 -> 3.0103448 | Q85: =$B85*P85/$R85 -> 27.695572 | R85: =D85+G85+J85+M85+P85 -> 0.71540471
A86: Сельское поселение Мокша | B86: ='Расчет субсидий'!X88 -> 8.4181818 | C86: ='Расчет субсидий'!D88-1 -> 0.043440562 | D86: =C86*'Расчет субсидий'!E88 -> 0.65160843 | E86: =$B86*D86/$R86 -> 2.3622413 | F86: ='Расчет субсидий'!F88-1 -> 0 | G86: =F86*'Расчет субсидий'!G88 -> 0 | H86: =$B86*G86/$R86 -> 0 | I86: ='Расчет субсидий'!J88-1 -> -0.069814303 | J86: =I86*'Расчет субсидий'!K88 -> -0.69814303 | K86: =$B86*J86/$R86 -> -2.5309407 | L86: ='Расчет субсидий'!N88-1 -> -0.042780749 | M86: =L86*'Расчет субсидий'!O88 -> -0.64171123 | N86: =$B86*M86/$R86 -> -2.3263615 | O86: ='Расчет субсидий'!R88-1 -> 0.20068966 | P86: =O86*'Расчет субсидий'!S88 -> 3.0103448 | Q86: =$B86*P86/$R86 -> 10.913243 | R86: =D86+G86+J86+M86+P86 -> 2.322099
A87: Сельское поселение Новопавловка | B87: ='Расчет субсидий'!X89 -> -51.036364 | C87: ='Расчет субсидий'!D89-1 -> -0.36861167 | D87: =C87*'Расчет субсидий'!E89 -> -5.5291751 | E87: =$B87*D87/$R87 -> -73.130879 | F87: ='Расчет субсидий'!F89-1 -> 0 | G87: =F87*'Расчет субсидий'!G89 -> 0 | H87: =$B87*G87/$R87 -> 0 | I87: ='Расчет субсидий'!J89-1 -> -0.069814303 | J87: =I87*'Расчет субсидий'!K89 -> -0.69814303 | K87: =$B87*J87/$R87 -> -9.2338935 | L87: ='Расчет субсидий'!N89-1 -> -0.042780749 | M87: =L87*'Расчет субсидий'!O89 -> -0.64171123 | N87: =$B87*M87/$R87 -> -8.487506 | O87: ='Расчет субсидий'!R89-1 -> 0.20068966 | P87: =O87*'Расчет субсидий'!S89 -> 3.0103448 | Q87: =$B87*P87/$R87 -> 39.815915 | R87: =D87+G87+J87+M87+P87 -> -3.8586845
A88: Сельское поселение Фрунзенское | B88: ='Расчет субсидий'!X90 -> 57.036364 | C88: ='Расчет субсидий'!D90-1 -> 0.18342122 | D88: =C88*'Расчет субсидий'!E90 -> 2.7513183 | E88: =$B88*D88/$R88 -> 35.488913 | F88: ='Расчет субсидий'!F90-1 -> 0 | G88: =F88*'Расчет субсидий'!G90 -> 0 | H88: =$B88*G88/$R88 -> 0 | I88: ='Расчет субсидий'!J90-1 -> -0.069814303 | J88: =I88*'Расчет субсидий'!K90 -> -0.69814303 | K88: =$B88*J88/$R88 -> -9.0052603 | L88: ='Расчет субсидий'!N90-1 -> -0.042780749 | M88: =L88*'Расчет субсидий'!O90 -> -0.64171123 | N88: =$B88*M88/$R88 -> -8.2773536 | O88: ='Расчет субсидий'!R90-1 -> 0.20068966 | P88: =O88*'Расчет субсидий'!S90 -> 3.0103448 | Q88: =$B88*P88/$R88 -> 38.830065 | R88: =D88+G88+J88+M88+P88 -> 4.4218088
A89: Сельское поселение Южное | B89: ='Расчет субсидий'!X91 -> 34.154545 | C89: ='Расчет субсидий'!D91-1 -> 0.25118394 | D89: =C89*'Расчет субсидий'!E91 -> 3.7677591 | E89: =$B89*D89/$R89 -> 23.663147 | F89: ='Расчет субсидий'!F91-1 -> 0 | G89: =F89*'Расчет субсидий'!G91 -> 0 | H89: =$B89*G89/$R89 -> 0 | I89: ='Расчет субсидий'!J91-1 -> -0.069814303 | J89: =I89*'Расчет субсидий'!K91 -> -0.69814303 | K89: =$B89*J89/$R89 -> -4.3846383 | L89: ='Расчет субсидий'!N91-1 -> -0.042780749 | M89: =L89*'Расчет субсидий'!O91 -> -0.64171123 | N89: =$B89*M89/$R89 -> -4.0302224 | O89: ='Расчет субсидий'!R91-1 -> 0.20068966 | P89: =O89*'Расчет субсидий'!S91 -> 3.0103448 | Q89: =$B89*P89/$R89 -> 18.90626 | R89: =D89+G89+J89+M89+P89 -> 5.4382496
A90: Муниципальный район Большечерниговский
A91: Сельское поселение Августовка | B91: ='Расчет субсидий'!X93 -> -58.890909 | C91: ='Расчет субсидий'!D93-1 -> 0.11829644 | D91: =C91*'Расчет субсидий'!E93 -> 1.7744467 | E91: =$B91*D91/$R91 -> 24.769383 | F91: ='Расчет субсидий'!F93-1 -> 0 | G91: =F91*'Расчет субсидий'!G93 -> 0 | H91: =$B91*G91/$R91 -> 0 | I91: ='Расчет субсидий'!J93-1 -> -0.031818182 | J91: =I91*'Расчет субсидий'!K93 -> -0.31818182 | K91: =$B91*J91/$R91 -> -4.4414788 | L91: ='Расчет субсидий'!N93-1 -> -0.12834225 | M91: =L91*'Расчет субсидий'!O93 -> -1.9251337 | N91: =$B91*M91/$R91 -> -26.872813 | O91: ='Расчет субсидий'!R93-1 -> -0.25 | P91: =O91*'Расчет субсидий'!S93 -> -3.75 | Q91: =$B91*P91/$R91 -> -52.346 | R91: =D91+G91+J91+M91+P91 -> -4.2188688
A92: Сельское поселение Большая Черниговка | B92: ='Расчет субсидий'!X94 -> -75.981818 | C92: ='Расчет субсидий'!D94-1 -> -0.12659066 | D92: =C92*'Расчет субсидий'!E94 -> -1.8988599 | E92: =$B92*D92/$R92 -> -18.28125 | F92: ='Расчет субсидий'!F94-1 -> 0 | G92: =F92*'Расчет субсидий'!G94 -> 0 | H92: =$B92*G92/$R92 -> 0 | I92: ='Расчет субсидий'!J94-1 -> -0.031818182 | J92: =I92*'Расчет субсидий'!K94 -> -0.31818182 | K92: =$B92*J92/$R92 -> -3.0632914 | L92: ='Расчет субсидий'!N94-1 -> -0.12834225 | M92: =L92*'Расчет субсидий'!O94 -> -1.9251337 | N92: =$B92*M92/$R92 -> -18.5342 | O92: ='Расчет субсидий'!R94-1 -> -0.25 | P92: =O92*'Расчет субсидий'!S94 -> -3.75 | Q92: =$B92*P92/$R92 -> -36.103077 | R92: =D92+G92+J92+M92+P92 -> -7.8921754
A93: Сельское поселение Восточный | B93: ='Расчет субсидий'!X95 -> -251.8 | C93: ='Расчет субсидий'!D95-1 -> -0.28407852 | D93: =C93*'Расчет субсидий'!E95 -> -4.2611778 | E93: =$B93*D93/$R93 -> -104.6336 | F93: ='Расчет субсидий'!F95-1 -> 0 | G93: =F93*'Расчет субсидий'!G95 -> 0 | H93: =$B93*G93/$R93 -> 0 | I93: ='Расчет субсидий'!J95-1 -> -0.031818182 | J93: =I93*'Расчет субсидий'!K95 -> -0.31818182 | K93: =$B93*J93/$R93 -> -7.812983 | L93: ='Расчет субсидий'!N95-1 -> -0.12834225 | M93: =L93*'Расчет субсидий'!O95 -> -1.9251337 | N93: =$B93*M93/$R93 -> -47.27183 | O93: ='Расчет субсидий'!R95-1 -> -0.25 | P93: =O93*'Расчет субсидий'!S95 -> -3.75 | Q93: =$B93*P93/$R93 -> -92.081586 | R93: =D93+G93+J93+M93+P93 -> -10.254493
A94: Сельское поселение Глушицкий | B94: ='Расчет субсидий'!X96 -> -176.51818 | C94: ='Расчет субсидий'!D96-1 -> -0.078482617 | D94: =C94*'Расчет субсидий'!E96 -> -1.1772392 | E94: =$B94*D94/$R94 -> -28.980203 | F94: ='Расчет субсидий'!F96-1 -> 0 | G94: =F94*'Расчет субсидий'!G96 -> 0 | H94: =$B94*G94/$R94 -> 0 | I94: ='Расчет субсидий'!J96-1 -> -0.031818182 | J94: =I94*'Расчет субсидий'!K96 -> -0.31818182 | K94: =$B94*J94/$R94 -> -7.83271 | L94: ='Расчет субсидий'!N96-1 -> -0.12834225 | M94: =L94*'Расчет субсидий'!O96 -> -1.9251337 | N94: =$B94*M94/$R94 -> -47.391187 | O94: ='Расчет субсидий'!R96-1 -> -0.25 | P94: =O94*'Расчет субсидий'!S96 -> -3.75 | Q94: =$B94*P94/$R94 -> -92.314082 | R94: =D94+G94+J94+M94+P94 -> -7.1705548
A95: Сельское поселение Краснооктябрьский | B95: ='Расчет субсидий'!X97 -> -223.86364 | C95: ='Расчет субсидий'!D97-1 -> -0.46162893 | D95: =C95*'Расчет субсидий'!E97 -> -6.924434 | E95: =$B95*D95/$R95 -> -119.99993 | F95: ='Расчет субсидий'!F97-1 -> 0 | G95: =F95*'Расчет субсидий'!G97 -> 0 | H95: =$B95*G95/$R95 -> 0 | I95: ='Расчет субсидий'!J97-1 -> -0.031818182 | J95: =I95*'Расчет субсидий'!K97 -> -0.31818182 | K95: =$B95*J95/$R95 -> -5.5140672 | L95: ='Расчет субсидий'!N97-1 -> -0.12834225 | M95: =L95*'Расчет субсидий'!O97 -> -1.9251337 | N95: =$B95*M95/$R95 -> -33.362423 | O95: ='Расчет субсидий'!R97-1 -> -0.25 | P95: =O95*'Расчет субсидий'!S97 -> -3.75 | Q95: =$B95*P95/$R95 -> -64.987221 | R95: =D95+G95+J95+M95+P95 -> -12.917749
A96: Сельское поселение Пензено | B96: ='Расчет субсидий'!X98 -> -43.163636 | C96: ='Расчет субсидий'!D98-1 -> 0.20202182 | D96: =C96*'Расчет субсидий'!E98 -> 3.0303272 | E96: =$B96*D96/$R96 -> 44.144604 | F96: ='Расчет субсидий'!F98-1 -> 0 | G96: =F96*'Расчет субсидий'!G98 -> 0 | H96: =$B96*G96/$R96 -> 0 | I96: ='Расчет субсидий'!J98-1 -> -0.031818182 | J96: =I96*'Расчет субсидий'!K98 -> -0.31818182 | K96: =$B96*J96/$R96 -> -4.6351464 | L96: ='Расчет субсидий'!N98-1 -> -0.12834225 | M96: =L96*'Расчет субсидий'!O98 -> -1.9251337 | N96: =$B96*M96/$R96 -> -28.044583 | O96: ='Расчет субсидий'!R98-1 -> -0.25 | P96: =O96*'Расчет субсидий'!S98 -> -3.75 | Q96: =$B96*P96/$R96 -> -54.628511 | R96: =D96+G96+J96+M96+P96 -> -2.9629883
A97: Сельское поселение Петровский | B97: ='Расчет субсидий'!X99 -> -104.04545 | C97: ='Расчет субсидий'!D99-1 -> -0.0021141649 | D97: =C97*'Расчет субсидий'!E99 -> -0.031712474 | E97: =$B97*D97/$R97 -> -0.54763874 | F97: ='Расчет субсидий'!F99-1 -> 0 | G97: =F97*'Расчет субсидий'!G99 -> 0 | H97: =$B97*G97/$R97 -> 0 | I97: ='Расчет субсидий'!J99-1 -> -0.031818182 | J97: =I97*'Расчет субсидий'!K99 -> -0.31818182 | K97: =$B97*J97/$R97 -> -5.494642 | L97: ='Расчет субсидий'!N99-1 -> -0.12834225 | M97: =L97*'Расчет субсидий'!O99 -> -1.9251337 | N97: =$B97*M97/$R97 -> -33.244893 | O97: ='Расчет субсидий'!R99-1 -> -0.25 | P97: =O97*'Расчет субсидий'!S99 -> -3.75 | Q97: =$B97*P97/$R97 -> -64.758281 | R97: =D97+G97+J97+M97+P97 -> -6.025028
A98: Сельское поселение Поляков | B98: ='Расчет субсидий'!X100 -> -25.536364 | C98: ='Расчет субсидий'!D100-1 -> 0.3 | D98: =C98*'Расчет субсидий'!E100 -> 4.5 | E98: =$B98*D98/$R98 -> 76.952014 | F98: ='Расчет субсидий'!F100-1 -> 0 | G98: =F98*'Расчет субсидий'!G100 -> 0 | H98: =$B98*G98/$R98 -> 0 | I98: ='Расчет субсидий'!J100-1 -> -0.031818182 | J98: =I98*'Расчет субсидий'!K100 -> -0.31818182 | K98: =$B98*J98/$R98 -> -5.4410515 | L98: ='Расчет субсидий'!N100-1 -> -0.12834225 | M98: =L98*'Расчет субсидий'!O100 -> -1.9251337 | N98: =$B98*M98/$R98 -> -32.920648 | O98: ='Расчет субсидий'!R100-1 -> -0.25 | P98: =O98*'Расчет субсидий'!S100 -> -3.75 | Q98: =$B98*P98/$R98 -> -64.126679 | R98: =D98+G98+J98+M98+P98 -> -1.4933155
A99: Сельское поселение Украинка | B99: ='Расчет субсидий'!X101 -> -161.13636 | C99: ='Расчет субсидий'!D101-1 -> -0.21193378 | D99: =C99*'Расчет субсидий'!E101 -> -3.1790067 | E99: =$B99*D99/$R99 -> -55.847753 | F99: ='Расчет субсидий'!F101-1 -> 0 | G99: =F99*'Расчет субсидий'!G101 -> 0 | H99: =$B99*G99/$R99 -> 0 | I99: ='Расчет субсидий'!J101-1 -> -0.031818182 | J99: =I99*'Расчет субсидий'!K101 -> -0.31818182 | K99: =$B99*J99/$R99 -> -5.5897143 | L99: ='Расчет субсидий'!N101-1 -> -0.12834225 | M99: =L99*'Расчет субсидий'!O101 -> -1.9251337 | N99: =$B99*M99/$R99 -> -33.82012 | O99: ='Расчет субсидий'!R101-1 -> -0.25 | P99: =O99*'Расчет субсидий'!S101 -> -3.75 | Q99: =$B99*P99/$R99 -> -65.878776 | R99: =D99+G99+J99+M99+P99 -> -9.1723222
A100: Муниципальный район Борский
A101: Сельское поселение Большое Алдаркино | B101: ='Расчет субсидий'!X103 -> -12.718182 | C101: ='Расчет субсидий'!D103-1 -> -0.41995981 | D101: =C101*'Расчет субсидий'!E103 -> -6.2993972 | E101: =$B101*D101/$R101 -> -56.164724 | F101: ='Расчет субсидий'!F103-1 -> 0 | G101: =F101*'Расчет субсидий'!G103 -> 0 | H101: =$B101*G101/$R101 -> 0 | I101: ='Расчет субсидий'!J103-1 -> 0.023085069 | J101: =I101*'Расчет субсидий'!K103 -> 0.23085069 | K101: =$B101*J101/$R101 -> 2.058239 | L101: ='Расчет субсидий'!N103-1 -> 0.0094722598 | M101: =L101*'Расчет субсидий'!O103 -> 0.1420839 | N101: =$B101*M101/$R101 -> 1.2668042 | O101: ='Расчет субсидий'!R103-1 -> 0.3 | P101: =O101*'Расчет субсидий'!S103 -> 4.5 | Q101: =$B101*P101/$R101 -> 40.121499 | R101: =D101+G101+J101+M101+P101 -> -1.4264626
A102: Сельское поселение Борское | B102: ='Расчет субсидий'!X104 -> 39.672727 | C102: ='Расчет субсидий'!D104-1 -> -0.19067569 | D102: =C102*'Расчет субсидий'!E104 -> -2.8601353 | E102: =$B102*D102/$R102 -> -56.37391 | F102: ='Расчет субсидий'!F104-1 -> 0 | G102: =F102*'Расчет субсидий'!G104 -> 0 | H102: =$B102*G102/$R102 -> 0 | I102: ='Расчет субсидий'!J104-1 -> 0.023085069 | J102: =I102*'Расчет субсидий'!K104 -> 0.23085069 | K102: =$B102*J102/$R102 -> 4.550119 | L102: ='Расчет субсидий'!N104-1 -> 0.0094722598 | M102: =L102*'Расчет субсидий'!O104 -> 0.1420839 | N102: =$B102*M102/$R102 -> 2.8005056 | O102: ='Расчет субсидий'!R104-1 -> 0.3 | P102: =O102*'Расчет субсидий'!S104 -> 4.5 | Q102: =$B102*P102/$R102 -> 88.696013 | R102: =D102+G102+J102+M102+P102 -> 2.0127993
A103: Сельское поселение Гвардейцы | B103: ='Расчет субсидий'!X105 -> -25.254545 | C103: ='Расчет субсидий'!D105-1 -> -0.50027645 | D103: =C103*'Расчет субсидий'!E105 -> -7.5041468 | E103: =$B103*D103/$R103 -> -72.025288 | F103: ='Расчет субсидий'!F105-1 -> 0 | G103: =F103*'Расчет субсидий'!G105 -> 0 | H103: =$B103*G103/$R103 -> 0 | I103: ='Расчет субсидий'!J105-1 -> 0.023085069 | J103: =I103*'Расчет субсидий'!K105 -> 0.23085069 | K103: =$B103*J103/$R103 -> 2.2157199 | L103: ='Расчет субсидий'!N105-1 -> 0.0094722598 | M103: =L103*'Расчет субсидий'!O105 -> 0.1420839 | N103: =$B103*M103/$R103 -> 1.3637305 | O103: ='Расчет субсидий'!R105-1 -> 0.3 | P103: =O103*'Расчет субсидий'!S105 -> 4.5 | Q103: =$B103*P103/$R103 -> 43.191292 | R103: =D103+G103+J103+M103+P103 -> -2.6312122
A104: Сельское поселение Долматовка | B104: ='Расчет субсидий'!X106 -> 82.372727 | C104: ='Расчет субсидий'!D106-1 -> 0.2087221 | D104: =C104*'Расчет субсидий'!E106 -> 3.1308315 | E104: =$B104*D104/$R104 -> 32.221723 | F104: ='Расчет субсидий'!F106-1 -> 0 | G104: =F104*'Расчет субсидий'!G106 -> 0 | H104: =$B104*G104/$R104 -> 0 | I104: ='Расчет субсидий'!J106-1 -> 0.023085069 | J104: =I104*'Расчет субсидий'!K106 -> 0.23085069 | K104: =$B104*J104/$R104 -> 2.3758566 | L104: ='Расчет субсидий'!N106-1 -> 0.0094722598 | M104: =L104*'Расчет субсидий'!O106 -> 0.1420839 | N104: =$B104*M104/$R104 -> 1.4622914 | O104: ='Расчет субсидий'!R106-1 -> 0.3 | P104: =O104*'Расчет субсидий'!S106 -> 4.5 | Q104: =$B104*P104/$R104 -> 46.312857 | R104: =D104+G104+J104+M104+P104 -> 8.0037661
A105: Сельское поселение Заплавное | B105: ='Расчет субсидий'!X107 -> 129.42727 | C105: ='Расчет субсидий'!D107-1 -> 0.25717247 | D105: =C105*'Расчет субсидий'!E107 -> 3.8575871 | E105: =$B105*D105/$R105 -> 57.187531 | F105: ='Расчет субсидий'!F107-1 -> 0 | G105: =F105*'Расчет субсидий'!G107 -> 0 | H105: =$B105*G105/$R105 -> 0 | I105: ='Расчет субсидий'!J107-1 -> 0.023085069 | J105: =I105*'Расчет субсидий'!K107 -> 0.23085069 | K105: =$B105*J105/$R105 -> 3.4222898 | L105: ='Расчет субсидий'!N107-1 -> 0.0094722598 | M105: =L105*'Расчет субсидий'!O107 -> 0.1420839 | N105: =$B105*M105/$R105 -> 2.1063496 | O105: ='Расчет субсидий'!R107-1 -> 0.3 | P105: =O105*'Расчет субсидий'!S107 -> 4.5 | Q105: =$B105*P105/$R105 -> 66.711102 | R105: =D105+G105+J105+M105+P105 -> 8.7305217
A106: Сельское поселение Коноваловка | B106: ='Расчет субсидий'!X108 -> 17.127273 | C106: ='Расчет субсидий'!D108-1 -> -0.21796087 | D106: =C106*'Расчет субсидий'!E108 -> -3.2694131 | E106: =$B106*D106/$R106 -> -34.920723 | F106: ='Расчет субсидий'!F108-1 -> 0 | G106: =F106*'Расчет субсидий'!G108 -> 0 | H106: =$B106*G106/$R106 -> 0 | I106: ='Расчет субсидий'!J108-1 -> 0.023085069 | J106: =I106*'Расчет субсидий'!K108 -> 0.23085069 | K106: =$B106*J106/$R106 -> 2.4657248 | L106: ='Расчет субсидий'!N108-1 -> 0.0094722598 | M106: =L106*'Расчет субсидий'!O108 -> 0.1420839 | N106: =$B106*M106/$R106 -> 1.5176034 | O106: ='Расчет субсидий'!R108-1 -> 0.3 | P106: =O106*'Расчет субсидий'!S108 -> 4.5 | Q106: =$B106*P106/$R106 -> 48.064667 | R106: =D106+G106+J106+M106+P106 -> 1.6035215
A107: Сельское поселение Новоборское | B107: ='Расчет субсидий'!X109 -> 122.12727 | C107: ='Расчет субсидий'!D109-1 -> 0.20465138 | D107: =C107*'Расчет субсидий'!E109 -> 3.0697707 | E107: =$B107*D107/$R107 -> 47.200886 | F107: ='Расчет субсидий'!F109-1 -> 0 | G107: =F107*'Расчет субсидий'!G109 -> 0 | H107: =$B107*G107/$R107 -> 0 | I107: ='Расчет субсидий'!J109-1 -> 0.023085069 | J107: =I107*'Расчет субсидий'!K109 -> 0.23085069 | K107: =$B107*J107/$R107 -> 3.549567 | L107: ='Расчет субсидий'!N109-1 -> 0.0094722598 | M107: =L107*'Расчет субсидий'!O109 -> 0.1420839 | N107: =$B107*M107/$R107 -> 2.1846862 | O107: ='Расчет субсидий'!R109-1 -> 0.3 | P107: =O107*'Расчет субсидий'!S109 -> 4.5 | Q107: =$B107*P107/$R107 -> 69.192134 | R107: =D107+G107+J107+M107+P107 -> 7.9427053
A108: Сельское поселение Новый Кутулук | B108: ='Расчет субсидий'!X110 -> 143.33636 | C108: ='Расчет субсидий'!D110-1 -> 0.3 | D108: =C108*'Расчет субсидий'!E110 -> 4.5 | E108: =$B108*D108/$R108 -> 68.816616 | F108: ='Расчет субсидий'!F110-1 -> 0 | G108: =F108*'Расчет субсидий'!G110 -> 0 | H108: =$B108*G108/$R108 -> 0 | I108: ='Расчет субсидий'!J110-1 -> 0.023085069 | J108: =I108*'Расчет субсидий'!K110 -> 0.23085069 | K108: =$B108*J108/$R108 -> 3.5303029 | L108: ='Расчет субсидий'!N110-1 -> 0.0094722598 | M108: =L108*'Расчет субсидий'!O110 -> 0.1420839 | N108: =$B108*M108/$R108 -> 2.1728295 | O108: ='Расчет субсидий'!R110-1 -> 0.3 | P108: =O108*'Расчет субсидий'!S110 -> 4.5 | Q108: =$B108*P108/$R108 -> 68.816616 | R108: =D108+G108+J108+M108+P108 -> 9.3729346
A109: Сельское поселение Петровка | B109: ='Расчет субсидий'!X111 -> -4.7636364 | C109: ='Расчет субсидий'!D111-1 -> -0.35488702 | D109: =C109*'Расчет субсидий'!E111 -> -5.3233053 | E109: =$B109*D109/$R109 -> -56.305368 | F109: ='Расчет субсидий'!F111-1 -> 0 | G109: =F109*'Расчет субсидий'!G111 -> 0 | H109: =$B109*G109/$R109 -> 0 | I109: ='Расчет субсидий'!J111-1 -> 0.023085069 | J109: =I109*'Расчет субсидий'!K111 -> 0.23085069 | K109: =$B109*J109/$R109 -> 2.441741 | L109: ='Расчет субсидий'!N111-1 -> 0.0094722598 | M109: =L109*'Расчет субсидий'!O111 -> 0.1420839 | N109: =$B109*M109/$R109 -> 1.5028419 | O109: ='Расчет субсидий'!R111-1 -> 0.3 | P109: =O109*'Расчет субсидий'!S111 -> 4.5 | Q109: =$B109*P109/$R109 -> 47.597149 | R109: =D109+G109+J109+M109+P109 -> -0.45037075
A110: Сельское поселение Подгорное | B110: ='Расчет субсидий'!X112 -> 88.172727 | C110: ='Расчет субсидий'!D112-1 -> 0.064840499 | D110: =C110*'Расчет субсидий'!E112 -> 0.97260749 | E110: =$B110*D110/$R110 -> 14.670574 | F110: ='Расчет субсидий'!F112-1 -> 0 | G110: =F110*'Расчет субсидий'!G112 -> 0 | H110: =$B110*G110/$R110 -> 0 | I110: ='Расчет субсидий'!J112-1 -> 0.023085069 | J110: =I110*'Расчет субсидий'!K112 -> 0.23085069 | K110: =$B110*J110/$R110 -> 3.4820953 | L110: ='Расчет субсидий'!N112-1 -> 0.0094722598 | M110: =L110*'Расчет субсидий'!O112 -> 0.1420839 | N110: =$B110*M110/$R110 -> 2.1431588 | O110: ='Расчет субсидий'!R112-1 -> 0.3 | P110: =O110*'Расчет субсидий'!S112 -> 4.5 | Q110: =$B110*P110/$R110 -> 67.8769 | R110: =D110+G110+J110+M110+P110 -> 5.8455421
A111: Сельское поселение Подсолнечное | B111: ='Расчет субсидий'!X113 -> 23.463636 | C111: ='Расчет субсидий'!D113-1 -> -0.11848903 | D111: =C111*'Расчет субсидий'!E113 -> -1.7773355 | E111: =$B111*D111/$R111 -> -13.471626 | F111: ='Расчет субсидий'!F113-1 -> 0 | G111: =F111*'Расчет субсидий'!G113 -> 0 | H111: =$B111*G111/$R111 -> 0 | I111: ='Расчет субсидий'!J113-1 -> 0.023085069 | J111: =I111*'Расчет субсидий'!K113 -> 0.23085069 | K111: =$B111*J111/$R111 -> 1.7497733 | L111: ='Расчет субсидий'!N113-1 -> 0.0094722598 | M111: =L111*'Расчет субсидий'!O113 -> 0.1420839 | N111: =$B111*M111/$R111 -> 1.0769498 | O111: ='Расчет субсидий'!R113-1 -> 0.3 | P111: =O111*'Расчет субсидий'!S113 -> 4.5 | Q111: =$B111*P111/$R111 -> 34.108539 | R111: =D111+G111+J111+M111+P111 -> 3.0955991
A112: Сельское поселение Таволжанка | B112: ='Расчет субсидий'!X114 -> 16.981818 | C112: ='Расчет субсидий'!D114-1 -> -0.20905135 | D112: =C112*'Расчет субсидий'!E114 -> -3.1357702 | E112: =$B112*D112/$R112 -> -30.654025 | F112: ='Расчет субсидий'!F114-1 -> 0 | G112: =F112*'Расчет субсидий'!G114 -> 0 | H112: =$B112*G112/$R112 -> 0 | I112: ='Расчет субсидий'!J114-1 -> 0.023085069 | J112: =I112*'Расчет субсидий'!K114 -> 0.23085069 | K112: =$B112*J112/$R112 -> 2.2567032 | L112: ='Расчет субсидий'!N114-1 -> 0.0094722598 | M112: =L112*'Расчет субсидий'!O114 -> 0.1420839 | N112: =$B112*M112/$R112 -> 1.3889549 | O112: ='Расчет субсидий'!R114-1 -> 0.3 | P112: =O112*'Расчет субсидий'!S114 -> 4.5 | Q112: =$B112*P112/$R112 -> 43.990185 | R112: =D112+G112+J112+M112+P112 -> 1.7371644
A113: Сельское поселение Усманка | B113: ='Расчет субсидий'!X115 -> 59.354545 | C113: ='Расчет субсидий'!D115-1 -> 0.21070621 | D113: =C113*'Расчет субсидий'!E115 -> 3.1605932 | E113: =$B113*D113/$R113 -> 23.351581 | F113: ='Расчет субсидий'!F115-1 -> 0 | G113: =F113*'Расчет субсидий'!G115 -> 0 | H113: =$B113*G113/$R113 -> 0 | I113: ='Расчет субсидий'!J115-1 -> 0.023085069 | J113: =I113*'Расчет субсидий'!K115 -> 0.23085069 | K113: =$B113*J113/$R113 -> 1.7056066 | L113: ='Расчет субсидий'!N115-1 -> 0.0094722598 | M113: =L113*'Расчет субсидий'!O115 -> 0.1420839 | N113: =$B113*M113/$R113 -> 1.0497661 | O113: ='Расчет субсидий'!R115-1 -> 0.3 | P113: =O113*'Расчет субсидий'!S115 -> 4.5 | Q113: =$B113*P113/$R113 -> 33.247592 | R113: =D113+G113+J113+M113+P113 -> 8.0335278
A114: Муниципальный район Волжский
...
